Workbook
Name \0: #REF!
Name \0: #REF!
Name \0: #REF!
Name \0: #REF!
Name \0: #REF!
Name \0: #REF!
Name \0: #REF!
Name \0: #REF!
Name \0: #REF!
Name \0: #REF!
Name \0: #REF!
Name \00: #REF!
Name \00: #REF!
Name \00: #REF!
Name \00: #REF!
Name \00: #REF!
Name \00: #REF!
Name \00: #REF!
Name \00: #REF!
Name \00: #REF!
Name \00: #REF!
Name \00: #REF!
Name \a: #REF!
Name \a: #REF!
Name \a: #REF!
Name \a: #REF!
Name \a: #REF!
Name \a: #REF!
Name \a: #REF!
Name \a: #REF!
Name \a: #REF!
Name \a: #REF!
Name \a: #REF!
Name \a: #REF!
Name \a: #REF!
Name \a: #REF!
Name \a: #REF!
Name \a: #REF!
Name \a: #REF!
Name \a: #REF!
Name \a: #REF!
Name \a: #REF!
Name \a: #REF!
Name \a: #REF!
Name \a: #REF!
Name \a: #REF!
Name \a: #REF!
Name \a: #REF!
Name \a: #REF!
Name \a: #REF!
Name \a: #REF!
Name \a: #REF!
Name \a: #REF!
Name \a: #REF!
Name \a: #REF!
Name \a: #REF!
Name \a: #REF!
Name \a: #REF!
Name \a: #REF!
Name \a: #REF!

Sheet PRESUPUESTO OFICIAL
C2: Código | D2: CCE-EICP-FM-25 | E2: Versión | F2: 1
C3: FORMULARIO 1
C4: PRESUPUESTO OFICIAL
C5: [El presente formulario aplica para los procesos de contratación que tengan como forma de pago precios unitarios. Tratándose de otras modalidades de precio, la Entidad debe ajustarlo cuando corresponde a: precio global, llave en mano, administración delegada, reembolso de gastos o cualquier otra forma precio]
C7: Adicionalmente, cuando el proceso de contratación es estructurado por precios unitarios, la Entidad debe aplicar las notas 1, 2 y 3 del presente formulario y las casillas de "Descripción", "Porcentaje" de la Administración, Imprevisto, Utilidad y total A.I.U. resaltadas en colo amarillo. Tratándose de otras modalidades de precio, la Entidad puede o no configurar los mismos aspectos.
C8: OBJETO: ADECUACIÓN DE LA INFRAESTRUCTURA DE LAS SEDES ADMINISTRATIVAS DEL MUNICIPIO DE PITALITO
C9: A | D9: CENTRO ADMINISTRATIVO "LA CHAPOLERA"
C10: Nº | D10: ITEM | E10: ESPECIFICACIONES | G10: DESCRIPCION | H10: UND. | I10: CANTIDAD | J10: VALOR UNITARIO | K10: VALOR TOTAL
E11: GENERAL | F11: PARTICULAR
C12: 1 | D12: ESTRUCTURA METÁLICA
D13: 1.1 | F13: PARTICULAR | G13: Suministro y aplicación de protección anticorrosiva sobre estructura metálica existente (vigas, columnas y viguetas), incluye preparación y limpieza total de la superficie mediante grateado, aplicación localizada de tratamiento antihongo en áreas afectadas, aplicación de una capa de imprimante anticorrosivo tipo base y dos capas de pintura de acabado, suministro, transporte, instalación, disposición final de residuos y todo lo necesario para su correcta ejecución y funcionamiento | H13: ML | I13: =+'CANTIDADES CHAP'!V19 -> 5467.69 | J13: =+'1.1'!O61 -> 32579 | K13: =+ROUND(I13*J13,0) -> 178131873
D14: 1.2 | F14: PARTICULAR | G14: Mantenimiento de unión pernada viga–columna, incluye inspección, limpieza mecánica de pernos y superficies, ajuste y reapriete con herramienta especializada, reposición parcial de elementos defectuosos (en caso de ser necesario), suministro de materiales, mano de obra, equipos, herramientas, medios de acceso, disposición final de residuos, y todo lo necesario para su correcta ejecución y funcionamiento. | H14: UND. | I14: =+'CANTIDADES CHAP'!V29 -> 708 | J14: =+'1.2'!O65 -> 133880 | K14: =+ROUND(I14*J14,0) -> 94787040
C15: Subtotal | K15: =+SUM(K13:K14) -> 272918913
C16: 2 | D16: CIELO RASO
D17: 2.1 | F17: PARTICULAR | G17: Mantenimiento y reposición parcial de cielo raso en el quinto piso, incluye desmonte de paneles deteriorados, suministro e instalación de nuevos paneles de Drywall, ajuste de estructura existente, nivelación, acabado y limpieza final., disposición final de los residuos y todo lo necesario para su correcta ejecución. | H17: m² | I17: =+'CANTIDADES CHAP'!V54 -> 258.17 | J17: =+'2.1'!O64 -> 129000 | K17: =+ROUND(I17*J17,0) -> 33303930
C18: Subtotal | K18: =+SUM(K17:K17) -> 33303930
C19: 3 | D19: FACHADA
D20: 3.1 | F20: PARTICULAR | G20: Limpieza de fachada en vidrio de seguridad laminado mediante procedimiento manual controlado con soluciones neutras y elementos no abrasivo. Incluye equipos de acceso para trabajo en alturas, suministro, transporte, instalación, disposición final de residuos y todo lo necesario para su correcta ejecución y funcionamiento | H20: m² | I20: =+'CANTIDADES CHAP'!V65 -> 361.23 | J20: =+'3.1'!O63 -> 15950 | K20: =+ROUND(I20*J20,0) -> 5761619
D21: 3.2 | F21: PARTICULAR | G21: Desmonte, suministro e instalación de película de protección solar nanoceramica con control de rayos UV, control de radiación y coeficiente de sombra para fachada en vidrio a todo costo, incluye equipos para trabjo en altura, mano de obra, transporte y todo lo necesario para su correcta ejecución y funcionamiento. | H21: m² | I21: =+'CANTIDADES CHAP'!V76 -> 361.23 | J21: =+'3.2'!O63 -> 102891 | K21: =+ROUND(I21*J21,0) -> 37167316
C22: Subtotal | K22: =+SUM(K20:K21) -> 42928935
C23: SUBTOTAL OBRAS | K23: =+SUM(K13:K22)/2 -> 349151778
C25: B | D25: CAMPAMENTO MAQUINARIA
C26: Nº | D26: ITEM | E26: ESPECIFICACIONES | G26: DESCRIPCION | H26: UND. | I26: CANTIDAD | J26: VALOR UNITARIO | K26: VALOR TOTAL
E27: GENERAL | F27: PARTICULAR
C28: 4 | D28: PRELIMINARES
D29: 4.1 | F29: PARTICULAR | G29: Trazado localización y replanteo de la unidad sanitaria, incluye trazado de ejes, niveles, alineamientos, referencias topográficas, mano de obra, herramientas, equipos y todos los elementos necesarios para su correcta ejecución. | H29: m² | I29: =+'CANTIDADES CAMPA'!V18 -> 6.4 | J29: =+'4.1'!O61 -> 3650 | K29: =+ROUND(I29*J29,0) -> 23360
D30: 4.2 | F30: PARTICULAR | G30: Desmonte y demolición manual de cerramiento y cubierta existente, compuesto por malla eslabonada, postes metálicos, murete de concreto y/o mampostería de soporte, estructura de cubierta en guadua y teja existentes, incluye corte, desmontaje, desensamble, retiro de elementos de fijación, cargue, retiro, transporte interno, disposición final de materiales y escombros, limpieza del área intervenida, mano de obra, herramientas, equipos y todos los elementos necesarios para su correcta ejecución. | H30: m² | I30: =+'CANTIDADES CAMPA'!V29 -> 41.65 | J30: =+'4.2'!O61 -> 32132 | K30: =+ROUND(I30*J30,0) -> 1338298
C31: Subtotal | K31: =+SUM(K29:K30) -> 1361658
C32: 5 | D32: EXCAVACIONES
D33: 5.1 | F33: PARTICULAR | G33: Excavación manual para cimentación en material común, incluye cargue, retiro, transporte y disposición final de material sobrante, mano de obra, herramientas y equipos necesarios para su correcta ejecución. | H33: m³ | I33: =+'CANTIDADES CAMPA'!V40 -> 3.67 | J33: =+'5.1'!O61 -> 41625 | K33: =+ROUND(I33*J33,0) -> 152764
D34: 5.2 | F34: PARTICULAR | G34: Suministro, extendido y compactación de relleno en recebo seleccionado en espesor de 0.30 m, incluye compactación por capas, mano de obra, equipos y todos los elementos necesarios para su correcta ejecución. | H34: m³ | I34: =+'CANTIDADES CAMPA'!V63 -> 2.97 | J34: =+'5.2'!O61 -> 71050 | K34: =+ROUND(I34*J34,0) -> 211019
C35: Subtotal | K35: =+SUM(K33:K34) -> 363783
C36: 6 | D36: CIMENTACIÓN
D37: 6.1 | F37: PARTICULAR | G37: Suministro y vaciado de concreto de limpieza f'c=1500 psi y e=0.05 m, incluye preparación de la superficie, vaciado, nivelación, curado, mano de obra y todo lo necesario para su correcta ejecución. | H37: ML | I37: =+'CANTIDADES CAMPA'!V74 -> 15.1 | J37: =+'6.1'!O61 -> 40910 | K37: =+ROUND(I37*J37,0) -> 617741
D38: 6.2 | F38: PARTICULAR | G38: Suministro y vaciado de placa de concreto reforzado de f'c=3000 psi y e=0.10 m, incluye formaleta, colocación, vibrado, nivelación, curado, mano de obra, equipos y todo lo necesario para su correcta ejecución. No incluye acero. | H38: m² | I38: =+'CANTIDADES CAMPA'!V85 -> 6.4 | J38: =+'6.2'!O61 -> 131101 | K38: =+ROUND(I38*J38,0) -> 839046
D39: 6.3 | F39: PARTICULAR | G39: Suministro y vaciado de vigas de cimentación de dimensiones 0.2x0.3 m en concreto de f'c=3000 psi, incluye formaleta, colocación, vibrado, nivelación, curado, mano de obra, equipos y todo lo necesario para su correcta ejecución. No incluye acero. | H39: ML | I39: =+'CANTIDADES CAMPA'!V106 -> 15.1 | J39: =+'6.3'!O61 -> 135231 | K39: =+ROUND(I39*J39,0) -> 2041988
D40: 6.4 | G40: Suministro y vaciado de zapata de cimentación de dimensiones 0.9x0.9x0.3 m en concreto de f'c=3000 psi, incluye formaleta, colocación, vibrado, nivelación, curado, mano de obra, equipos y todo lo necesario para su correcta ejecución. No incluye acero. | H40: UND. | I40: 1 | J40: 300000 | K40: =+ROUND(I40*J40,0) -> 300000
D41: 6.5 | F41: PARTICULAR | G41: Suministro, corte, figurado, doblado y colocación de acero de refuerzo fy=60.000 psi (4200 kg/cm²), incluye alambre de amarre, separadores, desperdicios, mano de obra y todo lo necesario para su correcta ejecución. | H41: KG | I41: =+'CANTIDADES CAMPA'!V132 -> 137.53 | J41: =+'6.5'!O61 -> 10418 | K41: =+ROUND(I41*J41,0) -> 1432788
C42: Subtotal | K42: =+SUM(K37:K41) -> 5231563
C43: 7 | D43: MAMPOSTERÍA
D44: 7.1 | F44: PARTICULAR | G44: Suministro e instalación de mampostería en bloque divisorio N°5 de arcilla, incluye mortero de pega, plomo, nivel, alineación, juntas, cortes, desperdicios, mano de obra, herramientas y todos los elementos necesarios para su correcta ejecución. | H44: m² | I44: =+'CANTIDADES CAMPA'!V143 -> 32.88 | J44: =+'7.1'!O61 -> 78995 | K44: =+ROUND(I44*J44,0) -> 2597356
C45: Subtotal | K45: =+SUM(K44:K44) -> 2597356
C46: 8 | D46: ESTRUCTURA EN CONCRETO
D47: 8.1 | F47: PARTICULAR | G47: Construcción de placa maciza elevada de concreto reforzado f'c=3000 psi y e=0.10 m, incluye impermeabilización integral, formaleta, apuntalamiento, vaciado, vibrado, nivelación, curado, mano de obra y todo lo necesario para su correcta ejecución. No incluye acero. | H47: m² | I47: =+'CANTIDADES CAMPA'!V165 -> 5.76 | J47: =+'8.1'!O64 -> 169957 | K47: =+ROUND(I47*J47,0) -> 978952
D48: 8.2 | F48: PARTICULAR | G48: Construcción de columnas en concreto reforzado f'c=3000 psi, incluye formaleta, acero de refuerzo, vaciado, vibrado, desencofrado, curado, mano de obra, equipos y todos los elementos necesarios para su correcta ejecución. No incluye acero. | H48: ML | I48: =+'CANTIDADES CAMPA'!V176 -> 3 | J48: =+'8.2'!O61 -> 173857 | K48: =+ROUND(I48*J48,0) -> 521571
D49: 8.3 | F49: PARTICULAR | G49: Construcción de columneta de dimensiones 0.15x0.2 en concreto f'c=3000 psi, incluye formaleta, acero de refuerzo, vaciado, vibrado, desencofrado, curado, mano de obra, equipos y todos los elementos necesarios para su correcta ejecución. No incluye acero | H49: ML | I49: =+'CANTIDADES CAMPA'!V187 -> 8.1 | J49: =+'8.3'!O61 -> 120099 | K49: =+ROUND(I49*J49,0) -> 972802
D50: 8.4 | F50: PARTICULAR | G50: Suministro y vaciado de vigas de de amarre 0.12x0.20 cm en concreto reforzado de f'c=3000 psi, incluye formaleta, colocación, vibrado, nivelación, curado, mano de obra, equipos y todo lo necesario para su correcta ejecución. No incluye acero | H50: ML | I50: =+'CANTIDADES CAMPA'!V198 -> 15.1 | J50: =+'8.4'!O61 -> 134876 | K50: =+ROUND(I50*J50,0) -> 2036628
D51: 8.5 | F51: PARTICULAR | G51: Suministro, corte, figurado, doblado y colocación de acero de refuerzo fy=60.000 psi (4200 kg/cm²), incluye alambre de amarre, separadores, desperdicios, mano de obra y todo lo necesario para su correcta ejecución. | H51: KG | I51: =+'CANTIDADES CAMPA'!V229 -> 205.88 | J51: =+'8.5'!O61 -> 10418 | K51: =+ROUND(I51*J51,0) -> 2144858
C52: Subtotal | K52: =+SUM(K47:K51) -> 6654811
C53: 9 | D53: PISOS Y BASES
D54: 9.1 | F54: PARTICULAR | G54: Suministro e instalación de alistado para piso en mortero impermeabilizado 1:4 e=0.03 m, incluye preparación de la superficie, nivelación, afinado, formación de pendientes, mano de obra, herramientas y todo lo necesario para su correcta ejecución. | H54: m² | I54: =+'CANTIDADES CAMPA'!V240 -> 6.4 | J54: =+'9.1'!O61 -> 58668 | K54: =+ROUND(I54*J54,0) -> 375475
C55: Subtotal | K55: =+SUM(K54:K54) -> 375475
C56: 10 | D56: INSTALACIONES ELÉCTRICAS
D57: 10.1 | F57: PARTICULAR | G57: Suministro e instalación de salida para tomacorriente doble en tubería conduit PVC de 1/2”, incluye caja metálica galvanizada rectangular, tomacorriente doble línea GFCI, conductores de cobre THHN #12, conectores, accesorios, soldadura y limpiador PVC, cinta aislante, mano de obra, herramientas y todo lo necesario para su correcta instalación y funcionamiento. | H57: UND. | I57: =+'CANTIDADES CAMPA'!V251 -> 1 | J57: =+'10.1'!O66 -> 175620 | K57: =+ROUND(I57*J57,0) -> 175620
D58: 10.2 | F58: PARTICULAR | G58: Suministro e instalación de salida para luminaria en tubería conduit PVC, incluye caja octagonal o de porcelana, conductores de cobre THHN, portalámpara, bombillo ahorrador o LED, accesorios, conexiones, mano de obra, herramientas y todo lo necesario para su correcta construcción y funcionamiento, a todo costo. | H58: UND. | I58: =+'CANTIDADES CAMPA'!V274 -> 3 | J58: =+'10.2'!O69 -> 142235 | K58: =+ROUND(I58*J58,0) -> 426705
D59: 10.3 | F59: PARTICULAR | G59: Suministro e instalación de salida para interruptor sencillo y/o doble en tubería conduit PVC, incluye caja metálica, interruptor, conductores THHN, accesorios, conexiones, mano de obra, herramientas y todo lo necesario para su correcta instalación y funcionamiento | H59: UND. | I59: =+'CANTIDADES CAMPA'!V285 -> 2 | J59: =+'10.3'!O69 -> 135931 | K59: =+ROUND(I59*J59,0) -> 271862
C60: Subtotal | K60: =+SUM(K57:K59) -> 874187
C61: 11 | D61: INSTALACIONES HIDROSANITARIAS
D62: 11.1 | F62: PARTICULAR | G62: Suministro e instalación de red hidráulica en tubería PVC presión de 1/2”, incluye accesorios, uniones, codos, tees, válvulas, pegante PVC, mano de obra, herramientas y todo lo necesario para su correcta instalación y funcionamiento. | H62: ML | I62: =+'CANTIDADES CAMPA'!V296 -> 6 | J62: =+'11.1'!O64 -> 30829 | K62: =+ROUND(I62*J62,0) -> 184974
D63: 11.2 | F63: PARTICULAR | G63: Suministro e instalación de punto hidráulico de 1/2” para ducha, incluye tubería PVC presión, accesorios, conexiones, salida roscada, pruebas hidráulicas, mano de obra y todo lo necesario para su correcta instalación y funcionamiento. | H63: UND. | I63: =+'CANTIDADES CAMPA'!V317 -> 1 | J63: =+'11.2'!O64 -> 57241 | K63: =+ROUND(I63*J63,0) -> 57241
D64: 11.3 | F64: PARTICULAR | G64: Suministro e instalación de punto hidráulico de 1/2” para alimentación de sanitario con tanque, incluye tubería PVC presión, accesorios, válvula de corte, conexiones, pruebas hidráulicas, mano de obra y todo lo necesario para su correcta instalación y funcionamiento. | H64: UND. | I64: =+'CANTIDADES CAMPA'!V328 -> 1 | J64: =+'11.3'!O64 -> 51812 | K64: =+ROUND(I64*J64,0) -> 51812
D65: 11.4 | F65: PARTICULAR | G65: Suministro e instalación de punto hidráulico de 1/2” para tanque elevado, incluye tubería PVC presión, accesorios, válvulas, conexiones, pruebas hidráulicas, mano de obra y todo lo necesario para su correcta instalación y funcionamiento. | H65: UND. | I65: =+'CANTIDADES CAMPA'!V339 -> 1 | J65: =+'11.4'!O63 -> 95059 | K65: =+ROUND(I65*J65,0) -> 95059
D66: 11.5 | F66: PARTICULAR | G66: Suministro e instalación de punto hidráulico de 1/2” para lavamanos, incluye tubería PVC presión, accesorios, salida roscada, conexiones, pruebas hidráulicas, mano de obra y todo lo necesario para su correcta instalación y funcionamiento. | H66: UND. | I66: =+'CANTIDADES CAMPA'!V361 -> 1 | J66: =+'11.5'!O63 -> 56251 | K66: =+ROUND(I66*J66,0) -> 56251
D67: 11.6 | F67: PARTICULAR | G67: Suministro e instalación de punto hidráulico de 1/2” para lavadero, incluye tubería PVC presión, accesorios, conexiones, pruebas hidráulicas, mano de obray todo lo necesario para su correcta instalación y funcionamiento. | H67: UND. | I67: =+'CANTIDADES CAMPA'!V372 -> 1 | J67: =+'11.6'!O63 -> 56251 | K67: =+ROUND(I67*J67,0) -> 56251
D68: 11.7 | F68: PARTICULAR | G68: Suministro e instalación de salida sanitaria de 2” para lavamanos, incluye tubería PVC sanitaria, accesorios, sifón, conexiones, pruebas de estanqueidad, mano de obra y todo lo necesario para su correcta instalación y funcionamiento. | H68: UND. | I68: =+'CANTIDADES CAMPA'!V383 -> 1 | J68: =+'11.7'!O63 -> 62565 | K68: =+ROUND(I68*J68,0) -> 62565
D69: 11.8 | F69: PARTICULAR | G69: Suministro e instalación de salida sanitaria de 6” para sanitario con tanque, incluye tubería PVC sanitaria, brida, accesorios, conexiones, pruebas de estanqueidad, mano de obra y todo lo necesario para su correcta instalación y funcionamiento. | H69: UND. | I69: =+'CANTIDADES CAMPA'!V405 -> 1 | J69: =+'11.8'!O63 -> 178505 | K69: =+ROUND(I69*J69,0) -> 178505
D70: 11.9 | F70: PARTICULAR | G70: Suministro e instalación de salida sanitaria de 3” para ducha, incluye tubería PVC sanitaria, rejilla, sifón, accesorios, conexiones, pruebas de estanqueidad, mano de obraa y todo lo necesario para su correcta instalación y funcionamiento. | H70: UND. | I70: =+'CANTIDADES CAMPA'!V416 -> 1 | J70: =+'11.9'!O63 -> 85540 | K70: =+ROUND(I70*J70,0) -> 85540
D71: 11.1 | F71: PARTICULAR | G71: Suministro e instalación de salida sanitaria de 3” para lavadero, incluye tubería PVC sanitaria, sifón, accesorios, conexiones, pruebas de estanqueidad, mano de obra y todo lo necesario para su correcta instalación y funcionamiento. | H71: UND. | I71: =+'CANTIDADES CAMPA'!V427 -> 2 | J71: =+'11.10'!O63 -> 85540 | K71: =+ROUND(I71*J71,0) -> 171080
D72: 11.11 | F72: PARTICULAR | G72: Suministro e instalación de tubería PVC sanitaria de 6” para conducción de aguas negras y lluvias, incluye excavación, cama de apoyo, accesorios, uniones, relleno, compactación, mano de obra y todo lo necesario para su correcta instalación y funcionamiento. | H72: ML | I72: =+'CANTIDADES CAMPA'!V438 -> 3 | J72: =+'11.11'!O64 -> 161031 | K72: =+ROUND(I72*J72,0) -> 483093
D73: 11.12 | F73: PARTICULAR | G73: Suministro e instalación de tubería PVC sanitaria de 3” para conducción de aguas negras y lluvias, incluye excavación, cama de apoyo, accesorios, uniones, relleno, compactación, mano de obra y todo lo necesario para su correcta instalación y funcionamiento. | H73: ML | I73: =+'CANTIDADES CAMPA'!V460 -> 6 | J73: =+'11.12'!O64 -> 60702 | K73: =+ROUND(I73*J73,0) -> 364212
D74: 11.13 | F74: PARTICULAR | G74: Suministro e instalación de tubería PVC sanitaria de 2” para conducción de aguas residuales, incluye excavación, cama de apoyo, accesorios, uniones, relleno, compactación, mano de obra y todo lo necesario para su correcta instalación y funcionamiento. | H74: ML | I74: =+'CANTIDADES CAMPA'!V471 -> 2 | J74: =+'11.13'!O64 -> 53793 | K74: =+ROUND(I74*J74,0) -> 107586
D75: 11.14 | F75: PARTICULAR | G75: Suministro e instalación de tanque de almacenamiento en PVC o plástico de 500 litros, incluye base de apoyo, accesorios hidráulicos, válvulas, flotador, conexiones, pruebas de funcionamiento, mano de obra y todo lo necesario para su correcta instalación y funcionamiento. | H75: UND. | I75: =+'CANTIDADES CAMPA'!V482 -> 1 | J75: =+'11.14'!O75 -> 1080573 | K75: =+ROUND(I75*J75,0) -> 1080573
D76: 11.15 | F76: PARTICULAR | G76: Construcción de caja de distribución e inspección sanitaria de 0.60 x 0.60 x 0.55 m, incluye excavación, concreto de limpieza, muros en mampostería o concreto, pañete impermeabilizado, tuberías de entrada y salida, tapa en concreto reforzado, relleno, compactación, mano de obra y todo lo necesario para su correcta instalación y funcionamiento. | H76: UND. | I76: =+'CANTIDADES CAMPA'!V505 -> 1 | J76: =+'11.15'!O66 -> 528848 | K76: =+ROUND(I76*J76,0) -> 528848
C77: Subtotal | K77: =+SUM(K62:K76) -> 3563590
C78: 12 | D78: ACABADOS
D79: 12.1 | F79: PARTICULAR | G79: Suministro e instalación de piso en porcelanato de 60 x 60 cm o similar, incluye adhesivo, boquilla, nivelación, cortes, desperdicios, limpieza final, mano de obra, herramientas y todo lo necesario para su correcta instalación y acabado. | H79: m² | I79: =+'CANTIDADES CAMPA'!V516 -> 3.96 | J79: =+'12.1'!O66 -> 171917 | K79: =+ROUND(I79*J79,0) -> 680791
D80: 12.2 | F80: PARTICULAR | G80: Suministro y ejecución de pañete liso interior impermeabilizado en mortero 1:4, incluye preparación de superficie, formación de filos y dilataciones, afinado, curado, mano de obra y herramientas necesarias para su correcta ejecución. | H80: m² | I80: =+'CANTIDADES CAMPA'!V528 -> 65.76 | J80: =+'12.2'!O62 -> 43833 | K80: =+ROUND(I80*J80,0) -> 2882458
D81: 12.3 | F81: PARTICULAR | G81: Suministro e instalación de enchape cerámico para muros de baño de 30.5 x 60 cm o similar, incluye adhesivo, boquilla, nivelación, cortes, remates, limpieza final, mano de obra y todo lo necesario para su correcta instalación y acabado. | H81: m² | I81: =+'CANTIDADES CAMPA'!V551 -> 10.8 | J81: =+'12.3'!O66 -> 130996 | K81: =+ROUND(I81*J81,0) -> 1414757
D82: 12.4 | F82: PARTICULAR | G82: Suministro y aplicación de pintura epóxica sobre superficie de concreto bajo placa, incluye preparación de la superficie, limpieza, aplicación de imprimante y acabado, mano de obra, herramientas y todo lo necesario para su correcta instalación y acabado. | H82: m² | I82: =+'CANTIDADES CAMPA'!V562 -> 6.4 | J82: =+'12.4'!O65 -> 48166 | K82: =+ROUND(I82*J82,0) -> 308262
D83: 12.5 | F83: PARTICULAR | G83: Suministro y aplicación de pintura en vinilo y estuco para muros interiores y exteriores, incluye preparación de superficie, resanes, lijado, sellador, dos manos de pintura, limpieza final, mano de obra y todo lo necesario para su correcta instalación y acabado. | H83: m² | I83: =+'CANTIDADES CAMPA'!V585 -> 32.4 | J83: =+'12.5'!O66 -> 111782 | K83: =+ROUND(I83*J83,0) -> 3621737
C84: Subtotal | K84: =+SUM(K79:K83) -> 8908005
C85: 13 | D85: CARPINTERÍA METÁLICA
D86: 13.1 | F86: PARTICULAR | G86: Suministro e instalación de puerta metálica de 2.10 x 0.80 m con marco metálico, incluye fabricación, soldadura, preparación de superficie, pintura anticorrosiva color negro, bisagras, pasador de cierre, anclajes, mano de obra y todo lo necesario para su correcta instalación y funcionamiento | H86: UND. | I86: =+'CANTIDADES CAMPA'!V597 -> 1 | J86: =+'13.1'!O66 -> 621289 | K86: =+ROUND(I86*J86,0) -> 621289
D87: 13.2 | F87: PARTICULAR | G87: Suministro e instalación de luceta metálica de 0.20 x 0.70 m en lámina calibre 18, incluye marco, anclajes, soldadura, pintura anticorrosiva, mano de obra y todo lo necesario para su correcta instalación y acabado. | H87: UND. | I87: =+'CANTIDADES CAMPA'!V609 -> 1 | J87: =+'13.2'!O66 -> 263654 | K87: =+ROUND(I87*J87,0) -> 263654
C88: Subtotal | K88: =+SUM(K86:K87) -> 884943
C89: 14 | D89: APARATOS SANITARIOS
D90: 14.1 | F90: PARTICULAR | G90: Suministro e instalación de combo sanitario y ducha, incluye sanitario con tanque, asiento, grifería, ducha, accesorios de baño, conexiones hidráulicas y sanitarias, pruebas de funcionamiento, mano de obra y todo lo necesario para su correcta instalación y funcionamiento. | H90: UND. | I90: =+'CANTIDADES CAMPA'!V632 -> 1 | J90: =+'14.1'!O66 -> 1506854 | K90: =+ROUND(I90*J90,0) -> 1506854
D91: 14.2 | F91: PARTICULAR | G91: Suministro e instalación de lavadero prefabricado de 85 x 60 x 100 cm con tapa, incluye grifería, sifón, conexiones hidráulicas y sanitarias, anclajes, pruebas de funcionamiento, mano de obra y todo lo necesario para su correcta instalación y funcionamiento. | H91: UND. | I91: =+'CANTIDADES CAMPA'!V644 -> 1 | J91: =+'14.2'!O63 -> 702763 | K91: =+ROUND(I91*J91,0) -> 702763
C92: Subtotal | K92: =+SUM(K90:K91) -> 2209617
C93: 15 | D93: ACOMETIDA SANITARIA
D94: 15.1 | F94: PARTICULAR | G94: Trazado localización y replanteo de la acometida, incluye trazado de ejes, niveles, alineamientos, referencias topográficas, mano de obra, herramientas, equipos y todos los elementos necesarios para su correcta ejecución. | H94: m² | I94: =+'CANTIDADES CAMPA'!V656 -> 4.2 | J94: =+'15.1'!O61 -> 3263 | K94: =+ROUND(I94*J94,0) -> 13705
D95: 15.2 | F95: PARTICULAR | G95: Corte y demolición manual y/o mecánica de pavimento existente en concreto hidráulico para la ejecución de acometida sanitaria, incluye corte con disco, demolición, cargue, retiro y disposición final del material, mano de obra, herramientas y todo lo necesario para su correcta construcción y funcionamiento. | H95: m² | I95: =+'CANTIDADES CAMPA'!V679 -> 4.2 | J95: =+'15.2'!O63 -> 269188 | K95: =+ROUND(I95*J95,0) -> 1130590
D96: 15.3 | F96: PARTICULAR | G96: Excavación manual para zanja de acometida sanitaria, incluye perfilado, cargue, retiro, disposición del material sobrante y todo lo necesario para su correcta construcción y funcionamiento. | H96: m³ | I96: =+'CANTIDADES CAMPA'!V691 -> 4.2 | J96: =+'15.3'!O61 -> 32825 | K96: =+ROUND(I96*J96,0) -> 137865
D97: 15.4 | F97: PARTICULAR | G97: Suministro e instalación de acometida sanitaria domiciliaria en tubería PVC sanitaria de 6", incluye accesorios, cama de arena, conexión a la red existente, pruebas de funcionamiento, mano de obra y todo lo necesario para su correcta construcción y funcionamiento. | H97: ML | I97: =+'CANTIDADES CAMPA'!V703 -> 10 | J97: =+'15.4'!O61 -> 72944 | K97: =+ROUND(I97*J97,0) -> 729440
D98: 15.5 | F98: PARTICULAR | G98: Sub base granular tipo B incluye suministro, transporte, cargue, trasiego, instalación,nivelacion, compactación 95% proctor modificado y todo lo necesario para la correcta ejecución. | H98: m³ | I98: =+'CANTIDADES CAMPA'!V726 -> 4.2 | J98: =+'15.5'!O61 -> 232156 | K98: =+ROUND(I98*J98,0) -> 975055
D99: 15.6 | F99: PARTICULAR | G99: Reposición de pavimento en concreto hidráulico f'c = 3.000 psi en el área intervenida, incluye formaletas, suministro y colocación de concreto, acabado, juntas, curado y todos los elementos necesarios para su correcta ejecución. | H99: m² | I99: =+'CANTIDADES CAMPA'!V738 -> 4.2 | J99: =+'15.6'!O61 -> 271929 | K99: =+ROUND(I99*J99,0) -> 1142102
D100: 15.7 | F100: PARTICULAR | G100: Suministro de Silla Yee 6X24" | H100: UND. | I100: 1 | J100: 580000 | K100: =+ROUND(I100*J100,0) -> 580000
C101: Subtotal | K101: =+SUM(K94:K100) -> 4708757
C102: SUBTOTAL OBRAS | K102: =+SUM(K29:K101)/2 -> 37733745
G104: SUBTOTAL OBRAS (INCLUYE IVA) | K104: =+K102+K23 -> 386885523
...

Sheet AIU
A1: SECRETARIA DE INFRAESTRUCTURA
A3: ANALISIS DETALLADO DE LOS COSTOS DE ADMINISTRACIÓN, IMPREVISTOS Y UTILIDAD (A.I.U.)
A5: OBJETO: MANTENIMIENTO DE LA INFRAESTRUCTURA DE LAS SEDES ADMINISTRATIVAS DEL MUNICIPIO DE PITALITO
A7: FECHA DE ELABORACIÓN: | G7: 46268
A8: COSTO DIRECTO DE LA OBRA | G8: =+'PRESUPUESTO OFICIAL'!K104 -> 386885523
A9: Descripción | B9: Formación | C9: CANT (Personal) | D9: UND | E9: CANT (Mes) | F9: Dedicación (%) | G9: Vr. Parcial | H9: F.P. | I9: Vr. Unitario
A10: ADMINISTRACIÓN (A)
A11: PERSONAL PROFESIONAL Y TÉCNICO
A12: Director de obra | B12: Ingeniero Civil - Especialista en patología | C12: 1 | D12: Mes | E12: 2.5 | F12: 0.5 | G12: 4200000 | H12: 1.8 | I12: =+(G12*F12)*E12*H12 -> 9450000
A13: Residente de Obra | B13: Ingeniero Civil - Especialista en estructuras | C13: 1 | D13: Mes | E13: 2.5 | F13: 1 | G13: 3450000 | H13: 1.8 | I13: =+(G13*F13)*E13*H13 -> 15525000
A14: Profesional | B14: Profesional HSEQ | C14: 1 | D14: Mes | E14: 2.5 | F14: 1 | G14: 2550000 | H14: 1.8 | I14: =+(G14*F14)*E14*H14 -> 11475000
A15: Sub - Total | I15: =ROUND(SUM(I12:I14),0) -> 36450000
A16: Gastos Contractuales
A17: Impuestos y Contribuciones | C17: 1 | F17: 0.05 | G17: =ROUND($G$8*F17,0) -> 19344276 | I17: =+G17 -> 19344276
A18: Seguros y Pólizas | C18: 1 | F18: 0.005 | G18: =ROUND($G$8*F18,0) -> 1934428 | I18: =+G18 -> 1934428
A19: Estampilla | B19: TASA DEPORTE | C19: 1 | F19: 0.02 | G19: =ROUND($G$8*F19,0) -> 7737710 | I19: =+G19 -> 7737710
A20: Estampilla | B20: ESTAMPILLA PRO CULTURA | C20: 1 | F20: 0.01 | G20: =ROUND($G$8*F20,0) -> 3868855 | I20: =+G20 -> 3868855
A21: Estampilla | B21: ESTAMPILLA PRO UNIVERSIDAD | C21: 1 | F21: 0.005 | G21: =ROUND($G$8*F21,0) -> 1934428 | I21: =+G21 -> 1934428
A22: Estampilla | B22: ESTAMPILLA PRO JUSTICIA FAMILIAR | C22: 1 | F22: 0.02 | G22: =ROUND($G$8*F22,0) -> 7737710 | I22: =+G22 -> 7737710
A23: Estampilla | B23: ESTAMPILLA PRO BIENESTAR DEL ANCIANATO | C23: 1 | F23: 0.04 | G23: =ROUND($G$8*F23,0) -> 15475421 | I23: =+G23 -> 15475421
A24: Estampilla | B24: ESTAMPILLA PRO ELECTRIFICADORA RURAL | C24: 1 | F24: 0.005 | G24: =ROUND($G$8*F24,0) -> 1934428 | I24: =+G24 -> 1934428
A25: Sub - Total | I25: =ROUND(SUM(I17:I24),0) -> 59967256
A26: Otros Costos
A27: Gastos Fotocopias, Plotter Planos, Impresiones, archivo, etc. | C27: UND | E27: 1 | F27: 1 | G27: 304124.91 | I27: =+ROUND(E27*F27*G27,0) -> 304125
A28: Sub-Total | I28: =ROUND(I15+I25+I27,0) -> 96721381 | K28: =+I27-K29 -> 304125
A29: ADMINISTRACIÓN (A) TOTAL | F29: 0.25 | G29: =+ROUND(F29*G8,0) -> 96721381 | K29: =+I28-G29 -> 0 | L29: =+I28/G8 -> 0.25
A30: IMPREVISTOS (B) | F30: 0.01 | G30: =+ROUND(F30*G8,0) -> 3868855
A31: UTILIDAD (C) | F31: 0.05 | G31: =+ROUND(F31*G8,0) -> 19344276
A32: COSTO TOTAL (A+B+C) | G32: =+G29+G30+G31 -> 119934512
B34: Elaborado por: | D34: Aprobado por:
B37: LAURA CAMILA ORDOÑEZ TEJADA | D37: MILTON STIVEN HOYOS HERMIDA
B38: ING. CIVIL - APOYO PROFESIONAL | D38: SECRETARIO DE INFRAESTRUCTURA
B39: M.P 091037-0639549 CND | D39: M.P 161037-0560021 TLM

Sheet PMT
A1: SECRETARIA DE INFRAESTRUCTURA
A3: PLAN DE MANEJO DE TRÁNSITO
A5: OBJETO: MANTENIMIENTO DE LA INFRAESTRUCTURA DE LAS SEDES ADMINISTRATIVAS DEL MUNICIPIO DE PITALITO
A7: FECHA DE ELABORACIÓN: | D7: 46268
A8: Descripción | B8: UND | C8: CANT | D8: Vr. Unitario | E8: Vr. Total
A9: Baliza de señalización vial en PVC=1.4m, con ranura para cinta de prevención | B9: UND | C9: 12 | D9: 45000 | E9: =+C9*D9 -> 540000
A10: Cono de señalziación vial H=0.70 m | B10: UND | C10: 10 | D10: 35000 | E10: =+C10*D10 -> 350000
A11: Señal preventiva tipo rombo móvil 0,60 × 0,60 m | B11: UND | C11: 2 | D11: 230000 | E11: =+C11*D11 -> 460000
A12: Señal informativa circular móvil H=0.60 m | B12: UND | C12: 2 | D12: 180000 | E12: =+C12*D12 -> 360000
A13: Cinta de señalización y prevención | B13: ROLLO | C13: 4 | D13: 25000 | E13: =+C13*D13 -> 100000
A14: Malla de cerramiento para aislamiento temporal del área de trabajo, H=1.80 m | B14: M | C14: 40 | D14: 18000 | E14: =+C14*D14 -> 720000
A15: Protección/pasarela provisional para circulación peatonal sobre andén | B15: UND | C15: 1 | D15: 300000 | E15: =+C15*D15 -> 300000
A16: TOTAL | D16: =+SUM(E9:E15) -> 2830000
B18: Realizado por:
B21: LAURA CAMILA ORDOÑEZ TEJADA
B22: ING. CIVIL - APOYO PROFESIONAL
B23: M.P 091037-0639549 CND
B25: Aprobado por:
B28: MILTON STIVEN HOYOS HERMIDA
B29: SECRETARIO DE INFRAESTRUCTURA
B30: M.P 161037-0560021 TLM

Sheet CANTIDADES CHAP
B2: REPÚBLICA DE COLOMBIA
B3: DEPARTAMENTO DEL HUILA
B4: MUNICIPIO DE PITALITO
B5: =+'[120]PRESUPUESTO OFICIAL'!D10 -> CENTRO ADMINISTRATIVO "LA CHAPOLERA"
B7: MEMORIA DE CÁLCULO DE CANTIDADES
B9: Capítulo | H9: =+'PRESUPUESTO OFICIAL'!C12 -> 1 | I9: =+'PRESUPUESTO OFICIAL'!D12 -> ESTRUCTURA METÁLICA
B10: Ítem | H10: =+'PRESUPUESTO OFICIAL'!D13 -> 1.1 | J10: =+'PRESUPUESTO OFICIAL'!G13 -> Suministro y aplicación de protección anticorrosiva sobre estructura metálica existente (vigas, columnas y viguetas), incluye preparación y limpieza total de la superficie mediante grateado, aplicación localizada de tratamiento antihongo en áreas afectadas, aplicación de una capa de imprimante anticorrosivo tipo base y dos capas de pintura de acabado, suministro, transporte, instalación, disposición final de residuos y todo lo necesario para su correcta ejecución y funcionamiento | W10: =+'PRESUPUESTO OFICIAL'!H13 -> ML
B11: Evidencia fotográfica
B13: Área/lugar/elemento | H13: Longitud (m) | K13: Ancho (m) | M13: Alto (m) | O13: Peso (kg) | Q13: CANT/. | S13: N° DE ELEMENTOS | T13: UNIDAD | V13: TOTAL
B14: Piso 2 Vigas, viguetas, columnas | H14: =+E.M!F46 -> 1656.69 | S14: 1 | V14: =+H14*S14 -> 1656.69
B15: Piso 3 Vigas, viguetas, columnas | H15: =+E.M!F87 -> 1265.17 | S15: 1 | V15: =+H15*S15 -> 1265.17
B16: Piso 4 Vigas, viguetas, columnas | H16: =+E.M!F128 -> 1254.44 | S16: 1 | V16: =+H16*S16 -> 1254.44
B17: Piso 5 Vigas, viguetas, columnas | H17: =+E.M!F169 -> 1291.39 | S17: 1 | V17: =+H17*S17 -> 1291.39
B18: Nota: el detalle de los elementos se encuentra anexo a este documento.
B19: TOTAL | V19: =SUM(V14:W17) -> 5467.69
B21: Capítulo | H21: =+H9 -> 1 | I21: =+I9 -> ESTRUCTURA METÁLICA
B22: Ítem | H22: =+'PRESUPUESTO OFICIAL'!D14 -> 1.2 | J22: =+'PRESUPUESTO OFICIAL'!G14 -> Mantenimiento de unión pernada viga–columna, incluye inspección, limpieza mecánica de pernos y superficies, ajuste y reapriete con herramienta especializada, reposición parcial de elementos defectuosos (en caso de ser necesario), suministro de materiales, mano de obra, equipos, herramientas, medios de acceso, disposición final de residuos, y todo lo necesario para su correcta ejecución y funcionamiento. | W22: =+'PRESUPUESTO OFICIAL'!H14 -> UND.
B23: Evidencia fotográfica
B25: Área/lugar/elemento | H25: Area (m^2) | K25: Ancho (m) | M25: Alto (m) | O25: Peso (kg) | Q25: CANT/. | S25: N° DE PISOS | T25: N° DE UNIONES | V25: TOTAL
B26: Columnas bloque 1 | Q26: 30 | S26: 5 | T26: 4 | V26: =+Q26*S26*T26 -> 600
B27: Columnas bloque 2 | Q27: 20 | S27: 1 | T27: 3 | V27: =+Q27*S27*T27 -> 60
B28: Columnas bloque 2 | Q28: 6 | S28: 4 | T28: 2 | V28: =+Q28*S28*T28 -> 48
B29: TOTAL | V29: =ROUND(SUM(V26:W28),2) -> 708
E33: Elaborado por: | O33: Aprobado por:
E38: LAURA CAMILA ORDOÑEZ TEJADA | O38: MILTON STIVEN HOYOS HERMIDA
E39: ING. CIVIL - APOYO PROFESIONAL | O39: SECRETARIO DE INFRAESTRUCTURA
E40: M.P 091037-0639549 CND | O40: M.P 161037-0560021 TLM
B43: Capítulo | H43: =+'PRESUPUESTO OFICIAL'!$C$16 -> 2 | I43: =+'PRESUPUESTO OFICIAL'!$D$16 -> CIELO RASO
B44: Ítem | H44: =+'PRESUPUESTO OFICIAL'!D17 -> 2.1 | J44: =+'PRESUPUESTO OFICIAL'!G17 -> Mantenimiento y reposición parcial de cielo raso en el quinto piso, incluye desmonte de paneles deteriorados, suministro e instalación de nuevos paneles de Drywall, ajuste de estructura existente, nivelación, acabado y limpieza final., disposición final de los residuos y todo lo necesario para su correcta ejecución. | W44: =+'PRESUPUESTO OFICIAL'!H17 -> m²
B45: Evidencia fotográfica
B47: Área/lugar/elemento | H47: Area (m^2) | K47: Ancho (m) | M47: Longitud (m) | O47: Peso (kg) | Q47: CANT/. | S47: N° DE ELEMENTOS | T47: UNIDAD | V47: TOTAL
B48: Auditorio 5 piso | H48: =+K48*M48 -> 159.8116 | K48: 8.42 | M48: 18.98 | Q48: 1 | S48: 1 | V48: =ROUND(Q48*H48,2) -> 159.81
B49: Pasillo 1 | H49: =+K49*M49 -> 51.911 | K49: 1.85 | M49: 28.06 | Q49: 1 | S49: 1 | V49: =ROUND(Q49*H49,2) -> 51.91
B50: Pasillo 2 | H50: =+K50*M50 -> 17.5 | K50: 1.75 | M50: 10 | Q50: 1 | S50: 1 | V50: =ROUND(Q50*H50,2) -> 17.5
B51: L balcón | H51: =+K51*M51 -> 16.4243 | K51: 1.93 | M51: 8.51 | Q51: 1 | S51: 1 | V51: =ROUND(Q51*H51,2) -> 16.42
H52: =+K52*M52 -> 12.528 | K52: 1.6 | M52: 7.83 | Q52: 1 | S52: 1 | V52: =ROUND(Q52*H52,2) -> 12.53
B54: TOTAL | V54: =ROUND(SUM(V48:W53),2) -> 258.17
B56: Capítulo | H56: =+'PRESUPUESTO OFICIAL'!$C$19 -> 3 | I56: =+'PRESUPUESTO OFICIAL'!$D$19 -> FACHADA
B57: Ítem | H57: =+'PRESUPUESTO OFICIAL'!D20 -> 3.1 | J57: =+'PRESUPUESTO OFICIAL'!G20 -> Limpieza de fachada en vidrio de seguridad laminado mediante procedimiento manual controlado con soluciones neutras y elementos no abrasivo. Incluye equipos de acceso para trabajo en alturas, suministro, transporte, instalación, disposición final de residuos y todo lo necesario para su correcta ejecución y funcionamiento | W57: =+'PRESUPUESTO OFICIAL'!H20 -> m²
B58: Evidencia fotográfica
B60: Área/lugar/elemento | H60: Area (m^2) | K60: Ancho (m) | M60: Alto (m) | O60: Peso (kg) | Q60: CANT/. | S60: N° DE ELEMENTOS | T60: UNIDAD | V60: TOTAL
B61: Fachada lateral | H61: =+K61*M61 -> 194.8 | K61: 20 | M61: 9.74 | Q61: 1 | S61: 1 | V61: =ROUND(Q61*H61*S61,2) -> 194.8
B62: Fachada frontal | H62: =+K62*M62 -> 149.7301 | K62: 19.37 | M62: 7.73 | Q62: 1 | S62: 1 | V62: =ROUND(Q62*H62*S62,2) -> 149.73
B63: Fachada lateral interna | H63: =+K63*M63 -> 16.6968 | K63: 2.16 | M63: 7.73 | Q63: 1 | S63: 1 | V63: =ROUND(Q63*H63*S63,2) -> 16.7
B65: TOTAL | V65: =ROUND(SUM(V61:W64),2) -> 361.23
B67: Capítulo | H67: =+'PRESUPUESTO OFICIAL'!$C$19 -> 3 | I67: =+'PRESUPUESTO OFICIAL'!$D$19 -> FACHADA
B68: Ítem | H68: =+'PRESUPUESTO OFICIAL'!D21 -> 3.2 | J68: =+'PRESUPUESTO OFICIAL'!G21 -> Desmonte, suministro e instalación de película de protección solar nanoceramica con control de rayos UV, control de radiación y coeficiente de sombra para fachada en vidrio a todo costo, incluye equipos para trabjo en altura, mano de obra, transporte y todo lo necesario para su correcta ejecución y funcionamiento. | W68: =+'PRESUPUESTO OFICIAL'!H21 -> m²
B69: Evidencia fotográfica
B71: Área/lugar/elemento | H71: Area (m^2) | K71: Ancho (m) | M71: Alto (m) | O71: Peso (kg) | Q71: CANT/. | S71: N° DE ELEMENTOS | T71: UNIDAD | V71: TOTAL
B72: Fachada lateral | H72: =+K72*M72 -> 194.8 | K72: 20 | M72: 9.74 | Q72: 1 | S72: 1 | V72: =ROUND(Q72*H72*S72,2) -> 194.8
B73: Fachada frontal | H73: =+K73*M73 -> 149.7301 | K73: 19.37 | M73: 7.73 | Q73: 1 | S73: 1 | V73: =ROUND(Q73*H73*S73,2) -> 149.73
B74: Fachada lateral interna | H74: =+K74*M74 -> 16.6968 | K74: 2.16 | M74: 7.73 | Q74: 1 | S74: 1 | V74: =ROUND(Q74*H74*S74,2) -> 16.7
B76: TOTAL | V76: =ROUND(SUM(V72:W75),2) -> 361.23
E80: Elaborado por: | O80: Aprobado por:
E85: LAURA CAMILA ORDOÑEZ TEJADA | O85: MILTON STIVEN HOYOS HERMIDA
E86: ING. CIVIL - APOYO PROFESIONAL | O86: SECRETARIO DE INFRAESTRUCTURA
E87: M.P 091037-0639549 CND | O87: M.P 161037-0560021 TLM

Sheet CANTIDADES CAMPA
B2: REPÚBLICA DE COLOMBIA
B3: DEPARTAMENTO DEL HUILA
B4: MUNICIPIO DE PITALITO
B5: CENTRO ADMINISTRATIVO "CAMPAMENTO DE MAQUINARIA DE LA DIRECCIÓN TÉCNICA DE OBRAS PÚBLICAS"
B7: MEMORIA DE CÁLCULO DE CANTIDADES
B9: Capítulo | H9: =+'PRESUPUESTO OFICIAL'!$C$28 -> 4 | I9: =+'PRESUPUESTO OFICIAL'!$D$28 -> PRELIMINARES
B10: Ítem | H10: =+'PRESUPUESTO OFICIAL'!D29 -> 4.1 | J10: =+'PRESUPUESTO OFICIAL'!G29 -> Trazado localización y replanteo de la unidad sanitaria, incluye trazado de ejes, niveles, alineamientos, referencias topográficas, mano de obra, herramientas, equipos y todos los elementos necesarios para su correcta ejecución. | W10: =+'PRESUPUESTO OFICIAL'!H29 -> m²
B11: Evidencia fotográfica
B13: Área/lugar/elemento | H13: Largo (m) | K13: Ancho (m) | M13: Alto (m) | O13: Peso (kg) | Q13: CANT/. | S13: N° DE ELEMENTOS | T13: UNIDAD | V13: TOTAL
B14: Unidad sanitaria | H14: 3.2 | K14: 2 | Q14: 1 | V14: =+Q14*H14*K14 -> 6.4
B18: TOTAL | V18: =ROUND(SUM(V14:W17),2) -> 6.4
B20: Capítulo | H20: =+'PRESUPUESTO OFICIAL'!$C$28 -> 4 | I20: =+'PRESUPUESTO OFICIAL'!$D$28 -> PRELIMINARES
B21: Ítem | H21: =+'PRESUPUESTO OFICIAL'!D30 -> 4.2 | J21: =+'PRESUPUESTO OFICIAL'!G30 -> Desmonte y demolición manual de cerramiento y cubierta existente, compuesto por malla eslabonada, postes metálicos, murete de concreto y/o mampostería de soporte, estructura de cubierta en guadua y teja existentes, incluye corte, desmontaje, desensamble, retiro de elementos de fijación, cargue, retiro, transporte interno, disposición final de materiales y escombros, limpieza del área intervenida, mano de obra, herramientas, equipos y todos los elementos necesarios para su correcta ejecución. | W21: =+'PRESUPUESTO OFICIAL'!H30 -> m²
B22: Evidencia fotográfica
B24: Área/lugar/elemento | H24: Largo (m) | K24: Ancho (m) | M24: Alto (m) | O24: Peso (kg) | Q24: CANT/. | S24: N° DE ELEMENTOS | T24: UNIDAD | V24: TOTAL
B25: Cerramiento en malla galvanizada | K25: 7 | M25: 2 | Q25: 1 | V25: =+K25*M25*Q25 -> 14
B26: Cubierta | K26: 7.9 | M26: 3.5 | Q26: 1 | V26: =+K26*M26*Q26 -> 27.65
B29: TOTAL | V29: =ROUND(SUM(V25:W28),2) -> 41.65
B31: Capítulo | H31: =+'PRESUPUESTO OFICIAL'!$C$32 -> 5 | I31: =+'PRESUPUESTO OFICIAL'!$D$32 -> EXCAVACIONES
B32: Ítem | H32: =+'PRESUPUESTO OFICIAL'!D33 -> 5.1 | J32: =+'PRESUPUESTO OFICIAL'!G33 -> Excavación manual para cimentación en material común, incluye cargue, retiro, transporte y disposición final de material sobrante, mano de obra, herramientas y equipos necesarios para su correcta ejecución. | W32: =+'PRESUPUESTO OFICIAL'!H33 -> m³
B33: Evidencia fotográfica
B35: Área/lugar/elemento | H35: Largo (m) | K35: Ancho (m) | M35: Alto (m) | O35: Peso (kg) | Q35: CANT/. | S35: N° DE ELEMENTOS | T35: UNIDAD | V35: TOTAL
B36: Cimentación unidad sanitaria | H36: 3.2 | K36: 2 | M36: 0.4 | V36: =+H36*K36*M36 -> 2.56
B37: Cimentación muro cerramiento | H37: =+K26-H36 -> 4.7 | K37: 0.2 | M37: 0.4 | V37: =+H37*K37*M37 -> 0.376
B38: Zapata | H38: 0.9 | K38: 0.9 | M38: 0.9 | V38: =+H38*K38*M38 -> 0.729
B40: TOTAL | V40: =ROUND(SUM(V36:W39),2) -> 3.67
E44: Elaborado por: | O44: Aprobado por:
E49: LAURA CAMILA ORDOÑEZ TEJADA | O49: MILTON STIVEN HOYOS HERMIDA
E50: ING. CIVIL - APOYO PROFESIONAL | O50: SECRETARIO DE INFRAESTRUCTURA
E51: M.P 091037-0639549 CND | O51: M.P 161037-0560021 TLM
B54: Capítulo | H54: =+'PRESUPUESTO OFICIAL'!$C$32 -> 5 | I54: =+'PRESUPUESTO OFICIAL'!$D$32 -> EXCAVACIONES
B55: Ítem | H55: =+'PRESUPUESTO OFICIAL'!D34 -> 5.2 | J55: =+'PRESUPUESTO OFICIAL'!G34 -> Suministro, extendido y compactación de relleno en recebo seleccionado en espesor de 0.30 m, incluye compactación por capas, mano de obra, equipos y todos los elementos necesarios para su correcta ejecución. | W55: =+'PRESUPUESTO OFICIAL'!H34 -> m³
B56: Evidencia fotográfica
B58: Área/lugar/elemento | H58: Largo (m) | K58: Ancho (m) | M58: Alto (m) | O58: Peso (kg) | Q58: CANT/. | S58: N° DE ELEMENTOS | T58: UNIDAD | V58: TOTAL
B59: Cimentación unidad sanitaria | H59: 3.2 | K59: 2 | M59: 0.35 | V59: =+H59*K59*M59 -> 2.24
B60: Cimentación muro cerramiento | H60: =+H37 -> 4.7 | K60: 0.2 | M60: 0.35 | V60: =+H60*K60*M60 -> 0.329
B61: Zapata | H61: 0.9 | K61: 0.9 | M61: 0.5 | V61: =+H61*K61*M61 -> 0.405
B63: TOTAL | V63: =ROUND(SUM(V59:W62),2) -> 2.97
B65: Capítulo | H65: =+'PRESUPUESTO OFICIAL'!$C$36 -> 6 | I65: =+'PRESUPUESTO OFICIAL'!$D$36 -> CIMENTACIÓN
B66: Ítem | H66: =+'PRESUPUESTO OFICIAL'!D37 -> 6.1 | J66: =+'PRESUPUESTO OFICIAL'!G37 -> Suministro y vaciado de concreto de limpieza f'c=1500 psi y e=0.05 m, incluye preparación de la superficie, vaciado, nivelación, curado, mano de obra y todo lo necesario para su correcta ejecución. | W66: =+'PRESUPUESTO OFICIAL'!H37 -> ML
B67: Evidencia fotográfica
B69: Área/lugar/elemento | H69: Largo (m) | K69: Ancho (m) | M69: Alto (m) | O69: Peso (kg) | Q69: CANT/. | S69: N° DE ELEMENTOS | T69: UNIDAD | V69: TOTAL
B70: Unidad sanitaria | H70: =3.2*2+2*2 -> 10.4 | Q70: 1 | V70: =+Q70*H70 -> 10.4
B71: Viga muro cerramiento | H71: =+H60 -> 4.7 | Q71: 1 | V71: =+Q71*H71 -> 4.7
B74: TOTAL | V74: =ROUND(SUM(V70:W73),2) -> 15.1
B76: Capítulo | H76: =+'PRESUPUESTO OFICIAL'!$C$36 -> 6 | I76: =+'PRESUPUESTO OFICIAL'!$D$36 -> CIMENTACIÓN
B77: Ítem | H77: =+'PRESUPUESTO OFICIAL'!D38 -> 6.2 | J77: =+'PRESUPUESTO OFICIAL'!G38 -> Suministro y vaciado de placa de concreto reforzado de f'c=3000 psi y e=0.10 m, incluye formaleta, colocación, vibrado, nivelación, curado, mano de obra, equipos y todo lo necesario para su correcta ejecución. No incluye acero. | W77: =+'PRESUPUESTO OFICIAL'!H38 -> m²
B78: Evidencia fotográfica
B80: Área/lugar/elemento | H80: Largo (m) | K80: Ancho (m) | M80: Alto (m) | O80: Peso (kg) | Q80: CANT/. | S80: N° DE ELEMENTOS | T80: UNIDAD | V80: TOTAL
B81: Unidad sanitaria | H81: 3.2 | K81: 2 | Q81: 1 | V81: =+Q81*H81*K81 -> 6.4
B85: TOTAL | V85: =ROUND(SUM(V81:W84),2) -> 6.4
E88: Elaborado por: | O88: Aprobado por:
E93: LAURA CAMILA ORDOÑEZ TEJADA | O93: MILTON STIVEN HOYOS HERMIDA
E94: ING. CIVIL - APOYO PROFESIONAL | O94: SECRETARIO DE INFRAESTRUCTURA
E95: M.P 091037-0639549 CND | O95: M.P 161037-0560021 TLM
B97: Capítulo | H97: =+'PRESUPUESTO OFICIAL'!$C$36 -> 6 | I97: =+'PRESUPUESTO OFICIAL'!$D$36 -> CIMENTACIÓN
B98: Ítem | H98: =+'PRESUPUESTO OFICIAL'!D39 -> 6.3 | J98: =+'PRESUPUESTO OFICIAL'!G39 -> Suministro y vaciado de vigas de cimentación de dimensiones 0.2x0.3 m en concreto de f'c=3000 psi, incluye formaleta, colocación, vibrado, nivelación, curado, mano de obra, equipos y todo lo necesario para su correcta ejecución. No incluye acero. | W98: =+'PRESUPUESTO OFICIAL'!H39 -> ML
B99: Evidencia fotográfica
B101: Área/lugar/elemento | H101: Largo (m) | K101: Ancho (m) | M101: Alto (m) | O101: Peso (kg) | Q101: CANT/. | S101: N° DE ELEMENTOS | T101: UNIDAD | V101: TOTAL
B102: Vigas de cimentación unidad sanitaria | H102: =3.2*2+2*2 -> 10.4 | Q102: 1 | V102: =+Q102*H102 -> 10.4
B103: Viga de cimentación muro cerramiento | H103: =+H37 -> 4.7 | Q103: 1 | V103: =+Q103*H103 -> 4.7
B106: TOTAL | V106: =ROUND(SUM(V102:W105),2) -> 15.1
B108: Capítulo | H108: =+'PRESUPUESTO OFICIAL'!$C$36 -> 6 | I108: =+'PRESUPUESTO OFICIAL'!$D$36 -> CIMENTACIÓN
B109: Ítem | H109: =+'PRESUPUESTO OFICIAL'!D40 -> 6.4 | J109: =+'PRESUPUESTO OFICIAL'!G40 -> Suministro y vaciado de zapata de cimentación de dimensiones 0.9x0.9x0.3 m en concreto de f'c=3000 psi, incluye formaleta, colocación, vibrado, nivelación, curado, mano de obra, equipos y todo lo necesario para su correcta ejecución. No incluye acero. | W109: =+'PRESUPUESTO OFICIAL'!H40 -> UND.
B110: Evidencia fotográfica
B112: Área/lugar/elemento | H112: Largo (m) | K112: Ancho (m) | M112: Alto (m) | O112: Peso (kg) | Q112: CANT/. | S112: N° DE ELEMENTOS | T112: UNIDAD | V112: TOTAL
B113: Zapata | H113: 1 | O113: 0.99 | Q113: 1 | V113: =+Q113*H113 -> 1
B116: TOTAL | V116: =ROUND(SUM(V113:W115),2) -> 1
B118: Capítulo | H118: =+'PRESUPUESTO OFICIAL'!$C$36 -> 6 | I118: =+'PRESUPUESTO OFICIAL'!$D$36 -> CIMENTACIÓN
B119: Ítem | H119: =+'PRESUPUESTO OFICIAL'!D41 -> 6.5 | J119: =+'PRESUPUESTO OFICIAL'!G41 -> Suministro, corte, figurado, doblado y colocación de acero de refuerzo fy=60.000 psi (4200 kg/cm²), incluye alambre de amarre, separadores, desperdicios, mano de obra y todo lo necesario para su correcta ejecución. | W119: =+'PRESUPUESTO OFICIAL'!H41 -> KG
B120: Evidencia fotográfica
B122: Área/lugar/elemento | H122: Largo (m) | K122: Ancho (m) | M122: Alto (m) | O122: Peso (kg) | Q122: CANT/. | S122: N° DE ELEMENTOS | T122: UNIDAD | V122: TOTAL
B123: Zapata | H123: 1.15 | O123: 0.99 | Q123: =5*2 -> 10 | V123: =+Q123*H123*O123 -> 11.385
B124: Viga cimiento longitudinal | H124: =3.5 -> 3.5 | O124: 0.99 | Q124: =4*2 -> 8 | V124: =+Q124*H124*O124 -> 27.72
B125: Viga cimiento transversal | H125: 2.3 | O125: 0.99 | Q125: =4*2 -> 8 | V125: =+Q125*H125*O125 -> 18.216
B126: Viga muro cerramiento | H126: 5 | O126: 0.99 | Q126: 4 | V126: =+Q126*H126*O126 -> 19.8
B127: Estribos vigas longitudinales | H127: 0.88 | O127: 0.56 | Q127: =20*2 -> 40 | V127: =+Q127*H127*O127 -> 19.712
B128: Estribos vigas transversales | H128: 0.88 | O128: 0.56 | Q128: =14*2 -> 28 | V128: =+Q128*H128*O128 -> 13.7984
B129: Estribos viga muro cerramiento | H129: 0.88 | O129: 0.56 | Q129: 28 | V129: =+Q129*H129*O129 -> 13.7984
B130: Losa contrapiso longitudinal | H130: 3.1 | O130: 0.25 | Q130: 12 | V130: =+Q130*H130*O130 -> 9.3
B131: Losa contrapiso transversal | H131: 1.9 | O131: 0.25 | Q131: 8 | V131: =+Q131*H131*O131 -> 3.8
B132: TOTAL | V132: =ROUND(SUM(V123:W131),2) -> 137.53
B134: Capítulo | H134: =+'PRESUPUESTO OFICIAL'!C43 -> 7 | I134: =+'PRESUPUESTO OFICIAL'!D43 -> MAMPOSTERÍA
B135: Ítem | H135: =+'PRESUPUESTO OFICIAL'!D44 -> 7.1 | J135: =+'PRESUPUESTO OFICIAL'!G44 -> Suministro e instalación de mampostería en bloque divisorio N°5 de arcilla, incluye mortero de pega, plomo, nivel, alineación, juntas, cortes, desperdicios, mano de obra, herramientas y todos los elementos necesarios para su correcta ejecución. | W135: =+'PRESUPUESTO OFICIAL'!H44 -> m²
B136: Evidencia fotográfica
B138: Área/lugar/elemento | H138: Largo (m) | K138: Ancho (m) | M138: Alto (m) | O138: Peso (kg) | Q138: CANT/. | S138: N° DE ELEMENTOS | T138: UNIDAD | V138: TOTAL
B139: Muro 1 unidad sanitaria | H139: 1.8 | M139: 2.4 | Q139: 2 | V139: =+Q139*H139*M139 -> 8.64
B140: Muro 2 unidad sanitaria | H140: 2.2 | M140: 2.4 | Q140: 2 | V140: =+Q140*H140*M140 -> 10.56
B141: Muro cerramiento | H141: 5.7 | M141: 2.4 | Q141: 1 | V141: =+Q141*H141*M141 -> 13.68
B143: TOTAL | V143: =ROUND(SUM(V139:W142),2) -> 32.88
E146: Elaborado por: | O146: Aprobado por:
E151: LAURA CAMILA ORDOÑEZ TEJADA | O151: MILTON STIVEN HOYOS HERMIDA
E152: ING. CIVIL - APOYO PROFESIONAL | O152: SECRETARIO DE INFRAESTRUCTURA
E153: M.P 091037-0639549 CND | O153: M.P 161037-0560021 TLM
B156: Capítulo | H156: =+'PRESUPUESTO OFICIAL'!$C$46 -> 8 | I156: =+'PRESUPUESTO OFICIAL'!$D$46 -> ESTRUCTURA EN CONCRETO
B157: Ítem | H157: =+'PRESUPUESTO OFICIAL'!D47 -> 8.1 | J157: =+'PRESUPUESTO OFICIAL'!G47 -> Construcción de placa maciza elevada de concreto reforzado f'c=3000 psi y e=0.10 m, incluye impermeabilización integral, formaleta, apuntalamiento, vaciado, vibrado, nivelación, curado, mano de obra y todo lo necesario para su correcta ejecución. No incluye acero. | W157: =+'PRESUPUESTO OFICIAL'!H47 -> m²
B158: Evidencia fotográfica
B160: Área/lugar/elemento | H160: Largo (m) | K160: Ancho (m) | M160: Alto (m) | O160: Peso (kg) | Q160: CANT/. | S160: N° DE ELEMENTOS | T160: UNIDAD | V160: TOTAL
B161: Unidad sanitaria | H161: 3.2 | K161: 1.8 | Q161: 1 | V161: =+Q161*H161*K161 -> 5.76
B165: TOTAL | V165: =ROUND(SUM(V161:W164),2) -> 5.76
...

Sheet E.M
B2: Piso 2
B4: Elemento | C4: Perfil | D4: L | E4: Ai | F4: A
B5: Vigas Piso 2 - Bloque 1 | C5: IPE 400 | D5: 37.21 | E5: 1 | F5: =+ROUND(D5*E5,2) -> 37.21
C6: IPE 400 | D6: =20.93*2 -> 41.86 | E6: 1 | F6: =+ROUND(D6*E6,2) -> 41.86
C7: IPE 400 | D7: 34.94 | E7: 1 | F7: =+ROUND(D7*E7,2) -> 34.94
C8: IPE 360 | D8: =37.21*3 -> 111.63 | E8: 1 | F8: =+ROUND(D8*E8,2) -> 111.63
C9: IPE 330 | D9: =20.93*4 -> 83.72 | E9: 1 | F9: =+ROUND(D9*E9,2) -> 83.72
C10: IPE 330 | D10: 5.05 | E10: 1 | F10: =+ROUND(D10*E10,2) -> 5.05
C11: IPE 330 | D11: 2.24 | E11: 1 | F11: =+ROUND(D11*E11,2) -> 2.24
C12: IPE 330 | D12: 3.41 | E12: 1 | F12: =+ROUND(D12*E12,2) -> 3.41
C13: IPE 330 | D13: 3.94 | E13: 1 | F13: =+ROUND(D13*E13,2) -> 3.94
C14: IPE 330 | D14: 4.91 | E14: 1 | F14: =+ROUND(D14*E14,2) -> 4.91
B16: Viguetas Piso 2 - Bloque 1 | C16: IPE 100 | D16: =37.21*2 -> 74.42 | E16: 1 | F16: =+ROUND(D16*E16,2) -> 74.42
C17: IPE 100 | D17: =(37.21-3.41-2.24)*2 -> 63.12 | E17: 1 | F17: =+ROUND(D17*E17,2) -> 63.12
C18: IPE 100 | D18: =(37.21-3.94)*2 -> 66.54 | E18: 1 | F18: =+ROUND(D18*E18,2) -> 66.54
C19: IPE 100 | D19: =(37.21-4.91-2.19)*2 -> 60.22 | E19: 1 | F19: =+ROUND(D19*E19,2) -> 60.22
C20: IPE 180 | D20: =16.97*14 -> 237.58 | E20: 1 | F20: =+ROUND(D20*E20,2) -> 237.58
C21: IPE 180 | D21: =(16.97-2.61-2.2) -> 12.16 | E21: 1 | F21: =+ROUND(D21*E21,2) -> 12.16
C22: IPE 180 | D22: =(16.97-2.61) -> 14.36 | E22: 1 | F22: =+ROUND(D22*E22,2) -> 14.36
C23: IPE 140 | D23: =4.13*12 -> 49.56 | E23: 1 | F23: =+ROUND(D23*E23,2) -> 49.56
B25: Columnas - Bloque 1 | C25: W14-109 | D25: =3.24*30 -> 97.2 | E25: 1 | F25: =+ROUND(D25*E25,2) -> 97.2
B27: Vigas Piso 2 - Bloque 2 | C27: IPE 450 | D27: =6.87*2 -> 13.74 | E27: 1 | F27: =+ROUND(D27*E27,2) -> 13.74
C28: IPE 450 | D28: =+(6.87+2)*2 -> 17.74 | E28: 1 | F28: =+ROUND(D28*E28,2) -> 17.74
C29: IPE 450 | D29: =14.8*2 -> 29.6 | E29: 1 | F29: =+ROUND(D29*E29,2) -> 29.6
C30: IPE 450 | D30: =11.3*5 -> 56.5 | E30: 1 | F30: =+ROUND(D30*E30,2) -> 56.5
C31: IPE 360 | D31: 28 | E31: 1 | F31: =+ROUND(D31*E31,2) -> 28
C32: IPE 360 | D32: =31.62*2 -> 63.24 | E32: 1 | F32: =+ROUND(D32*E32,2) -> 63.24
B34: Viguetas Piso 2 - Bloque 2 | C34: IPE 180 | D34: =6.87*2 -> 13.74 | E34: 1 | F34: =+ROUND(D34*E34,2) -> 13.74
C35: IPE 180 | D35: =34.87*2 -> 69.74 | E35: 1 | F35: =+ROUND(D35*E35,2) -> 69.74
C36: IPE 180 | D36: =38.49*4 -> 153.96 | E36: 1 | F36: =+ROUND(D36*E36,2) -> 153.96
C37: IPE 160 | D37: =1.99*4 -> 7.96 | E37: 1 | F37: =+ROUND(D37*E37,2) -> 7.96
C38: IPE 160 | D38: 6.8 | E38: 1 | F38: =+ROUND(D38*E38,2) -> 6.8
C39: IPE 100 | D39: 6.8 | E39: 1 | F39: =+ROUND(D39*E39,2) -> 6.8
C40: IPE 100 | D40: =14.8*2 -> 29.6 | E40: 1 | F40: =+ROUND(D40*E40,2) -> 29.6
C41: IPE 100 | D41: =11.3*8 -> 90.4 | E41: 1 | F41: =+ROUND(D41*E41,2) -> 90.4
B43: Columnas - Bloque 2 | C43: W14-233 | D43: =3.24*6 -> 19.44 | E43: 1 | F43: =+ROUND(D43*E43,2) -> 19.44
C44: W14-79 | D44: =3.24*14 -> 45.36 | E44: 1 | F44: =+ROUND(D44*E44,2) -> 45.36
B46: Total | F46: =+ROUND(SUM(F5:F44),2) -> 1656.69
B48: Piso 3
B50: Elemento | C50: Perfil | D50: L | E50: Ai | F50: A
B51: Vigas Piso 3 - Bloque 1 | C51: IPE 400 | D51: 37.21 | E51: 1 | F51: =+ROUND(D51*E51,2) -> 37.21
C52: IPE 400 | D52: =20.93*2 -> 41.86 | E52: 1 | F52: =+ROUND(D52*E52,2) -> 41.86
C53: IPE 400 | D53: 34.94 | E53: 1 | F53: =+ROUND(D53*E53,2) -> 34.94
C54: IPE 360 | D54: =37.21*3 -> 111.63 | E54: 1 | F54: =+ROUND(D54*E54,2) -> 111.63
C55: IPE 330 | D55: =20.93*4 -> 83.72 | E55: 1 | F55: =+ROUND(D55*E55,2) -> 83.72
C56: IPE 330 | D56: 5.05 | E56: 1 | F56: =+ROUND(D56*E56,2) -> 5.05
C57: IPE 330 | D57: 2.24 | E57: 1 | F57: =+ROUND(D57*E57,2) -> 2.24
C58: IPE 330 | D58: 3.41 | E58: 1 | F58: =+ROUND(D58*E58,2) -> 3.41
C59: IPE 330 | D59: 3.94 | E59: 1 | F59: =+ROUND(D59*E59,2) -> 3.94
C60: IPE 330 | D60: 4.91 | E60: 1 | F60: =+ROUND(D60*E60,2) -> 4.91
B62: Viguetas Piso 3 - Bloque 1 | C62: IPE 100 | D62: =37.21*2 -> 74.42 | E62: 1 | F62: =+ROUND(D62*E62,2) -> 74.42
C63: IPE 100 | D63: =(37.21-3.41-2.24)*2 -> 63.12 | E63: 1 | F63: =+ROUND(D63*E63,2) -> 63.12
C64: IPE 100 | D64: =(37.21-3.94)*2 -> 66.54 | E64: 1 | F64: =+ROUND(D64*E64,2) -> 66.54
C65: IPE 100 | D65: =(37.21-4.91-2.19)*2 -> 60.22 | E65: 1 | F65: =+ROUND(D65*E65,2) -> 60.22
C66: IPE 180 | D66: =16.97*14 -> 237.58 | E66: 1 | F66: =+ROUND(D66*E66,2) -> 237.58
C67: IPE 180 | D67: =(16.97-2.61-2.2) -> 12.16 | E67: 1 | F67: =+ROUND(D67*E67,2) -> 12.16
C68: IPE 180 | D68: =(16.97-2.61) -> 14.36 | E68: 1 | F68: =+ROUND(D68*E68,2) -> 14.36
C69: IPE 140 | D69: =4.13*12 -> 49.56 | E69: 1 | F69: =+ROUND(D69*E69,2) -> 49.56
B71: Columnas - Bloque 1 | C71: W14-109 | D71: =3.24*30 -> 97.2 | E71: 1 | F71: =+ROUND(D71*E71,2) -> 97.2
B73: Vigas Piso 3 - Bloque 2 | C73: IPE 450 | D73: =6.87*3 -> 20.61 | E73: 1 | F73: =+ROUND(D73*E73,2) -> 20.61
C74: IPE 450 | D74: =+(17.25)*2 -> 34.5 | E74: 1 | F74: =+ROUND(D74*E74,2) -> 34.5
C75: IPE 360 | D75: =2.18*4 -> 8.72 | E75: 1 | F75: =+ROUND(D75*E75,2) -> 8.72
C76: IPE 360 | D76: =1.8*4 -> 7.2 | E76: 1 | F76: =+ROUND(D76*E76,2) -> 7.2
B78: Viguetas Piso 3 - Bloque 2 | C78: IPE 180 | D78: =6.87*8 -> 54.96 | E78: 1 | F78: =+ROUND(D78*E78,2) -> 54.96
C79: IPE 160 | D79: =1.8*9 -> 16.2 | E79: 1 | F79: =+ROUND(D79*E79,2) -> 16.2
C80: IPE 160 | D80: =2.18*9 -> 19.62 | E80: 1 | F80: =+ROUND(D80*E80,2) -> 19.62
C81: IPE 160 | D81: =10.85 -> 10.85 | E81: 1 | F81: =+ROUND(D81*E81,2) -> 10.85
C82: IPE 160 | D82: =17.25*2 -> 34.5 | E82: 1 | F82: =+ROUND(D82*E82,2) -> 34.5
C83: IPE 100 | D83: =17.25*2 -> 34.5 | E83: 1 | F83: =+ROUND(D83*E83,2) -> 34.5
B85: Columnas - Bloque 2 | C85: W14-233 | D85: =3.24*6 -> 19.44 | E85: 1 | F85: =+ROUND(D85*E85,2) -> 19.44
B87: Total | F87: =+ROUND(SUM(F51:F85),2) -> 1265.17
B89: Piso 4
B91: Elemento | C91: Perfil | D91: L | E91: Ai | F91: A
B92: Vigas Piso 4 - Bloque 1 | C92: IPE 400 | D92: 37.21 | E92: 1 | F92: =+ROUND(D92*E92,2) -> 37.21
C93: IPE 400 | D93: =20.93*2 -> 41.86 | E93: 1 | F93: =+ROUND(D93*E93,2) -> 41.86
C94: IPE 400 | D94: 34.94 | E94: 1 | F94: =+ROUND(D94*E94,2) -> 34.94
C95: IPE 360 | D95: =37.21*3 -> 111.63 | E95: 1 | F95: =+ROUND(D95*E95,2) -> 111.63
C96: IPE 330 | D96: =20.93*4 -> 83.72 | E96: 1 | F96: =+ROUND(D96*E96,2) -> 83.72
C97: IPE 330 | D97: 5.05 | E97: 1 | F97: =+ROUND(D97*E97,2) -> 5.05
C98: IPE 330 | D98: 2.24 | E98: 1 | F98: =+ROUND(D98*E98,2) -> 2.24
C99: IPE 330 | D99: 3.41 | E99: 1 | F99: =+ROUND(D99*E99,2) -> 3.41
C100: IPE 330 | D100: 3.94 | E100: 1 | F100: =+ROUND(D100*E100,2) -> 3.94
C101: IPE 330 | D101: 4.91 | E101: 1 | F101: =+ROUND(D101*E101,2) -> 4.91
B103: Viguetas Piso 4 - Bloque 1 | C103: IPE 100 | D103: =37.21*2 -> 74.42 | E103: 1 | F103: =+ROUND(D103*E103,2) -> 74.42
C104: IPE 100 | D104: =(37.21-3.41-2.24)*2 -> 63.12 | E104: 1 | F104: =+ROUND(D104*E104,2) -> 63.12
C105: IPE 100 | D105: =(37.21-3.94)*2 -> 66.54 | E105: 1 | F105: =+ROUND(D105*E105,2) -> 66.54
C106: IPE 100 | D106: =(37.21-4.91-2.19)*2 -> 60.22 | E106: 1 | F106: =+ROUND(D106*E106,2) -> 60.22
C107: IPE 180 | D107: =16.97*14 -> 237.58 | E107: 1 | F107: =+ROUND(D107*E107,2) -> 237.58
C108: IPE 180 | D108: =(16.97-2.61-2.2) -> 12.16 | E108: 1 | F108: =+ROUND(D108*E108,2) -> 12.16
C109: IPE 180 | D109: =(16.97-2.61) -> 14.36 | E109: 1 | F109: =+ROUND(D109*E109,2) -> 14.36
C110: IPE 140 | D110: =4.13*12 -> 49.56 | E110: 1 | F110: =+ROUND(D110*E110,2) -> 49.56
B112: Columnas - Bloque 1 | C112: W14-109 | D112: =3.24*30 -> 97.2 | E112: 1 | F112: =+ROUND(D112*E112,2) -> 97.2
B114: Vigas Piso 4 - Bloque 2 | C114: IPE 450 | D114: =6.87*3 -> 20.61 | E114: 1 | F114: =+ROUND(D114*E114,2) -> 20.61
C115: IPE 450 | D115: =+(17.25)*2 -> 34.5 | E115: 1 | F115: =+ROUND(D115*E115,2) -> 34.5
C116: IPE 360 | D116: =2.18*4 -> 8.72 | E116: 1 | F116: =+ROUND(D116*E116,2) -> 8.72
C117: IPE 360 | D117: =1.8*4 -> 7.2 | E117: 1 | F117: =+ROUND(D117*E117,2) -> 7.2
B119: Viguetas Piso 4 - Bloque 2 | C119: IPE 180 | D119: =6.87*5 -> 34.35 | E119: 1 | F119: =+ROUND(D119*E119,2) -> 34.35
C120: IPE 160 | D120: =1.8*9 -> 16.2 | E120: 1 | F120: =+ROUND(D120*E120,2) -> 16.2
C121: IPE 160 | D121: =2.18*9 -> 19.62 | E121: 1 | F121: =+ROUND(D121*E121,2) -> 19.62
C122: IPE 160 | D122: =10.85 -> 10.85 | E122: 1 | F122: =+ROUND(D122*E122,2) -> 10.85
...

Sheet SUBPRODUCTOS
A3: ANÁLISIS DE PRECIOS UNITARIOS - SUBPRODUCTOS
A4: ALQUILER DE ANDAMIO TUBULAR CON TIJERA 1.50x1.50 m | E4: UNIDAD: Día
A5: DESCRIPCIÓN | B5: UNIDAD | C5: CANT/ REND | D5: PRECIO UNITARIO | E5: VR PARCIAL
A6: EQUIPO y HERRAMIENTAS:
A7: MARCO ANDAMIO DE TIJERA 1.50x1.50 m | B7: Día | C7: 2 | D7: 657 | E7: =ROUND(C7*D7, 2) -> 1314
A8: TIJERA DE ANDAMIO | B8: Día | C8: 2 | D8: 175 | E8: =ROUND(C8*D8, 2) -> 350
A9: PLATAFORMA METÁLICA PARA ANDAMIO | B9: Día | C9: 1 | D9: 3163 | E9: =ROUND(C9*D9, 2) -> 3163
D10: Subtotal = | E10: =SUM(E7:E9) -> 4827
D12: VR UNITARIO = | E12: =ROUND(SUM(E6:E10)/2, 0) -> 4827
A15: CARRETA BUGGIE, PALA, BALDES | E15: UNIDAD: Un
A16: DESCRIPCIÓN | B16: UNIDAD | C16: CANT/ REND | D16: PRECIO UNITARIO | E16: VR PARCIAL
A17: EQUIPO y HERRAMIENTAS:
A18: CARRETA LLANTA NEUMÁTICA | B18: Un | C18: 1 | D18: 313308 | E18: =ROUND(C18*D18, 2) -> 313308
A19: PALA REDONDA CON CABO | B19: Un | C19: 1 | D19: 34845 | E19: =ROUND(C19*D19, 2) -> 34845
A20: BALDE CONSTRUCCIÓN | B20: Un | C20: 2 | D20: 6265 | E20: =ROUND(C20*D20, 2) -> 12530
D21: Subtotal = | E21: =SUM(E18:E20) -> 360683
A24: CUADRILLA 1 OF + 1 AY | E24: UNIDAD: Día
A25: DESCRIPCIÓN | B25: UNIDAD | C25: CANT/ REND | D25: PRECIO UNITARIO | E25: VR PARCIAL
A26: MANO de OBRA:
A27: OFICIAL (Incl. prestaciones) | B27: Día | C27: 1 | D27: =+'CUADRILLAS '!$E$10 -> 123394 | E27: =ROUND(C27*D27, 2) -> 123394
A28: AYUDANTE (Incl. prestaciones) | B28: Día | C28: 1 | D28: =+'CUADRILLAS '!$E$7 -> 100048 | E28: =ROUND(C28*D28, 2) -> 100048
D29: Subtotal = | E29: =SUM(E27:E28) -> 223442
D31: VR UNITARIO = | E31: =ROUND(SUM(E26:E29)/2, 0) -> 223442
A34: CUADRILLA 1 OF + 2 AY | E34: UNIDAD: Día
A35: DESCRIPCIÓN | B35: UNIDAD | C35: CANT/ REND | D35: PRECIO UNITARIO | E35: VR PARCIAL
A36: MANO de OBRA:
A37: OFICIAL (Incl. prestaciones) | B37: Día | C37: 1 | D37: =+'CUADRILLAS '!$E$10 -> 123394 | E37: =ROUND(C37*D37, 2) -> 123394
A38: AYUDANTE (Incl. prestaciones) | B38: Día | C38: 2 | D38: =+'CUADRILLAS '!$E$7 -> 100048 | E38: =ROUND(C38*D38, 2) -> 200096
D39: Subtotal = | E39: =SUM(E37:E38) -> 323490
D41: VR UNITARIO = | E41: =ROUND(SUM(E36:E39)/2, 0) -> 323490
A44: CUADRILLA 2 Ay | E44: UNIDAD: Día
A45: DESCRIPCIÓN | B45: UNIDAD | C45: CANT/ REND | D45: PRECIO UNITARIO | E45: VR PARCIAL
A46: MANO de OBRA:
A47: AYUDANTE (Incl. prestaciones) | B47: Día | C47: 2 | D47: =+'CUADRILLAS '!$E$7 -> 100048 | E47: =ROUND(C47*D47, 2) -> 200096
D48: Subtotal = | E48: =SUM(E47:E47) -> 200096
D50: VR UNITARIO = | E50: =ROUND(SUM(E46:E48)/2, 0) -> 200096
A53: MORTERO 1:3 | E53: UNIDAD: m2
A54: DESCRIPCIÓN | B54: UNIDAD | C54: CANT/ REND | D54: PRECIO UNITARIO | E54: VR PARCIAL
A55: MATERIALES:
A56: CEMENTO GRIS | B56: Kg | C56: 450 | D56: 699 | E56: =ROUND(C56*D56, 2) -> 314550
A57: ARENA | B57: m3 | C57: 1.09 | D57: 99404 | E57: =ROUND(C57*D57, 2) -> 108350.36
A58: AGUA | B58: Lt | C58: 168 | D58: 70 | E58: =ROUND(C58*D58, 2) -> 11760
D59: Subtotal = | E59: =SUM(E56:E58) -> 434660.36
A60: EQUIPO y HERRAMIENTAS:
A61: CANECA METÁLICA DE 55 Gal | B61: Un | C61: 0.0008 | D61: 51296 | E61: =ROUND(C61*D61, 2) -> 41.04
A62: MANGUERA PARA AGUA Ø= 1/2" x 50 m | B62: Un | C62: 0.0008 | D62: 56933 | E62: =ROUND(C62*D62, 2) -> 45.55
A63: PALA REDONDA CON CABO | B63: Un | C63: 0.0023 | D63: 34845 | E63: =ROUND(C63*D63, 2) -> 80.14
A64: BALDE CONSTRUCCIÓN | B64: Un | C64: 0.0061 | D64: 6265 | E64: =ROUND(C64*D64, 2) -> 38.22
D65: Subtotal = | E65: =SUM(E61:E64) -> 204.95
A66: MANO de OBRA:
A67: CUADRILLA 1 OF + 2 AY | B67: Día | C67: 0.076 | D67: =E41 -> 323490 | E67: =ROUND(C67*D67, 2) -> 24585.24
D68: Subtotal = | E68: =SUM(E67:E67) -> 24585.24
D70: VR UNITARIO = | E70: =ROUND(SUM(E55:E68)/2, 0) -> 459451
A73: MORTERO 1:3 (Impermeabilizado) | E73: UNIDAD: m3
A74: DESCRIPCIÓN | B74: UNIDAD | C74: CANT/ REND | D74: PRECIO UNITARIO | E74: VR PARCIAL
A75: MATERIALES:
A76: MORTERO 1:3 | B76: m3 | C76: 1 | D76: =E70 -> 459451 | E76: =ROUND(C76*D76, 2) -> 459451
A77: SIKA 1 (Impermeabilizante integral para morteros) | B77: Kg | C77: 13.5 | D77: 21035 | E77: =ROUND(C77*D77, 2) -> 283972.5
D78: Subtotal = | E78: =SUM(E76:E77) -> 743423.5
D80: VR UNITARIO = | E80: =ROUND(SUM(E75:E78)/2, 0) -> 743424
A82: Elaborado por:
A87: LAURA CAMILA ORDOÑEZ TEJADA | C87: MILTON STIVEN HOYOS HERMIDA
A88: ING. CIVIL APOYO PROFESIONAL | C88: SECRETARIO DE INFRAESTRUCTURA
A89: M.P 091037-0639549 CND | C89: M.P 161037-0560021 TLM

Sheet 1.1
C3: Código | D3: CCE-EICP-FM-32 | E3: Versión | F3: 1
C5: =+'PRESUPUESTO OFICIAL'!C8:K8 -> OBJETO: ADECUACIÓN DE LA INFRAESTRUCTURA DE LAS SEDES ADMINISTRATIVAS DEL MUNICIPIO DE PITALITO
D8: ALCALDIA DE PITALITO
L9: VERSIÓN
D10: [NÚMERO DEL PROCESO]
L11: PÁGINA | M11: 1 | N11: DE | O11: 1
D13: ANALISIS DE PRECIOS UNITARIOS
L15: FECHA | M15: DD | N15: MM | O15: AA
M16: 3 | N16: 9 | O16: 2026
C21: DATOS ESPECÍFICOS
C23: ÍTEM | D23: DESCRIPCIÓN | M23: UNIDAD | O23: CANTIDAD
C24: =+'PRESUPUESTO OFICIAL'!D13 -> 1.1 | D24: =+'PRESUPUESTO OFICIAL'!G13 -> Suministro y aplicación de protección anticorrosiva sobre estructura metálica existente (vigas, columnas y viguetas), incluye preparación y limpieza total de la superficie mediante grateado, aplicación localizada de tratamiento antihongo en áreas afectadas, aplicación de una capa de imprimante anticorrosivo tipo base y dos capas de pintura de acabado, suministro, transporte, instalación, disposición final de residuos y todo lo necesario para su correcta ejecución y funcionamiento | M24: =+'PRESUPUESTO OFICIAL'!H13 -> ML | O24: =+'PRESUPUESTO OFICIAL'!I13 -> 5467.69
C25: I. EQUIPO
C28: DESCRIPCIÓN | H28: MARCA | J28: UNIDAD | L28: TARIFA | M28: RENDIMIENTO | O28: Vr. UNITARIO
C29: HERRAMIENTA MENOR (M.O. 10%) | H29: N/A | J29: =INSUMOS!B29 -> Un | L29: =O59 -> 16175 | M29: 0.1 | O29: =ROUND(M29*L29,0) -> 1618
C30: =+'EQ. Y TRANSP.'!C21 -> Alquiler de andamio certificado | H30: N/A | J30: h | L30: =+'EQ. Y TRANSP.'!E21 -> 20000 | M30: 0.1 | O30: =ROUND(M30*L30,0) -> 2000
C33: SUBTOTAL $ | O33: =ROUND(SUM(O29:O32),0) -> 3618
C34: II. MATERIALES
C37: DESCRIPCIÓN | K37: UNIDAD | L37: CANTIDAD | M37: PRECIO UNIT. | O37: Vr. UNITARIO
C38: =+INSUMOS!A90 -> DESOXIDANTE Y REMOVEDOR | K38: =INSUMOS!B90 -> GAL | L38: 0.06 | M38: =INSUMOS!C90 -> 58900 | O38: =ROUND(M38*L38,0) -> 3534
C39: =+INSUMOS!A92 -> PINTURA ACABADO BLANCA PARA ESTRUCTURA METÁLICA | K39: =INSUMOS!B92 -> Gal | L39: 0.05 | M39: =INSUMOS!C92 -> 80900 | O39: =ROUND(M39*L39,0) -> 4045
C40: =+INSUMOS!A18 -> PINTURA ANTICORROSIVA PREMIUM | K40: =INSUMOS!B18 -> Gal | L40: 0.05 | M40: =INSUMOS!C18 -> 80900 | O40: =ROUND(M40*L40,0) -> 4045 | R40: =+O24*L40 -> 273.3845
O41: =M41*L41 -> 0
O42: =M42*L42 -> 0
C43: SUBTOTAL $ | O43: =ROUND(SUM(O38:O42),0) -> 11624
C44: III. TRANSPORTES
C47: TIPO | J47: VOL. o PESO | K47: UNIDAD | L47: TARIFA | M47: CANT / REND | O47: Vr. UNITARIO
C48: Transporte (% Vr. Materiales) | L48: =+O43 -> 11624 | M48: 0.1 | O48: =ROUND(M48*L48,0) -> 1162
C50: SUBTOTAL $ | O50: =SUM(O48:O49) -> 1162
C51: IV. MANO DE OBRA
C54: TRABAJADOR | J54: CANTIDAD | K54: UNIDAD | L54: TARIFA | M54: RENDIMIENTO | O54: Vr. UNITARIO
C55: =+SUBPRODUCTOS!A34 -> CUADRILLA 1 OF + 2 AY | J55: 1 | K55: =SUBPRODUCTOS!B27 -> Día | L55: =+SUBPRODUCTOS!E41 -> 323490 | M55: 0.05 | O55: =L55*M55 -> 16174.5
C59: SUBTOTAL $ | O59: =ROUND(SUM(O55:O58),0) -> 16175
C61: TOTAL COSTO DIRECTO $ | O61: =(O33+O43+O50+O59) -> 32579
C62: V. COSTOS INDIRECTOS
C65: Descripción | L65: Porcentaje | M65: Valor Total
C66: ADMINISTRACION | L66: =+AIU!F29 -> 0.25 | M66: =L66*$O$61 -> 8144.75
C67: IMPREVISTOS | L67: =+AIU!F30 -> 0.01 | M67: =L67*$O$61 -> 325.79
C68: UTILIDAD | L68: =+AIU!F31 -> 0.05 | M68: =L68*$O$61 -> 1628.95
C69: SUBTOTAL $ | O69: =ROUND(SUM(M66:O68),0) -> 10099
C71: Precio Unitario Total Aproximado al peso $ | O71: =ROUND(O69+O61,0) -> 42678
D74: Elaborado por: | H74: Aprobado por:
D77: LAURA CAMILA ORDOÑEZ TEJADA | H77: MILTON STIVEN HOYOS HERMIDA
D78: ING. CIVIL APOYO PROFESIONAL | H78: SECRETARIO DE INFRAESTRUCTURA
D79: M.P 091037-0639549 CND | H79: M.P 161037-0560021 TLM

Sheet 1.2
C3: Código | D3: CCE-EICP-FM-32 | E3: Versión | F3: 1
C5: =+'PRESUPUESTO OFICIAL'!C8:K8 -> OBJETO: ADECUACIÓN DE LA INFRAESTRUCTURA DE LAS SEDES ADMINISTRATIVAS DEL MUNICIPIO DE PITALITO
D8: ALCALDIA DE PITALITO
L9: VERSIÓN
D10: [NÚMERO DEL PROCESO]
L11: PÁGINA | M11: 1 | N11: DE | O11: 1
D13: ANALISIS DE PRECIOS UNITARIOS
L15: FECHA | M15: DD | N15: MM | O15: AA
M16: 3 | N16: 9 | O16: 2026
C21: DATOS ESPECÍFICOS
C23: ÍTEM | D23: DESCRIPCIÓN | M23: UNIDAD | O23: CANTIDAD
C24: =+'PRESUPUESTO OFICIAL'!D14 -> 1.2 | D24: =+'PRESUPUESTO OFICIAL'!G14 -> Mantenimiento de unión pernada viga–columna, incluye inspección, limpieza mecánica de pernos y superficies, ajuste y reapriete con herramienta especializada, reposición parcial de elementos defectuosos (en caso de ser necesario), suministro de materiales, mano de obra, equipos, herramientas, medios de acceso, disposición final de residuos, y todo lo necesario para su correcta ejecución y funcionamiento. | M24: =+'PRESUPUESTO OFICIAL'!H14 -> UND. | O24: =+'PRESUPUESTO OFICIAL'!I14 -> 708
C25: I. EQUIPO
C28: DESCRIPCIÓN | H28: MARCA | J28: UNIDAD | L28: TARIFA | M28: RENDIMIENTO | O28: Vr. UNITARIO
C29: HERRAMIENTA MENOR (M.O. 10%) | H29: N/A | J29: =INSUMOS!B29 -> Un | L29: =O63 -> 71168 | M29: 0.1 | O29: =ROUND(M29*L29,0) -> 7117
C30: =+'EQ. Y TRANSP.'!C21 -> Alquiler de andamio certificado | H30: N/A | J30: h | L30: =+'EQ. Y TRANSP.'!E21 -> 20000 | M30: 0.15 | O30: =ROUND(M30*L30,0) -> 3000
C31: =+INSUMOS!A32 -> KIT ARNÉS PARA ALTURAS | H31: N/A | J31: =+INSUMOS!B32 -> Un | L31: =+INSUMOS!C32 -> 691646 | M31: 0.005 | O31: =ROUND(M31*L31,0) -> 3458
C32: =+INSUMOS!A128 -> LLAVE DE IMPACTO | H32: N/A | J32: =+INSUMOS!B128 -> Día | L32: =+INSUMOS!C128 -> 40000 | M32: 0.1 | O32: =ROUND(M32*L32,0) -> 4000
C33: =+INSUMOS!A129 -> TORQUIMETRO | H33: N/A | J33: =+INSUMOS!B129 -> Día | L33: =+INSUMOS!C129 -> 50000 | M33: 0.1 | O33: =ROUND(M33*L33,0) -> 5000
C34: =+INSUMOS!A130 -> MOTOTOOL | H34: N/A | J34: =+INSUMOS!B130 -> Día | L34: =+INSUMOS!C130 -> 32000 | M34: 0.1 | O34: =ROUND(M34*L34,0) -> 3200
C35: SUBTOTAL $ | O35: =ROUND(SUM(O29:O34),0) -> 25775
C36: II. MATERIALES
C39: DESCRIPCIÓN | K39: UNIDAD | L39: CANTIDAD | M39: PRECIO UNIT. | O39: Vr. UNITARIO
C40: =+INSUMOS!A131 -> GRATAS CIRCULARES/DISCOS DE LIMPIEZA | K40: =+INSUMOS!B131 -> UND | L40: 0.5 | M40: =+INSUMOS!C131 -> 22900 | O40: =ROUND(M40*L40,0) -> 11450
C41: =+INSUMOS!A132 -> DESENGASANTE POLIURETANO | K41: =+INSUMOS!B132 -> ML | L41: 0.01 | M41: =+INSUMOS!C132 -> 74900 | O41: =ROUND(M41*L41,0) -> 749
C42: =+INSUMOS!A133 -> LUBRICANTE DE ALTA TEMPERATURA | K42: =+INSUMOS!B133 -> GR | L42: 0.025 | M42: =+INSUMOS!C133 -> 44000 | O42: =ROUND(M42*L42,0) -> 1100
C43: =+INSUMOS!A134 -> PINTURA/MARCADOR DE TORQUE | K43: =+INSUMOS!B134 -> ML | L43: 0.1 | M43: =+INSUMOS!C134 -> 88000 | O43: =ROUND(M43*L43,0) -> 8800
C44: =+INSUMOS!A136 -> FRESA METALICA CILINDRICA | K44: =+INSUMOS!B136 -> UND | L44: 0.05 | M44: =+INSUMOS!C136 -> 140000 | O44: =ROUND(M44*L44,0) -> 7000
C45: =+INSUMOS!A137 -> ACEITE AFLOJATODO DIELECTRICO | K45: =+INSUMOS!B137 -> ML | L45: 0.05 | M45: =+INSUMOS!C137 -> 42000 | O45: =ROUND(M45*L45,0) -> 2100
C46: =+INSUMOS!A138 -> SPRAY DE ZINC FRIO | K46: =+INSUMOS!B138 -> ML | L46: 0.07 | M46: =+INSUMOS!C138 -> 34000 | O46: =M46*L46 -> 2380
C47: SUBTOTAL $ | O47: =ROUND(SUM(O40:O46),0) -> 33579
C48: III. TRANSPORTES
C51: TIPO | J51: VOL. o PESO | K51: UNIDAD | L51: TARIFA | M51: CANT / REND | O51: Vr. UNITARIO
C52: Transporte (% Vr. Materiales) | L52: =+O47 -> 33579 | M52: 0.1 | O52: =ROUND(M52*L52,0) -> 3358
C54: SUBTOTAL $ | O54: =SUM(O52:O53) -> 3358
C55: IV. MANO DE OBRA
C58: TRABAJADOR | J58: CANTIDAD | K58: UNIDAD | L58: TARIFA | M58: RENDIMIENTO | O58: Vr. UNITARIO
C59: =+SUBPRODUCTOS!A34 -> CUADRILLA 1 OF + 2 AY | J59: 1 | K59: =SUBPRODUCTOS!B27 -> Día | L59: =+SUBPRODUCTOS!E41 -> 323490 | M59: 0.22 | O59: =ROUND(L59*M59,0) -> 71168
C63: SUBTOTAL $ | O63: =ROUND(SUM(O59:O62),0) -> 71168
C65: TOTAL COSTO DIRECTO $ | O65: =ROUND(O35+O47+O54+O63,0) -> 133880
C66: V. COSTOS INDIRECTOS
C69: Descripción | L69: Porcentaje | M69: Valor Total
C70: ADMINISTRACION | L70: =+AIU!F29 -> 0.25 | M70: =L70*$O$65 -> 33470
C71: IMPREVISTOS | L71: =+AIU!F30 -> 0.01 | M71: =L71*$O$65 -> 1338.8
C72: UTILIDAD | L72: =+AIU!F31 -> 0.05 | M72: =L72*$O$65 -> 6694
C73: SUBTOTAL $ | O73: =ROUND(SUM(M70:O72),0) -> 41503
C75: Precio Unitario Total Aproximado al peso $ | O75: =ROUND(O73+O65,0) -> 175383
D78: Elaborado por: | H78: Aprobado por:
D81: LAURA CAMILA ORDOÑEZ TEJADA | H81: MILTON STIVEN HOYOS HERMIDA
D82: ING. CIVIL APOYO PROFESIONAL | H82: SECRETARIO DE INFRAESTRUCTURA
D83: M.P 091037-0639549 CND | H83: M.P 161037-0560021 TLM

Sheet 2.1
C3: Código | D3: CCE-EICP-FM-32 | E3: Versión | F3: 1
C5: =+'1.1'!C5:O5 -> OBJETO: ADECUACIÓN DE LA INFRAESTRUCTURA DE LAS SEDES ADMINISTRATIVAS DEL MUNICIPIO DE PITALITO
D8: ALCALDIA DE PITALITO
L9: VERSIÓN
D10: [NÚMERO DEL PROCESO]
L11: PÁGINA | M11: 1 | N11: DE | O11: 1
D13: ANALISIS DE PRECIOS UNITARIOS
L15: FECHA | M15: DD | N15: MM | O15: AA
M16: 3 | N16: 9 | O16: 2026
C21: DATOS ESPECÍFICOS
C23: ÍTEM | D23: DESCRIPCIÓN | M23: UNIDAD | O23: CANTIDAD
C24: =+'PRESUPUESTO OFICIAL'!D17 -> 2.1 | D24: =+'PRESUPUESTO OFICIAL'!G17 -> Mantenimiento y reposición parcial de cielo raso en el quinto piso, incluye desmonte de paneles deteriorados, suministro e instalación de nuevos paneles de Drywall, ajuste de estructura existente, nivelación, acabado y limpieza final., disposición final de los residuos y todo lo necesario para su correcta ejecución. | M24: =+'PRESUPUESTO OFICIAL'!H17 -> m² | O24: =+'PRESUPUESTO OFICIAL'!I17 -> 258.17
C25: I. EQUIPO
C28: DESCRIPCIÓN | H28: MARCA | J28: UNIDAD | L28: TARIFA | M28: RENDIMIENTO | O28: Vr. UNITARIO
C29: HERRAMIENTA MENOR (M.O. 10%) | H29: N/A | J29: =[120]INSUMOS!B32 -> Un | L29: =O62 -> 37201 | M29: 0.1 | O29: =ROUND(M29*L29,0) -> 3720
C30: =+SUBPRODUCTOS!A4 -> ALQUILER DE ANDAMIO TUBULAR CON TIJERA 1.50x1.50 m | H30: N/A | J30: =[120]SUBPRODUCTOS!B7 -> Día | L30: =[120]SUBPRODUCTOS!E12 -> 4827 | M30: 1 | O30: =ROUND(M30*L30,0) -> 4827
C32: SUBTOTAL $ | O32: =ROUND(SUM(O29:O31),0) -> 8547
C33: II. MATERIALES
C36: DESCRIPCIÓN | K36: UNIDAD | L36: CANTIDAD | M36: PRECIO UNIT. | O36: Vr. UNITARIO
C37: =INSUMOS!A58 -> PERFIL CANAL CAL. 26 ( 90 MM ) - 2.44 M. | K37: UND | L37: 0.45 | M37: =INSUMOS!C58 -> 7491 | O37: =ROUND(M37*L37,0) -> 3371
C38: =INSUMOS!A59 -> PERFIL OMEGA CAL 26 - 2.44 M. | K38: UND | L38: 0.45 | M38: =INSUMOS!C59 -> 6741 | O38: =ROUND(M38*L38,0) -> 3033
C39: =INSUMOS!A60 -> PERFIL PARAL CAL 26 - 2.44 M. | K39: UND | L39: 0.45 | M39: =INSUMOS!C60 -> 55462 | O39: =ROUND(M39*L39,0) -> 24958
C40: =+INSUMOS!A116 -> Placa De Yeso Rh Knauf 1/2 Pulgada 1.22 X 2.44m (12.7mm) Resistente Humedad | K40: M2 | L40: 1.05 | M40: =+INSUMOS!C116 -> 26167 | O40: =ROUND(M40*L40,0) -> 27475
C41: =INSUMOS!A62 -> TORNILLO AUTOPERFORANTE EST. 7/16 " | K41: UND | L41: 5 | M41: =INSUMOS!C62 -> 50 | O41: =ROUND(M41*L41,0) -> 250
C42: =INSUMOS!A63 -> TORNILLO AUTOPERFORANTE YESO 6 X1 | K42: UND | L42: 5 | M42: =INSUMOS!C63 -> 50 | O42: =ROUND(M42*L42,0) -> 250
C43: =+INSUMOS!A80 -> MASILLA JUNTAS | K43: =+[120]INSUMOS!B79 -> GAL | L43: 0.15 | M43: =INSUMOS!C80 -> 49000 | O43: =ROUND(M43*L43,0) -> 7350
C44: =+INSUMOS!A81 -> CINTA JUNTAS | K44: =+INSUMOS!B81 -> ML | L44: 0.045 | M44: =INSUMOS!C81 -> 49000 | O44: =ROUND(M44*L44,0) -> 2205
C45: =INSUMOS!A52 -> VINILO SUPERLAVABLE TIPO 1 | K45: =+INSUMOS!B52 -> GAL | L45: 0.08 | M45: =+INSUMOS!C52 -> 84900 | O45: =ROUND(M45*L45,0) -> 6792
C46: SUBTOTAL $ | O46: =ROUND(SUM(O37:O45),0) -> 75684
C47: III. TRANSPORTES
C50: TIPO | J50: VOL. o PESO | K50: UNIDAD | L50: TARIFA | M50: CANT / REND | O50: Vr. UNITARIO
C51: Transporte (10% Vr. Materiales) | L51: =+O46 -> 75684 | M51: 0.1 | O51: =+ROUND(L51*M51,0) -> 7568
C53: SUBTOTAL $ | O53: =ROUND(SUM(O51:O52),0) -> 7568
C54: IV. MANO DE OBRA
C57: TRABAJADOR | J57: CANTIDAD | K57: UNIDAD | L57: TARIFA | M57: RENDIMIENTO | O57: Vr. UNITARIO
C58: =SUBPRODUCTOS!A34 -> CUADRILLA 1 OF + 2 AY | J58: 1 | K58: =SUBPRODUCTOS!B27 -> Día | L58: =SUBPRODUCTOS!E41 -> 323490 | M58: 0.115 | O58: =ROUND(L58*M58,0) -> 37201
C62: SUBTOTAL $ | O62: =SUM(O58:O61) -> 37201
C64: TOTAL COSTO DIRECTO $ | O64: =O32+O46+O53+O62 -> 129000
C65: V. COSTOS INDIRECTOS
C68: Descripción | L68: Porcentaje | M68: Valor Total
C69: ADMINISTRACION | L69: =+AIU!F29 -> 0.25 | M69: =L69*$O$64 -> 32250
C70: IMPREVISTOS | L70: =+AIU!F30 -> 0.01 | M70: =L70*$O$64 -> 1290
C71: UTILIDAD | L71: =+AIU!F31 -> 0.05 | M71: =L71*$O$64 -> 6450
C72: SUBTOTAL $ | O72: =SUM(M69:O71) -> 39990
C74: Precio Unitario Total Aproximado al peso $ | O74: =O72+O64 -> 168990
D77: Elaborado por: | H77: Aprobado por:
D80: LAURA CAMILA ORDOÑEZ TEJADA | H80: MILTON STIVEN HOYOS HERMIDA
D81: ING. CIVIL APOYO PROFESIONAL | H81: SECRETARIO DE INFRAESTRUCTURA
D82: M.P 091037-0639549 CND | H82: M.P 161037-0560021 TLM

Sheet 2.2
C3: Código | D3: CCE-EICP-FM-32 | E3: Versión | F3: 1
C5: =+'PRESUPUESTO OFICIAL'!C8:K8 -> OBJETO: ADECUACIÓN DE LA INFRAESTRUCTURA DE LAS SEDES ADMINISTRATIVAS DEL MUNICIPIO DE PITALITO
D8: ALCALDIA DE PITALITO
L9: VERSIÓN
D10: [NÚMERO DEL PROCESO]
L11: PÁGINA | M11: 1 | N11: DE | O11: 1
D13: ANALISIS DE PRECIOS UNITARIOS
L15: FECHA | M15: DD | N15: MM | O15: AA
M16: 3 | N16: 9 | O16: 2026
C21: DATOS ESPECÍFICOS
C23: ÍTEM | D23: DESCRIPCIÓN | M23: UNIDAD | O23: CANTIDAD
C24: =+'PRESUPUESTO OFICIAL'!#REF! -> #REF! | D24: =+'PRESUPUESTO OFICIAL'!#REF! -> #REF! | M24: =+'PRESUPUESTO OFICIAL'!#REF! -> #REF! | O24: =+'PRESUPUESTO OFICIAL'!#REF! -> #REF!
C25: I. EQUIPO
C28: DESCRIPCIÓN | H28: MARCA | J28: UNIDAD | L28: TARIFA | M28: RENDIMIENTO | O28: Vr. UNITARIO
C29: HERRAMIENTA MENOR (M.O. 10%) | H29: N/A | J29: =INSUMOS!B32 -> Un | L29: =O61 -> 16175 | M29: 0.1 | O29: =ROUND(M29*L29,0) -> 1618
C30: =+INSUMOS!A75 -> ALQUILER TALADRO/ATORNILLADOR | H30: N/A | J30: Día | L30: =+INSUMOS!C75 -> 32679.86 | M30: 0.1 | O30: =ROUND(M30*L30,0) -> 3268
C34: SUBTOTAL $ | O34: =SUM(O29:O33) -> 4886
C35: II. MATERIALES
C38: DESCRIPCIÓN | K38: UNIDAD | L38: CANTIDAD | M38: PRECIO UNIT. | O38: Vr. UNITARIO
C39: =+INSUMOS!A76 -> PLACA SUPERBOARD 10 MMx1220x2440 | K39: =+INSUMOS!B76 -> m2 | L39: 1.05 | M39: =+INSUMOS!C76 -> 28000 | O39: =ROUND(M39*L39,0) -> 29400
C40: =+INSUMOS!A77 -> PERFIL 1-1/2X3/4 pg | K40: =+INSUMOS!B77 -> UND | L40: 0.9 | M40: =+INSUMOS!C77 -> 4593.75 | O40: =ROUND(M40*L40,0) -> 4134
C41: =+INSUMOS!A78 -> BANDA AUTOADHESIVA | K41: =+INSUMOS!B78 -> ML | L41: 1.2 | M41: =INSUMOS!C78 -> 642.43 | O41: =ROUND(M41*L41,0) -> 771
C42: =+INSUMOS!A79 -> TORNILLO AUTOPERFORANTE | K42: =INSUMOS!B79 -> UND | L42: 25 | M42: =+INSUMOS!C79 -> 50 | O42: =ROUND(M42*L42,0) -> 1250
C43: =+INSUMOS!A81 -> CINTA JUNTAS | K43: =+INSUMOS!B81 -> ML | L43: 0.3 | M43: =INSUMOS!C81 -> 49000 | O43: =ROUND(M43*L43,0) -> 14700
C44: =+INSUMOS!A80 -> MASILLA JUNTAS | K44: =+K43 -> ML | L44: 0.4 | M44: =INSUMOS!C80 -> 49000 | O44: =ROUND(M44*L44,0) -> 19600
C45: SUBTOTAL $ | O45: =SUM(O39:O44) -> 69855
C46: III. TRANSPORTES
C49: TIPO | J49: VOL. o PESO | K49: UNIDAD | L49: TARIFA | M49: CANT / REND | O49: Vr. UNITARIO
C50: Transporte (% Vr. Materiales) | L50: =+O45 -> 69855 | M50: 0.01 | O50: =+ROUND(L50*M50,0) -> 699
C52: SUBTOTAL $ | O52: =SUM(O50:O51) -> 699
C53: IV. MANO DE OBRA
C56: TRABAJADOR | J56: CANTIDAD | K56: UNIDAD | L56: TARIFA | M56: RENDIMIENTO | O56: Vr. UNITARIO
C57: =+SUBPRODUCTOS!A34 -> CUADRILLA 1 OF + 2 AY | J57: 1 | K57: =SUBPRODUCTOS!B27 -> Día | L57: =+SUBPRODUCTOS!E41 -> 323490 | M57: 0.05 | O57: =ROUND(L57*M57,0) -> 16175
C61: SUBTOTAL $ | O61: =SUM(O57:O60) -> 16175
C63: TOTAL COSTO DIRECTO $ | O63: =O34+O45+O52+O61 -> 91615
C64: V. COSTOS INDIRECTOS
C67: Descripción | L67: Porcentaje | M67: Valor Total
C68: ADMINISTRACION | L68: =+AIU!F29 -> 0.25 | M68: =L68*$O$63 -> 22903.75
C69: IMPREVISTOS | L69: =+AIU!F30 -> 0.01 | M69: =L69*$O$63 -> 916.15
C70: UTILIDAD | L70: =+AIU!F31 -> 0.05 | M70: =L70*$O$63 -> 4580.75
C71: SUBTOTAL $ | O71: =SUM(M68:O70) -> 28400.65
C73: Precio Unitario Total Aproximado al peso $ | O73: =O71+O63 -> 120015.65
D76: Elaborado por: | H76: Aprobado por:
D79: LAURA CAMILA ORDOÑEZ TEJADA | H79: MILTON STIVEN HOYOS HERMIDA
D80: ING. CIVIL APOYO PROFESIONAL | H80: SECRETARIO DE INFRAESTRUCTURA
D81: M.P 091037-0639549 CND | H81: M.P 161037-0560021 TLM

Sheet 3.1
C3: Código | D3: CCE-EICP-FM-32 | E3: Versión | F3: 1
C5: =+'PRESUPUESTO OFICIAL'!C8:K8 -> OBJETO: ADECUACIÓN DE LA INFRAESTRUCTURA DE LAS SEDES ADMINISTRATIVAS DEL MUNICIPIO DE PITALITO
D8: ALCALDIA DE PITALITO
L9: VERSIÓN
D10: [NÚMERO DEL PROCESO]
L11: PÁGINA | M11: 1 | N11: DE | O11: 1
D13: ANALISIS DE PRECIOS UNITARIOS
L15: FECHA | M15: DD | N15: MM | O15: AA
M16: 3 | N16: 9 | O16: 2026
C21: DATOS ESPECÍFICOS
C23: ÍTEM | D23: DESCRIPCIÓN | M23: UNIDAD | O23: CANTIDAD
C24: =+'PRESUPUESTO OFICIAL'!D20 -> 3.1 | D24: =+'PRESUPUESTO OFICIAL'!G20 -> Limpieza de fachada en vidrio de seguridad laminado mediante procedimiento manual controlado con soluciones neutras y elementos no abrasivo. Incluye equipos de acceso para trabajo en alturas, suministro, transporte, instalación, disposición final de residuos y todo lo necesario para su correcta ejecución y funcionamiento | M24: =+'PRESUPUESTO OFICIAL'!H20 -> m² | O24: =+'PRESUPUESTO OFICIAL'!I20 -> 361.23
C25: I. EQUIPO
C28: DESCRIPCIÓN | H28: MARCA | J28: UNIDAD | L28: TARIFA | M28: RENDIMIENTO | O28: Vr. UNITARIO
C29: HERRAMIENTA MENOR (M.O. 10%) | H29: N/A | J29: =INSUMOS!B32 -> Un | L29: =O61 -> 5586 | M29: 0.1 | O29: =ROUND(M29*L29,0) -> 559
C30: =+INSUMOS!A32 -> KIT ARNÉS PARA ALTURAS | H30: N/A | J30: =+INSUMOS!B32 -> Un | L30: =+INSUMOS!C32 -> 691646 | M30: 0.001 | O30: =ROUND(M30*L30,0) -> 692
C31: =+'EQ. Y TRANSP.'!C21 -> Alquiler de andamio certificado | H31: N/A | J31: =+'EQ. Y TRANSP.'!D21 -> h | L31: =+'EQ. Y TRANSP.'!E21 -> 20000 | M31: 0.3 | O31: =ROUND(M31*L31,0) -> 6000
C34: SUBTOTAL $ | O34: =SUM(O29:O33) -> 7251
C35: II. MATERIALES
C38: DESCRIPCIÓN | K38: UNIDAD | L38: CANTIDAD | M38: PRECIO UNIT. | O38: Vr. UNITARIO
C39: =+INSUMOS!A139 -> SOLUCION NEUTRA LIMPIA VIDRIOS DE FACHADAS | K39: =+INSUMOS!B139 -> Lt | L39: 0.05 | M39: =+INSUMOS!C139 -> 50000 | O39: =+L39*M39 -> 2500
C40: =+INSUMOS!A140 -> PAÑO DE MICROFIBRA | K40: =+INSUMOS!B140 -> UND | L40: 0.02 | M40: =+INSUMOS!C140 -> 11200 | O40: =+L40*M40 -> 224
C41: =+INSUMOS!A5 -> AGUA | K41: =+INSUMOS!B5 -> Lt | L41: 0.1 | M41: =+INSUMOS!C5 -> 70 | O41: =+L41*M41 -> 7
C42: =+INSUMOS!A141 -> ESPONJA NO ABRASIVA | K42: =+INSUMOS!B141 -> UND | L42: 0.01 | M42: =+INSUMOS!C141 -> 9900 | O42: =+L42*M42 -> 99
C45: SUBTOTAL $ | O45: =SUM(O39:O44) -> 2830
C46: III. TRANSPORTES
C49: TIPO | J49: VOL. o PESO | K49: UNIDAD | L49: TARIFA | M49: CANT / REND | O49: Vr. UNITARIO
C50: Transporte (% Vr. Materiales) | L50: =+O45 -> 2830 | M50: 0.1 | O50: =+ROUND(L50*M50,0) -> 283
C52: SUBTOTAL $ | O52: =SUM(O50:O51) -> 283
C53: IV. MANO DE OBRA
C56: TRABAJADOR | J56: CANTIDAD | K56: UNIDAD | L56: TARIFA | M56: RENDIMIENTO | O56: Vr. UNITARIO
C57: =SUBPRODUCTOS!A24 -> CUADRILLA 1 OF + 1 AY | J57: 1 | K57: =SUBPRODUCTOS!B27 -> Día | L57: =+SUBPRODUCTOS!E31 -> 223442 | M57: 0.025 | O57: =ROUND(L57*M57,0) -> 5586
C61: SUBTOTAL $ | O61: =SUM(O57:O60) -> 5586
C63: TOTAL COSTO DIRECTO $ | O63: =O34+O45+O52+O61 -> 15950
C64: V. COSTOS INDIRECTOS
C67: Descripción | L67: Porcentaje | M67: Valor Total
C68: ADMINISTRACION | L68: =+AIU!F29 -> 0.25 | M68: =L68*$O$63 -> 3987.5
C69: IMPREVISTOS | L69: =+AIU!F30 -> 0.01 | M69: =L69*$O$63 -> 159.5
C70: UTILIDAD | L70: =+AIU!F31 -> 0.05 | M70: =L70*$O$63 -> 797.5
C71: SUBTOTAL $ | O71: =SUM(M68:O70) -> 4944.5
C73: Precio Unitario Total Aproximado al peso $ | O73: =O71+O63 -> 20894.5
D76: Elaborado por: | H76: Aprobado por:
D79: LAURA CAMILA ORDOÑEZ TEJADA | H79: MILTON STIVEN HOYOS HERMIDA
D80: ING. CIVIL APOYO PROFESIONAL | H80: SECRETARIO DE INFRAESTRUCTURA
D81: M.P 091037-0639549 CND | H81: M.P 161037-0560021 TLM

Sheet 3.2
C3: Código | D3: CCE-EICP-FM-32 | E3: Versión | F3: 1
C5: =+'PRESUPUESTO OFICIAL'!C8:K8 -> OBJETO: ADECUACIÓN DE LA INFRAESTRUCTURA DE LAS SEDES ADMINISTRATIVAS DEL MUNICIPIO DE PITALITO
D8: ALCALDIA DE PITALITO
L9: VERSIÓN
D10: [NÚMERO DEL PROCESO]
L11: PÁGINA | M11: 1 | N11: DE | O11: 1
D13: ANALISIS DE PRECIOS UNITARIOS
L15: FECHA | M15: DD | N15: MM | O15: AA
M16: 3 | N16: 9 | O16: 2026
C21: DATOS ESPECÍFICOS
C23: ÍTEM | D23: DESCRIPCIÓN | M23: UNIDAD | O23: CANTIDAD
C24: =+'PRESUPUESTO OFICIAL'!D21 -> 3.2 | D24: =+'PRESUPUESTO OFICIAL'!G21 -> Desmonte, suministro e instalación de película de protección solar nanoceramica con control de rayos UV, control de radiación y coeficiente de sombra para fachada en vidrio a todo costo, incluye equipos para trabjo en altura, mano de obra, transporte y todo lo necesario para su correcta ejecución y funcionamiento. | M24: =+'PRESUPUESTO OFICIAL'!H21 -> m² | O24: =+'PRESUPUESTO OFICIAL'!I21 -> 361.23
C25: I. EQUIPO
C28: DESCRIPCIÓN | H28: MARCA | J28: UNIDAD | L28: TARIFA | M28: RENDIMIENTO | O28: Vr. UNITARIO
C29: HERRAMIENTA MENOR (M.O. 10%) | H29: N/A | J29: =INSUMOS!B32 -> Un | L29: =O61 -> 42454 | M29: 0.1 | O29: =ROUND(M29*L29,0) -> 4245
C30: =+INSUMOS!A32 -> KIT ARNÉS PARA ALTURAS | H30: N/A | J30: =+INSUMOS!B32 -> Un | L30: =+INSUMOS!C32 -> 691646 | M30: 0.001 | O30: =ROUND(M30*L30,0) -> 692
C31: =+'EQ. Y TRANSP.'!C21 -> Alquiler de andamio certificado | H31: N/A | J31: =+'EQ. Y TRANSP.'!D21 -> h | L31: =+'EQ. Y TRANSP.'!E21 -> 20000 | M31: 0.3 | O31: =ROUND(M31*L31,0) -> 6000
C34: SUBTOTAL $ | O34: =SUM(O29:O33) -> 10937
C35: II. MATERIALES
C38: DESCRIPCIÓN | K38: UNIDAD | L38: CANTIDAD | M38: PRECIO UNIT. | O38: Vr. UNITARIO
C39: =+INSUMOS!A142 -> POLARIZADO NANOCERAMICO REFLECTIVO ESPEJO | K39: =+INSUMOS!B142 -> M2 | L39: 1 | M39: =+INSUMOS!C142 -> 45000 | O39: =ROUND(M39*L39,0) -> 45000
O40: =ROUND(M40*L40,0) -> 0
O41: =ROUND(M41*L41,0) -> 0
O42: =ROUND(M42*L42,0) -> 0
O43: =ROUND(M43*L43,0) -> 0
O44: =ROUND(M44*L44,0) -> 0
C45: SUBTOTAL $ | O45: =SUM(O39:O44) -> 45000
C46: III. TRANSPORTES
C49: TIPO | J49: VOL. o PESO | K49: UNIDAD | L49: TARIFA | M49: CANT / REND | O49: Vr. UNITARIO
C50: Transporte (% Vr. Materiales) | L50: =+O45 -> 45000 | M50: 0.1 | O50: =+ROUND(L50*M50,0) -> 4500
C52: SUBTOTAL $ | O52: =SUM(O50:O51) -> 4500
C53: IV. MANO DE OBRA
C56: TRABAJADOR | J56: CANTIDAD | K56: UNIDAD | L56: TARIFA | M56: RENDIMIENTO | O56: Vr. UNITARIO
C57: =SUBPRODUCTOS!A24 -> CUADRILLA 1 OF + 1 AY | J57: 1 | K57: =SUBPRODUCTOS!B27 -> Día | L57: =+SUBPRODUCTOS!E31 -> 223442 | M57: 0.19 | O57: =ROUND(L57*M57,0) -> 42454
C61: SUBTOTAL $ | O61: =SUM(O57:O60) -> 42454
C63: TOTAL COSTO DIRECTO $ | O63: =O34+O45+O52+O61 -> 102891
C64: V. COSTOS INDIRECTOS
C67: Descripción | L67: Porcentaje | M67: Valor Total
C68: ADMINISTRACION | L68: =+AIU!F29 -> 0.25 | M68: =L68*$O$63 -> 25722.75
C69: IMPREVISTOS | L69: =+AIU!F30 -> 0.01 | M69: =L69*$O$63 -> 1028.91
C70: UTILIDAD | L70: =+AIU!F31 -> 0.05 | M70: =L70*$O$63 -> 5144.55
C71: SUBTOTAL $ | O71: =SUM(M68:O70) -> 31896.21
C73: Precio Unitario Total Aproximado al peso $ | O73: =O71+O63 -> 134787.21
D76: Elaborado por: | H76: Aprobado por:
D79: LAURA CAMILA ORDOÑEZ TEJADA | H79: MILTON STIVEN HOYOS HERMIDA
D80: ING. CIVIL APOYO PROFESIONAL | H80: SECRETARIO DE INFRAESTRUCTURA
D81: M.P 091037-0639549 CND | H81: M.P 161037-0560021 TLM

Sheet 4.1
C3: Código | D3: CCE-EICP-FM-32 | E3: Versión | F3: 1
C5: OBJETO: MANTENIMIENTO DE LA INFRAESTRUCTURA DE LAS SEDES ADMINISTRATIVAS DEL MUNICIPIO DE PITALITO
D8: ALCALDIA DE PITALITO
L9: VERSIÓN
D10: [NÚMERO DEL PROCESO]
L11: PÁGINA | M11: 1 | N11: DE | O11: 1
D13: ANALISIS DE PRECIOS UNITARIOS
L15: FECHA | M15: DD | N15: MM | O15: AA
M16: 3 | N16: 9 | O16: 2026
C21: DATOS ESPECÍFICOS
C23: ÍTEM | D23: DESCRIPCIÓN | M23: UNIDAD | O23: CANTIDAD
C24: =+'PRESUPUESTO OFICIAL'!D29 -> 4.1 | D24: =+'PRESUPUESTO OFICIAL'!G29 -> Trazado localización y replanteo de la unidad sanitaria, incluye trazado de ejes, niveles, alineamientos, referencias topográficas, mano de obra, herramientas, equipos y todos los elementos necesarios para su correcta ejecución. | M24: =+'PRESUPUESTO OFICIAL'!H29 -> m² | O24: =+'PRESUPUESTO OFICIAL'!I29 -> 6.4
C25: I. EQUIPO
C28: DESCRIPCIÓN | H28: MARCA | J28: UNIDAD | L28: TARIFA | M28: RENDIMIENTO | O28: Vr. UNITARIO
C29: HERRAMIENTA MENOR (M.O. 10%) | H29: N/A | J29: =INSUMOS!B26 -> Un | L29: =+O59 -> 2603 | M29: 0.1 | O29: =ROUND(M29*L29,0) -> 260
C30: =+'EQ. Y TRANSP.'!C19 -> Equipo de topografía | H30: N/A | J30: =+'EQ. Y TRANSP.'!D19 -> h | L30: =+'EQ. Y TRANSP.'!E19 -> 20000 | M30: 0.02 | O30: =+L30*M30 -> 400
C33: SUBTOTAL $ | O33: =SUM(O29:O32) -> 660
C34: II. MATERIALES
C37: DESCRIPCIÓN | K37: UNIDAD | L37: CANTIDAD | M37: PRECIO UNIT. | O37: Vr. UNITARIO
C38: =+INSUMOS!A143 -> ALAMBRE NEGRO NO. 18 | K38: =+INSUMOS!B143 -> KG | L38: 0.01 | M38: =+INSUMOS!C143 -> 6790 | O38: =ROUND(M38*L38,0) -> 68
C39: =+INSUMOS!A144 -> PUNTILLA CON CABEZA 1" | K39: =+INSUMOS!B144 -> LB | L39: 0.01 | M39: =+INSUMOS!C144 -> 6900 | O39: =ROUND(M39*L39,0) -> 69
C40: =+INSUMOS!A145 -> DURMIENTE ORDINARIO 4X4 CM (2 USOS) | K40: =+INSUMOS!B145 -> ML | L40: 0.05 | M40: =+INSUMOS!C145 -> 5000 | O40: =ROUND(M40*L40,0) -> 250
C43: SUBTOTAL $ | O43: =ROUND(SUM(O38:O42),0) -> 387
C44: III. TRANSPORTES
C47: TIPO | J47: VOL. o PESO | K47: UNIDAD | L47: TARIFA | M47: CANT / REND | O47: Vr. UNITARIO
C50: SUBTOTAL $ | O50: =ROUND(SUM(O48:O49),0) -> 0
C51: IV. MANO DE OBRA
C54: TRABAJADOR | J54: CANTIDAD | K54: UNIDAD | L54: TARIFA | M54: RENDIMIENTO | O54: Vr. UNITARIO
C55: =+'CUADRILLAS '!D68 -> CUADRILLA TT (Topografía) 1 Top - 1 of ejero | J55: 1 | K55: =SUBPRODUCTOS!B27 -> Día | L55: =+'CUADRILLAS '!H74 -> 173518 | M55: 0.015 | O55: =ROUND(L55*M55,0) -> 2603
C59: SUBTOTAL $ | O59: =SUM(O55:O58) -> 2603
C61: TOTAL COSTO DIRECTO $ | O61: =ROUND(O33+O43+O50+O59,0) -> 3650
C62: V. COSTOS INDIRECTOS
C65: Descripción | L65: Porcentaje | M65: Valor Total
C66: ADMINISTRACION | L66: =AIU!F29 -> 0.25 | M66: =L66*$O$61 -> 912.5
C67: IMPREVISTOS | L67: =AIU!F30 -> 0.01 | M67: =L67*$O$61 -> 36.5
C68: UTILIDAD | L68: =AIU!F31 -> 0.05 | M68: =L68*$O$61 -> 182.5
C69: SUBTOTAL $ | O69: =SUM(M66:O68) -> 1131.5
C71: Precio Unitario Total Aproximado al peso $ | O71: =O69+O61 -> 4781.5
D74: Elaborado por: | H74: Aprobado por:
D77: LAURA CAMILA ORDOÑEZ TEJADA | H77: MILTON STIVEN HOYOS HERMIDA
D78: ING. CIVIL APOYO PROFESIONAL | H78: SECRETARIO DE INFRAESTRUCTURA
D79: M.P 091037-0639549 CND | H79: M.P 161037-0560021 TLM

Sheet 4.2
C3: Código | D3: CCE-EICP-FM-32 | E3: Versión | F3: 1
C5: OBJETO: MANTENIMIENTO DE LA INFRAESTRUCTURA DE LAS SEDES ADMINISTRATIVAS DEL MUNICIPIO DE PITALITO
D8: ALCALDIA DE PITALITO
L9: VERSIÓN
D10: [NÚMERO DEL PROCESO]
L11: PÁGINA | M11: 1 | N11: DE | O11: 1
D13: ANALISIS DE PRECIOS UNITARIOS
L15: FECHA | M15: DD | N15: MM | O15: AA
M16: 3 | N16: 9 | O16: 2026
C21: DATOS ESPECÍFICOS
C23: ÍTEM | D23: DESCRIPCIÓN | M23: UNIDAD | O23: CANTIDAD
C24: =+'PRESUPUESTO OFICIAL'!D30 -> 4.2 | D24: =+'PRESUPUESTO OFICIAL'!G30 -> Desmonte y demolición manual de cerramiento y cubierta existente, compuesto por malla eslabonada, postes metálicos, murete de concreto y/o mampostería de soporte, estructura de cubierta en guadua y teja existentes, incluye corte, desmontaje, desensamble, retiro de elementos de fijación, cargue, retiro, transporte interno, disposición final de materiales y escombros, limpieza del área intervenida, mano de obra, herramientas, equipos y todos los elementos necesarios para su correcta ejecución. | M24: =+'PRESUPUESTO OFICIAL'!H30 -> m² | O24: =+'PRESUPUESTO OFICIAL'!I30 -> 41.65
C25: I. EQUIPO
C28: DESCRIPCIÓN | H28: MARCA | J28: UNIDAD | L28: TARIFA | M28: RENDIMIENTO | O28: Vr. UNITARIO
C29: HERRAMIENTA MENOR (M.O. 10%) | H29: N/A | J29: =INSUMOS!B26 -> Un | L29: =+O59 -> 20881 | M29: 0.1 | O29: =ROUND(M29*L29,0) -> 2088
C33: SUBTOTAL $ | O33: =SUM(O29:O32) -> 2088
C34: II. MATERIALES
C37: DESCRIPCIÓN | K37: UNIDAD | L37: CANTIDAD | M37: PRECIO UNIT. | O37: Vr. UNITARIO
C43: SUBTOTAL $ | O43: =ROUND(SUM(O38:O42),0) -> 0
C44: III. TRANSPORTES
C47: TIPO | J47: VOL. o PESO | K47: UNIDAD | L47: TARIFA | M47: CANT / REND | O47: Vr. UNITARIO
C48: =+'EQ. Y TRANSP.'!C9 -> Volqueta 6 m³ (cargue manual) botadero hasta 20 km | J48: =+O24 -> 41.65 | K48: =+'EQ. Y TRANSP.'!D9 -> m³ | L48: =+'EQ. Y TRANSP.'!E9 -> 22000 | M48: 0.01 | O48: =+L48*M48*J48 -> 9163
C50: SUBTOTAL $ | O50: =ROUND(SUM(O48:O49),0) -> 9163
C51: IV. MANO DE OBRA
C54: TRABAJADOR | J54: CANTIDAD | K54: UNIDAD | L54: TARIFA | M54: RENDIMIENTO | O54: Vr. UNITARIO
C55: =+'CUADRILLAS '!D28 -> Cuadrilla OAA (Albañilería) 1Of y 2Ay | J55: 1 | K55: =SUBPRODUCTOS!B27 -> Día | L55: =+'CUADRILLAS '!H34 -> 139205 | M55: 0.15 | O55: =ROUND(L55*M55,0) -> 20881
C59: SUBTOTAL $ | O59: =SUM(O55:O58) -> 20881
C61: TOTAL COSTO DIRECTO $ | O61: =ROUND(O33+O43+O50+O59,0) -> 32132
C62: V. COSTOS INDIRECTOS
C65: Descripción | L65: Porcentaje | M65: Valor Total
C66: ADMINISTRACION | L66: =AIU!F29 -> 0.25 | M66: =L66*$O$61 -> 8033
C67: IMPREVISTOS | L67: =AIU!F30 -> 0.01 | M67: =L67*$O$61 -> 321.32
C68: UTILIDAD | L68: =AIU!F31 -> 0.05 | M68: =L68*$O$61 -> 1606.6
C69: SUBTOTAL $ | O69: =SUM(M66:O68) -> 9960.92
C71: Precio Unitario Total Aproximado al peso $ | O71: =O69+O61 -> 42092.92
D74: Elaborado por: | H74: Aprobado por:
D77: LAURA CAMILA ORDOÑEZ TEJADA | H77: MILTON STIVEN HOYOS HERMIDA
D78: ING. CIVIL APOYO PROFESIONAL | H78: SECRETARIO DE INFRAESTRUCTURA
D79: M.P 091037-0639549 CND | H79: M.P 161037-0560021 TLM

Sheet 5.1
C3: Código | D3: CCE-EICP-FM-32 | E3: Versión | F3: 1
C5: OBJETO: MANTENIMIENTO DE LA INFRAESTRUCTURA DE LAS SEDES ADMINISTRATIVAS DEL MUNICIPIO DE PITALITO
D8: ALCALDIA DE PITALITO
L9: VERSIÓN
D10: [NÚMERO DEL PROCESO]
L11: PÁGINA | M11: 1 | N11: DE | O11: 1
D13: ANALISIS DE PRECIOS UNITARIOS
L15: FECHA | M15: DD | N15: MM | O15: AA
M16: 3 | N16: 9 | O16: 2026
C21: DATOS ESPECÍFICOS
C23: ÍTEM | D23: DESCRIPCIÓN | M23: UNIDAD | O23: CANTIDAD
C24: =+'PRESUPUESTO OFICIAL'!D33 -> 5.1 | D24: =+'PRESUPUESTO OFICIAL'!G33 -> Excavación manual para cimentación en material común, incluye cargue, retiro, transporte y disposición final de material sobrante, mano de obra, herramientas y equipos necesarios para su correcta ejecución. | M24: =+'PRESUPUESTO OFICIAL'!H33 -> m³ | O24: =+'PRESUPUESTO OFICIAL'!I33 -> 3.67
C25: I. EQUIPO
C28: DESCRIPCIÓN | H28: MARCA | J28: UNIDAD | L28: TARIFA | M28: RENDIMIENTO | O28: Vr. UNITARIO
C29: HERRAMIENTA MENOR (M.O. 10%) | H29: N/A | J29: =INSUMOS!B26 -> Un | L29: =+O59 -> 27841 | M29: 0.1 | O29: =ROUND(M29*L29,0) -> 2784
C33: SUBTOTAL $ | O33: =SUM(O29:O32) -> 2784
C34: II. MATERIALES
C37: DESCRIPCIÓN | K37: UNIDAD | L37: CANTIDAD | M37: PRECIO UNIT. | O37: Vr. UNITARIO
C43: SUBTOTAL $ | O43: =ROUND(SUM(O38:O42),0) -> 0
C44: III. TRANSPORTES
C47: TIPO | J47: VOL. o PESO | K47: UNIDAD | L47: TARIFA | M47: CANT / REND | O47: Vr. UNITARIO
C48: =+'EQ. Y TRANSP.'!C9 -> Volqueta 6 m³ (cargue manual) botadero hasta 20 km | K48: =+'EQ. Y TRANSP.'!D9 -> m³ | L48: =+'EQ. Y TRANSP.'!E9 -> 22000 | M48: 0.5 | O48: =+L48*M48 -> 11000
C50: SUBTOTAL $ | O50: =ROUND(SUM(O48:O49),0) -> 11000
C51: IV. MANO DE OBRA
C54: TRABAJADOR | J54: CANTIDAD | K54: UNIDAD | L54: TARIFA | M54: RENDIMIENTO | O54: Vr. UNITARIO
C55: =+'CUADRILLAS '!D28 -> Cuadrilla OAA (Albañilería) 1Of y 2Ay | J55: 1 | K55: =SUBPRODUCTOS!B27 -> Día | L55: =+'CUADRILLAS '!H34 -> 139205 | M55: 0.2 | O55: =ROUND(L55*M55,0) -> 27841
C59: SUBTOTAL $ | O59: =SUM(O55:O58) -> 27841
C61: TOTAL COSTO DIRECTO $ | O61: =ROUND(O33+O43+O50+O59,0) -> 41625
C62: V. COSTOS INDIRECTOS
C65: Descripción | L65: Porcentaje | M65: Valor Total
C66: ADMINISTRACION | L66: =AIU!F29 -> 0.25 | M66: =L66*$O$61 -> 10406.25
C67: IMPREVISTOS | L67: =AIU!F30 -> 0.01 | M67: =L67*$O$61 -> 416.25
C68: UTILIDAD | L68: =AIU!F31 -> 0.05 | M68: =L68*$O$61 -> 2081.25
C69: SUBTOTAL $ | O69: =SUM(M66:O68) -> 12903.75
C71: Precio Unitario Total Aproximado al peso $ | O71: =O69+O61 -> 54528.75
D74: Elaborado por: | H74: Aprobado por:
D77: LAURA CAMILA ORDOÑEZ TEJADA | H77: MILTON STIVEN HOYOS HERMIDA
D78: ING. CIVIL APOYO PROFESIONAL | H78: SECRETARIO DE INFRAESTRUCTURA
D79: M.P 091037-0639549 CND | H79: M.P 161037-0560021 TLM

Sheet 5.2
C3: Código | D3: CCE-EICP-FM-32 | E3: Versión | F3: 1
C5: OBJETO: MANTENIMIENTO DE LA INFRAESTRUCTURA DE LAS SEDES ADMINISTRATIVAS DEL MUNICIPIO DE PITALITO
D8: ALCALDIA DE PITALITO
L9: VERSIÓN
D10: [NÚMERO DEL PROCESO]
L11: PÁGINA | M11: 1 | N11: DE | O11: 1
D13: ANALISIS DE PRECIOS UNITARIOS
L15: FECHA | M15: DD | N15: MM | O15: AA
M16: 3 | N16: 9 | O16: 2026
C21: DATOS ESPECÍFICOS
C23: ÍTEM | D23: DESCRIPCIÓN | M23: UNIDAD | O23: CANTIDAD
C24: =+'PRESUPUESTO OFICIAL'!D34 -> 5.2 | D24: =+'PRESUPUESTO OFICIAL'!G34 -> Suministro, extendido y compactación de relleno en recebo seleccionado en espesor de 0.30 m, incluye compactación por capas, mano de obra, equipos y todos los elementos necesarios para su correcta ejecución. | M24: =+'PRESUPUESTO OFICIAL'!H34 -> m³ | O24: =+'PRESUPUESTO OFICIAL'!I34 -> 2.97
C25: I. EQUIPO
C28: DESCRIPCIÓN | H28: MARCA | J28: UNIDAD | L28: TARIFA | M28: RENDIMIENTO | O28: Vr. UNITARIO
C29: HERRAMIENTA MENOR (M.O. 10%) | H29: N/A | J29: =INSUMOS!B26 -> Un | L29: =+O59 -> 27841 | M29: 0.1 | O29: =ROUND(M29*L29,0) -> 2784
C33: SUBTOTAL $ | O33: =SUM(O29:O32) -> 2784
C34: II. MATERIALES
C37: DESCRIPCIÓN | K37: UNIDAD | L37: CANTIDAD | M37: PRECIO UNIT. | O37: Vr. UNITARIO
C38: =+INSUMOS!A127 -> RECEBO COMÚN | K38: =+INSUMOS!B127 -> m3 | L38: 1.05 | M38: =+INSUMOS!C127 -> 35000 | O38: =+L38*M38 -> 36750
C43: SUBTOTAL $ | O43: =ROUND(SUM(O38:O42),0) -> 36750
C44: III. TRANSPORTES
C47: TIPO | J47: VOL. o PESO | K47: UNIDAD | L47: TARIFA | M47: CANT / REND | O47: Vr. UNITARIO
C48: Transporte (% Vr. Materiales) | L48: =+O43 -> 36750 | M48: 0.1 | O48: =+ROUND(L48*M48,0) -> 3675
C50: SUBTOTAL $ | O50: =ROUND(SUM(O48:O49),0) -> 3675
C51: IV. MANO DE OBRA
C54: TRABAJADOR | J54: CANTIDAD | K54: UNIDAD | L54: TARIFA | M54: RENDIMIENTO | O54: Vr. UNITARIO
C55: =+'CUADRILLAS '!D28 -> Cuadrilla OAA (Albañilería) 1Of y 2Ay | J55: 1 | K55: =SUBPRODUCTOS!B27 -> Día | L55: =+'CUADRILLAS '!H34 -> 139205 | M55: 0.2 | O55: =ROUND(L55*M55,0) -> 27841
C59: SUBTOTAL $ | O59: =SUM(O55:O58) -> 27841
C61: TOTAL COSTO DIRECTO $ | O61: =ROUND(O33+O43+O50+O59,0) -> 71050
C62: V. COSTOS INDIRECTOS
C65: Descripción | L65: Porcentaje | M65: Valor Total
C66: ADMINISTRACION | L66: =AIU!F29 -> 0.25 | M66: =L66*$O$61 -> 17762.5
C67: IMPREVISTOS | L67: =AIU!F30 -> 0.01 | M67: =L67*$O$61 -> 710.5
C68: UTILIDAD | L68: =AIU!F31 -> 0.05 | M68: =L68*$O$61 -> 3552.5
C69: SUBTOTAL $ | O69: =SUM(M66:O68) -> 22025.5
C71: Precio Unitario Total Aproximado al peso $ | O71: =O69+O61 -> 93075.5
D74: Elaborado por: | H74: Aprobado por:
D77: LAURA CAMILA ORDOÑEZ TEJADA | H77: MILTON STIVEN HOYOS HERMIDA
D78: ING. CIVIL APOYO PROFESIONAL | H78: SECRETARIO DE INFRAESTRUCTURA
D79: M.P 091037-0639549 CND | H79: M.P 161037-0560021 TLM

Sheet 6.1
C3: Código | D3: CCE-EICP-FM-32 | E3: Versión | F3: 1
C5: OBJETO: MANTENIMIENTO DE LA INFRAESTRUCTURA DE LAS SEDES ADMINISTRATIVAS DEL MUNICIPIO DE PITALITO
D8: ALCALDIA DE PITALITO
L9: VERSIÓN
D10: [NÚMERO DEL PROCESO]
L11: PÁGINA | M11: 1 | N11: DE | O11: 1
D13: ANALISIS DE PRECIOS UNITARIOS
L15: FECHA | M15: DD | N15: MM | O15: AA
M16: 3 | N16: 9 | O16: 2026
C21: DATOS ESPECÍFICOS
C23: ÍTEM | D23: DESCRIPCIÓN | M23: UNIDAD | O23: CANTIDAD
C24: =+'PRESUPUESTO OFICIAL'!D37 -> 6.1 | D24: =+'PRESUPUESTO OFICIAL'!G37 -> Suministro y vaciado de concreto de limpieza f'c=1500 psi y e=0.05 m, incluye preparación de la superficie, vaciado, nivelación, curado, mano de obra y todo lo necesario para su correcta ejecución. | M24: =+'PRESUPUESTO OFICIAL'!H37 -> ML | O24: =+'PRESUPUESTO OFICIAL'!I37 -> 15.1
C25: I. EQUIPO
C28: DESCRIPCIÓN | H28: MARCA | J28: UNIDAD | L28: TARIFA | M28: RENDIMIENTO | O28: Vr. UNITARIO
C29: HERRAMIENTA MENOR (M.O. 10%) | H29: N/A | J29: =INSUMOS!B26 -> Un | L29: =+O59 -> 13921 | M29: 0.1 | O29: =ROUND(M29*L29,0) -> 1392
C33: SUBTOTAL $ | O33: =SUM(O29:O32) -> 1392
C34: II. MATERIALES
C37: DESCRIPCIÓN | K37: UNIDAD | L37: CANTIDAD | M37: PRECIO UNIT. | O37: Vr. UNITARIO
C38: =+CONCRETOS!B84 -> Concreto pobre 1.500 psi | K38: =+CONCRETOS!C107 -> m³ | L38: 0.065 | M38: =+CONCRETOS!E107 -> 358000 | O38: =+L38*M38 -> 23270
C43: SUBTOTAL $ | O43: =ROUND(SUM(O38:O42),0) -> 23270
C44: III. TRANSPORTES
C47: TIPO | J47: VOL. o PESO | K47: UNIDAD | L47: TARIFA | M47: CANT / REND | O47: Vr. UNITARIO
C48: Transporte (% Vr. Materiales) | L48: =+O43 -> 23270 | M48: 0.1 | O48: =+ROUND(L48*M48,0) -> 2327
C50: SUBTOTAL $ | O50: =ROUND(SUM(O48:O49),0) -> 2327
C51: IV. MANO DE OBRA
C54: TRABAJADOR | J54: CANTIDAD | K54: UNIDAD | L54: TARIFA | M54: RENDIMIENTO | O54: Vr. UNITARIO
C55: =+'CUADRILLAS '!D28 -> Cuadrilla OAA (Albañilería) 1Of y 2Ay | J55: 1 | K55: =SUBPRODUCTOS!B27 -> Día | L55: =+'CUADRILLAS '!H34 -> 139205 | M55: 0.1 | O55: =ROUND(L55*M55,0) -> 13921
C59: SUBTOTAL $ | O59: =SUM(O55:O58) -> 13921
C61: TOTAL COSTO DIRECTO $ | O61: =ROUND(O33+O43+O50+O59,0) -> 40910
C62: V. COSTOS INDIRECTOS
C65: Descripción | L65: Porcentaje | M65: Valor Total
C66: ADMINISTRACION | L66: =AIU!F29 -> 0.25 | M66: =L66*$O$61 -> 10227.5
C67: IMPREVISTOS | L67: =AIU!F30 -> 0.01 | M67: =L67*$O$61 -> 409.1
C68: UTILIDAD | L68: =AIU!F31 -> 0.05 | M68: =L68*$O$61 -> 2045.5
C69: SUBTOTAL $ | O69: =SUM(M66:O68) -> 12682.1
C71: Precio Unitario Total Aproximado al peso $ | O71: =O69+O61 -> 53592.1
D74: Elaborado por: | H74: Aprobado por:
D77: LAURA CAMILA ORDOÑEZ TEJADA | H77: MILTON STIVEN HOYOS HERMIDA
D78: ING. CIVIL APOYO PROFESIONAL | H78: SECRETARIO DE INFRAESTRUCTURA
D79: M.P 091037-0639549 CND | H79: M.P 161037-0560021 TLM

Sheet 6.2
C3: Código | D3: CCE-EICP-FM-32 | E3: Versión | F3: 1
C5: OBJETO: MANTENIMIENTO DE LA INFRAESTRUCTURA DE LAS SEDES ADMINISTRATIVAS DEL MUNICIPIO DE PITALITO
D8: ALCALDIA DE PITALITO
L9: VERSIÓN
D10: [NÚMERO DEL PROCESO]
L11: PÁGINA | M11: 1 | N11: DE | O11: 1
D13: ANALISIS DE PRECIOS UNITARIOS
L15: FECHA | M15: DD | N15: MM | O15: AA
M16: 3 | N16: 9 | O16: 2026
C21: DATOS ESPECÍFICOS
C23: ÍTEM | D23: DESCRIPCIÓN | M23: UNIDAD | O23: CANTIDAD
C24: =+'PRESUPUESTO OFICIAL'!D38 -> 6.2 | D24: =+'PRESUPUESTO OFICIAL'!G38 -> Suministro y vaciado de placa de concreto reforzado de f'c=3000 psi y e=0.10 m, incluye formaleta, colocación, vibrado, nivelación, curado, mano de obra, equipos y todo lo necesario para su correcta ejecución. No incluye acero. | M24: =+'PRESUPUESTO OFICIAL'!H38 -> m² | O24: =+'PRESUPUESTO OFICIAL'!I38 -> 6.4
C25: I. EQUIPO
C28: DESCRIPCIÓN | H28: MARCA | J28: UNIDAD | L28: TARIFA | M28: RENDIMIENTO | O28: Vr. UNITARIO
C29: HERRAMIENTA MENOR (M.O. 10%) | H29: N/A | J29: =INSUMOS!B26 -> Un | L29: =+O59 -> 52624 | M29: 0.1 | O29: =ROUND(M29*L29,0) -> 5262
C30: =+'EQ. Y TRANSP.'!C6 -> Alquiler vibrador a gasolina | H30: N/A | J30: =+'EQ. Y TRANSP.'!D6 -> h | L30: =+'EQ. Y TRANSP.'!E6 -> 10000 | M30: 1 | O30: =ROUND(M30*L30,0) -> 10000
C33: SUBTOTAL $ | O33: =SUM(O29:O32) -> 15262
C34: II. MATERIALES
C37: DESCRIPCIÓN | K37: UNIDAD | L37: CANTIDAD | M37: PRECIO UNIT. | O37: Vr. UNITARIO
C38: =+CONCRETOS!B54 -> Concreto 3.000 psi | K38: =+INSUMOS!B127 -> m3 | L38: 0.11 | M38: =+CONCRETOS!E110 -> 470100 | O38: =+L38*M38 -> 51711
C39: =+INSUMOS!A146 -> PUNTILLA CON CABEZA 2" | K39: =+INSUMOS!B146 -> LB | L39: 0.03 | M39: =+INSUMOS!C146 -> 9900 | O39: =+L39*M39 -> 297
C40: =+INSUMOS!A147 -> TABLA BURRA 30CMX2.2CMX2.7M | K40: =+INSUMOS!B147 -> UND | L40: 0.3 | M40: =+INSUMOS!C147 -> 18200 | O40: =+L40*M40 -> 5460
C43: SUBTOTAL $ | O43: =ROUND(SUM(O38:O42),0) -> 57468
C44: III. TRANSPORTES
C47: TIPO | J47: VOL. o PESO | K47: UNIDAD | L47: TARIFA | M47: CANT / REND | O47: Vr. UNITARIO
C48: Transporte (% Vr. Materiales) | L48: =+O43 -> 57468 | M48: 0.1 | O48: =+ROUND(L48*M48,0) -> 5747
C50: SUBTOTAL $ | O50: =ROUND(SUM(O48:O49),0) -> 5747
C51: IV. MANO DE OBRA
C54: TRABAJADOR | J54: CANTIDAD | K54: UNIDAD | L54: TARIFA | M54: RENDIMIENTO | O54: Vr. UNITARIO
C55: =+'CUADRILLAS '!D28 -> Cuadrilla OAA (Albañilería) 1Of y 2Ay | J55: 1 | K55: =SUBPRODUCTOS!B27 -> Día | L55: =+'CUADRILLAS '!H34 -> 139205 | M55: 0.2 | O55: =ROUND(L55*M55,0) -> 27841
C56: =+'CUADRILLAS '!D52 -> Cuadrilla AAA (Albañilería) 3Ay | J56: 1 | K56: =+'CUADRILLAS '!E53 -> jor | L56: =+'CUADRILLAS '!H58 -> 123915 | M56: 0.2 | O56: =ROUND(L56*M56,0) -> 24783
C59: SUBTOTAL $ | O59: =SUM(O55:O58) -> 52624
C61: TOTAL COSTO DIRECTO $ | O61: =ROUND(O33+O43+O50+O59,0) -> 131101
C62: V. COSTOS INDIRECTOS
C65: Descripción | L65: Porcentaje | M65: Valor Total
C66: ADMINISTRACION | L66: =AIU!F29 -> 0.25 | M66: =L66*$O$61 -> 32775.25
C67: IMPREVISTOS | L67: =AIU!F30 -> 0.01 | M67: =L67*$O$61 -> 1311.01
C68: UTILIDAD | L68: =AIU!F31 -> 0.05 | M68: =L68*$O$61 -> 6555.05
C69: SUBTOTAL $ | O69: =SUM(M66:O68) -> 40641.31
C71: Precio Unitario Total Aproximado al peso $ | O71: =O69+O61 -> 171742.31
D74: Elaborado por: | H74: Aprobado por:
D77: LAURA CAMILA ORDOÑEZ TEJADA | H77: MILTON STIVEN HOYOS HERMIDA
D78: ING. CIVIL APOYO PROFESIONAL | H78: SECRETARIO DE INFRAESTRUCTURA
D79: M.P 091037-0639549 CND | H79: M.P 161037-0560021 TLM

Sheet 6.3
C3: Código | D3: CCE-EICP-FM-32 | E3: Versión | F3: 1
C5: OBJETO: MANTENIMIENTO DE LA INFRAESTRUCTURA DE LAS SEDES ADMINISTRATIVAS DEL MUNICIPIO DE PITALITO
D8: ALCALDIA DE PITALITO
L9: VERSIÓN
D10: [NÚMERO DEL PROCESO]
L11: PÁGINA | M11: 1 | N11: DE | O11: 1
D13: ANALISIS DE PRECIOS UNITARIOS
L15: FECHA | M15: DD | N15: MM | O15: AA
M16: 3 | N16: 9 | O16: 2026
C21: DATOS ESPECÍFICOS
C23: ÍTEM | D23: DESCRIPCIÓN | M23: UNIDAD | O23: CANTIDAD
C24: =+'PRESUPUESTO OFICIAL'!D39 -> 6.3 | D24: =+'PRESUPUESTO OFICIAL'!G39 -> Suministro y vaciado de vigas de cimentación de dimensiones 0.2x0.3 m en concreto de f'c=3000 psi, incluye formaleta, colocación, vibrado, nivelación, curado, mano de obra, equipos y todo lo necesario para su correcta ejecución. No incluye acero. | M24: =+'PRESUPUESTO OFICIAL'!H39 -> ML | O24: =+'PRESUPUESTO OFICIAL'!I39 -> 15.1
C25: I. EQUIPO
C28: DESCRIPCIÓN | H28: MARCA | J28: UNIDAD | L28: TARIFA | M28: RENDIMIENTO | O28: Vr. UNITARIO
C29: HERRAMIENTA MENOR (M.O. 10%) | H29: N/A | J29: =INSUMOS!B26 -> Un | L29: =+O59 -> 65780 | M29: 0.1 | O29: =ROUND(M29*L29,0) -> 6578
C30: =+'EQ. Y TRANSP.'!C6 -> Alquiler vibrador a gasolina | H30: N/A | J30: =+'EQ. Y TRANSP.'!D6 -> h | L30: =+'EQ. Y TRANSP.'!E6 -> 10000 | M30: 1 | O30: =ROUND(M30*L30,0) -> 10000
C33: SUBTOTAL $ | O33: =SUM(O29:O32) -> 16578
C34: II. MATERIALES
C37: DESCRIPCIÓN | K37: UNIDAD | L37: CANTIDAD | M37: PRECIO UNIT. | O37: Vr. UNITARIO
C38: =+CONCRETOS!B54 -> Concreto 3.000 psi | K38: =+INSUMOS!B127 -> m3 | L38: 0.09 | M38: =+CONCRETOS!E110 -> 470100 | O38: =+L38*M38 -> 42309
C39: =+INSUMOS!A146 -> PUNTILLA CON CABEZA 2" | K39: =+INSUMOS!B146 -> LB | L39: 0.03 | M39: =+INSUMOS!C146 -> 9900 | O39: =+L39*M39 -> 297
C40: =+INSUMOS!A147 -> TABLA BURRA 30CMX2.2CMX2.7M | K40: =+INSUMOS!B147 -> UND | L40: 0.3 | M40: =+INSUMOS!C147 -> 18200 | O40: =+L40*M40 -> 5460
C43: SUBTOTAL $ | O43: =ROUND(SUM(O38:O42),0) -> 48066
C44: III. TRANSPORTES
C47: TIPO | J47: VOL. o PESO | K47: UNIDAD | L47: TARIFA | M47: CANT / REND | O47: Vr. UNITARIO
C48: Transporte (% Vr. Materiales) | L48: =+O43 -> 48066 | M48: 0.1 | O48: =+ROUND(L48*M48,0) -> 4807
C50: SUBTOTAL $ | O50: =ROUND(SUM(O48:O49),0) -> 4807
C51: IV. MANO DE OBRA
C54: TRABAJADOR | J54: CANTIDAD | K54: UNIDAD | L54: TARIFA | M54: RENDIMIENTO | O54: Vr. UNITARIO
C55: =+'CUADRILLAS '!D28 -> Cuadrilla OAA (Albañilería) 1Of y 2Ay | J55: 1 | K55: =SUBPRODUCTOS!B27 -> Día | L55: =+'CUADRILLAS '!H34 -> 139205 | M55: 0.25 | O55: =ROUND(L55*M55,0) -> 34801
C56: =+'CUADRILLAS '!D52 -> Cuadrilla AAA (Albañilería) 3Ay | J56: 1 | K56: =SUBPRODUCTOS!B28 -> Día | L56: =+'CUADRILLAS '!H58 -> 123915 | M56: 0.25 | O56: =ROUND(L56*M56,0) -> 30979
C59: SUBTOTAL $ | O59: =SUM(O55:O58) -> 65780
C61: TOTAL COSTO DIRECTO $ | O61: =ROUND(O33+O43+O50+O59,0) -> 135231
C62: V. COSTOS INDIRECTOS
C65: Descripción | L65: Porcentaje | M65: Valor Total
C66: ADMINISTRACION | L66: =AIU!F29 -> 0.25 | M66: =L66*$O$61 -> 33807.75
C67: IMPREVISTOS | L67: =AIU!F30 -> 0.01 | M67: =L67*$O$61 -> 1352.31
C68: UTILIDAD | L68: =AIU!F31 -> 0.05 | M68: =L68*$O$61 -> 6761.55
C69: SUBTOTAL $ | O69: =SUM(M66:O68) -> 41921.61
C71: Precio Unitario Total Aproximado al peso $ | O71: =O69+O61 -> 177152.61
D74: Elaborado por: | H74: Aprobado por:
D77: LAURA CAMILA ORDOÑEZ TEJADA | H77: MILTON STIVEN HOYOS HERMIDA
D78: ING. CIVIL APOYO PROFESIONAL | H78: SECRETARIO DE INFRAESTRUCTURA
D79: M.P 091037-0639549 CND | H79: M.P 161037-0560021 TLM

Sheet 6.4
C3: Código | D3: CCE-EICP-FM-32 | E3: Versión | F3: 1
C5: OBJETO: MANTENIMIENTO DE LA INFRAESTRUCTURA DE LAS SEDES ADMINISTRATIVAS DEL MUNICIPIO DE PITALITO
D8: ALCALDIA DE PITALITO
L9: VERSIÓN
D10: [NÚMERO DEL PROCESO]
L11: PÁGINA | M11: 1 | N11: DE | O11: 1
D13: ANALISIS DE PRECIOS UNITARIOS
L15: FECHA | M15: DD | N15: MM | O15: AA
M16: 3 | N16: 9 | O16: 2026
C21: DATOS ESPECÍFICOS
C23: ÍTEM | D23: DESCRIPCIÓN | M23: UNIDAD | O23: CANTIDAD
C24: =+'PRESUPUESTO OFICIAL'!D40 -> 6.4 | D24: =+'PRESUPUESTO OFICIAL'!G40 -> Suministro y vaciado de zapata de cimentación de dimensiones 0.9x0.9x0.3 m en concreto de f'c=3000 psi, incluye formaleta, colocación, vibrado, nivelación, curado, mano de obra, equipos y todo lo necesario para su correcta ejecución. No incluye acero. | M24: =+'PRESUPUESTO OFICIAL'!H40 -> UND. | O24: =+'PRESUPUESTO OFICIAL'!I40 -> 1
C25: I. EQUIPO
C28: DESCRIPCIÓN | H28: MARCA | J28: UNIDAD | L28: TARIFA | M28: RENDIMIENTO | O28: Vr. UNITARIO
C29: HERRAMIENTA MENOR (M.O. 10%) | H29: N/A | J29: =INSUMOS!B26 -> Un | L29: =+O59 -> 127675 | M29: 0.1 | O29: =ROUND(M29*L29,0) -> 12768
C30: =+'EQ. Y TRANSP.'!C6 -> Alquiler vibrador a gasolina | H30: N/A | J30: =+'EQ. Y TRANSP.'!D6 -> h | L30: =+'EQ. Y TRANSP.'!E6 -> 10000 | M30: 1.5 | O30: =ROUND(M30*L30,0) -> 15000
C33: SUBTOTAL $ | O33: =SUM(O29:O32) -> 27768
C34: II. MATERIALES
C37: DESCRIPCIÓN | K37: UNIDAD | L37: CANTIDAD | M37: PRECIO UNIT. | O37: Vr. UNITARIO
C38: =+CONCRETOS!B54 -> Concreto 3.000 psi | K38: =+INSUMOS!B127 -> m3 | L38: =0.9*0.9*0.3*1.1 -> 0.2673 | M38: =+CONCRETOS!E110 -> 470100 | O38: =+L38*M38 -> 125657.73
C39: =+INSUMOS!A146 -> PUNTILLA CON CABEZA 2" | K39: =+INSUMOS!B146 -> LB | L39: 0.03 | M39: =+INSUMOS!C146 -> 9900 | O39: =+L39*M39 -> 297
C40: =+INSUMOS!A147 -> TABLA BURRA 30CMX2.2CMX2.7M | K40: =+INSUMOS!B147 -> UND | L40: 0.3 | M40: =+INSUMOS!C147 -> 18200 | O40: =+L40*M40 -> 5460
C43: SUBTOTAL $ | O43: =ROUND(SUM(O38:O42),0) -> 131415
C44: III. TRANSPORTES
C47: TIPO | J47: VOL. o PESO | K47: UNIDAD | L47: TARIFA | M47: CANT / REND | O47: Vr. UNITARIO
C48: Transporte (% Vr. Materiales) | L48: =+O43 -> 131415 | M48: 0.1 | O48: =+ROUND(L48*M48,0) -> 13142
C50: SUBTOTAL $ | O50: =ROUND(SUM(O48:O49),0) -> 13142
C51: IV. MANO DE OBRA
C54: TRABAJADOR | J54: CANTIDAD | K54: UNIDAD | L54: TARIFA | M54: RENDIMIENTO | O54: Vr. UNITARIO
C55: =+'CUADRILLAS '!D28 -> Cuadrilla OAA (Albañilería) 1Of y 2Ay | J55: 1 | K55: =SUBPRODUCTOS!B27 -> Día | L55: =+'CUADRILLAS '!H34 -> 139205 | M55: 0.5 | O55: =ROUND(L55*M55,0) -> 69603
C56: =+'CUADRILLAS '!D52 -> Cuadrilla AAA (Albañilería) 3Ay | J56: 1 | K56: =SUBPRODUCTOS!B28 -> Día | L56: =+'CUADRILLAS '!H58 -> 123915 | M56: 0.46864715 | O56: =ROUND(L56*M56,0) -> 58072
C59: SUBTOTAL $ | O59: =SUM(O55:O58) -> 127675
C61: TOTAL COSTO DIRECTO $ | O61: =ROUND(O33+O43+O50+O59,0) -> 300000
C62: V. COSTOS INDIRECTOS
C65: Descripción | L65: Porcentaje | M65: Valor Total
C66: ADMINISTRACION | L66: =AIU!F29 -> 0.25 | M66: =L66*$O$61 -> 75000
C67: IMPREVISTOS | L67: =AIU!F30 -> 0.01 | M67: =L67*$O$61 -> 3000
C68: UTILIDAD | L68: =AIU!F31 -> 0.05 | M68: =L68*$O$61 -> 15000
C69: SUBTOTAL $ | O69: =SUM(M66:O68) -> 93000
C71: Precio Unitario Total Aproximado al peso $ | O71: =O69+O61 -> 393000
D74: Elaborado por: | H74: Aprobado por:
D77: LAURA CAMILA ORDOÑEZ TEJADA | H77: MILTON STIVEN HOYOS HERMIDA
D78: ING. CIVIL APOYO PROFESIONAL | H78: SECRETARIO DE INFRAESTRUCTURA
D79: M.P 091037-0639549 CND | H79: M.P 161037-0560021 TLM

Sheet 6.5
C3: Código | D3: CCE-EICP-FM-32 | E3: Versión | F3: 1
C5: OBJETO: MANTENIMIENTO DE LA INFRAESTRUCTURA DE LAS SEDES ADMINISTRATIVAS DEL MUNICIPIO DE PITALITO
D8: ALCALDIA DE PITALITO
L9: VERSIÓN
D10: [NÚMERO DEL PROCESO]
L11: PÁGINA | M11: 1 | N11: DE | O11: 1
D13: ANALISIS DE PRECIOS UNITARIOS
L15: FECHA | M15: DD | N15: MM | O15: AA
M16: 3 | N16: 9 | O16: 2026
C21: DATOS ESPECÍFICOS
C23: ÍTEM | D23: DESCRIPCIÓN | M23: UNIDAD | O23: CANTIDAD
C24: =+'PRESUPUESTO OFICIAL'!D41 -> 6.5 | D24: =+'PRESUPUESTO OFICIAL'!G41 -> Suministro, corte, figurado, doblado y colocación de acero de refuerzo fy=60.000 psi (4200 kg/cm²), incluye alambre de amarre, separadores, desperdicios, mano de obra y todo lo necesario para su correcta ejecución. | M24: =+'PRESUPUESTO OFICIAL'!H41 -> KG | O24: =+'PRESUPUESTO OFICIAL'!I41 -> 137.53
C25: I. EQUIPO
C28: DESCRIPCIÓN | H28: MARCA | J28: UNIDAD | L28: TARIFA | M28: RENDIMIENTO | O28: Vr. UNITARIO
C29: HERRAMIENTA MENOR (M.O. 10%) | H29: N/A | J29: =INSUMOS!B26 -> Un | L29: =+O59 -> 1392 | M29: 0.1 | O29: =ROUND(M29*L29,0) -> 139
C33: SUBTOTAL $ | O33: =SUM(O29:O32) -> 139
C34: II. MATERIALES
C37: DESCRIPCIÓN | K37: UNIDAD | L37: CANTIDAD | M37: PRECIO UNIT. | O37: Vr. UNITARIO
C38: Hierro figurado de 60000 psi fy= 420 mpa | K38: kg | L38: 1.05 | M38: 7500 | O38: =+L38*M38 -> 7875
C39: =+INSUMOS!A143 -> ALAMBRE NEGRO NO. 18 | K39: =+INSUMOS!B143 -> KG | L39: 0.03 | M39: =+INSUMOS!C143 -> 6790 | O39: =+L39*M39 -> 203.7
C43: SUBTOTAL $ | O43: =ROUND(SUM(O38:O42),0) -> 8079
C44: III. TRANSPORTES
C47: TIPO | J47: VOL. o PESO | K47: UNIDAD | L47: TARIFA | M47: CANT / REND | O47: Vr. UNITARIO
C48: Transporte (% Vr. Materiales) | L48: =+O43 -> 8079 | M48: 0.1 | O48: =+ROUND(L48*M48,0) -> 808
C50: SUBTOTAL $ | O50: =ROUND(SUM(O48:O49),0) -> 808
C51: IV. MANO DE OBRA
C54: TRABAJADOR | J54: CANTIDAD | K54: UNIDAD | L54: TARIFA | M54: RENDIMIENTO | O54: Vr. UNITARIO
C55: =+'CUADRILLAS '!D28 -> Cuadrilla OAA (Albañilería) 1Of y 2Ay | J55: 1 | K55: =SUBPRODUCTOS!B27 -> Día | L55: =+'CUADRILLAS '!H34 -> 139205 | M55: 0.01 | O55: =ROUND(L55*M55,0) -> 1392
C59: SUBTOTAL $ | O59: =SUM(O55:O58) -> 1392
C61: TOTAL COSTO DIRECTO $ | O61: =ROUND(O33+O43+O50+O59,0) -> 10418
C62: V. COSTOS INDIRECTOS
C65: Descripción | L65: Porcentaje | M65: Valor Total
C66: ADMINISTRACION | L66: =AIU!F29 -> 0.25 | M66: =L66*$O$61 -> 2604.5
C67: IMPREVISTOS | L67: =AIU!F30 -> 0.01 | M67: =L67*$O$61 -> 104.18
C68: UTILIDAD | L68: =AIU!F31 -> 0.05 | M68: =L68*$O$61 -> 520.9
C69: SUBTOTAL $ | O69: =SUM(M66:O68) -> 3229.58
C71: Precio Unitario Total Aproximado al peso $ | O71: =O69+O61 -> 13647.58
D74: Elaborado por: | H74: Aprobado por:
D77: LAURA CAMILA ORDOÑEZ TEJADA | H77: MILTON STIVEN HOYOS HERMIDA
D78: ING. CIVIL APOYO PROFESIONAL | H78: SECRETARIO DE INFRAESTRUCTURA
D79: M.P 091037-0639549 CND | H79: M.P 161037-0560021 TLM

Sheet 7.1
C3: Código | D3: CCE-EICP-FM-32 | E3: Versión | F3: 1
C5: OBJETO: MANTENIMIENTO DE LA INFRAESTRUCTURA DE LAS SEDES ADMINISTRATIVAS DEL MUNICIPIO DE PITALITO
D8: ALCALDIA DE PITALITO
L9: VERSIÓN
D10: [NÚMERO DEL PROCESO]
L11: PÁGINA | M11: 1 | N11: DE | O11: 1
D13: ANALISIS DE PRECIOS UNITARIOS
L15: FECHA | M15: DD | N15: MM | O15: AA
M16: 3 | N16: 9 | O16: 2026
C21: DATOS ESPECÍFICOS
C23: ÍTEM | D23: DESCRIPCIÓN | M23: UNIDAD | O23: CANTIDAD
C24: =+'PRESUPUESTO OFICIAL'!D44 -> 7.1 | D24: =+'PRESUPUESTO OFICIAL'!G44 -> Suministro e instalación de mampostería en bloque divisorio N°5 de arcilla, incluye mortero de pega, plomo, nivel, alineación, juntas, cortes, desperdicios, mano de obra, herramientas y todos los elementos necesarios para su correcta ejecución. | M24: =+'PRESUPUESTO OFICIAL'!H44 -> m² | O24: =+'PRESUPUESTO OFICIAL'!I44 -> 32.88
C25: I. EQUIPO
C28: DESCRIPCIÓN | H28: MARCA | J28: UNIDAD | L28: TARIFA | M28: RENDIMIENTO | O28: Vr. UNITARIO
C29: HERRAMIENTA MENOR (M.O. 10%) | H29: N/A | J29: =INSUMOS!B26 -> Un | L29: =+O59 -> 20881 | M29: 0.1 | O29: =ROUND(M29*L29,0) -> 2088
C30: =+SUBPRODUCTOS!A4 -> ALQUILER DE ANDAMIO TUBULAR CON TIJERA 1.50x1.50 m | J30: Día | L30: =+SUBPRODUCTOS!E12 -> 4827 | M30: 0.1 | O30: =ROUND(M30*L30,0) -> 483
C33: SUBTOTAL $ | O33: =SUM(O29:O32) -> 2571
C34: II. MATERIALES
C37: DESCRIPCIÓN | K37: UNIDAD | L37: CANTIDAD | M37: PRECIO UNIT. | O37: Vr. UNITARIO
C38: Mortero 1:3 color gris | K38: m³ | L38: 0.03 | M38: =+CONCRETOS!F17 -> 528960 | O38: =+L38*M38 -> 15868.8
C39: =+INSUMOS!A148 -> BLOQUE NO. 5 MAMPOSTERÍA | K39: =+INSUMOS!B148 -> UND | L39: 13.85 | M39: =+INSUMOS!C148 -> 2500 | O39: =+L39*M39 -> 34625
C43: SUBTOTAL $ | O43: =ROUND(SUM(O38:O42),0) -> 50494
C44: III. TRANSPORTES
C47: TIPO | J47: VOL. o PESO | K47: UNIDAD | L47: TARIFA | M47: CANT / REND | O47: Vr. UNITARIO
C48: Transporte (% Vr. Materiales) | L48: =+O43 -> 50494 | M48: 0.1 | O48: =+ROUND(L48*M48,0) -> 5049
C50: SUBTOTAL $ | O50: =ROUND(SUM(O48:O49),0) -> 5049
C51: IV. MANO DE OBRA
C54: TRABAJADOR | J54: CANTIDAD | K54: UNIDAD | L54: TARIFA | M54: RENDIMIENTO | O54: Vr. UNITARIO
C55: =+'CUADRILLAS '!D28 -> Cuadrilla OAA (Albañilería) 1Of y 2Ay | J55: 1 | K55: =SUBPRODUCTOS!B27 -> Día | L55: =+'CUADRILLAS '!H34 -> 139205 | M55: 0.15 | O55: =ROUND(L55*M55,0) -> 20881
C59: SUBTOTAL $ | O59: =SUM(O55:O58) -> 20881
C61: TOTAL COSTO DIRECTO $ | O61: =ROUND(O33+O43+O50+O59,0) -> 78995
C62: V. COSTOS INDIRECTOS
C65: Descripción | L65: Porcentaje | M65: Valor Total
C66: ADMINISTRACION | L66: =AIU!F29 -> 0.25 | M66: =L66*$O$61 -> 19748.75
C67: IMPREVISTOS | L67: =AIU!F30 -> 0.01 | M67: =L67*$O$61 -> 789.95
C68: UTILIDAD | L68: =AIU!F31 -> 0.05 | M68: =L68*$O$61 -> 3949.75
C69: SUBTOTAL $ | O69: =SUM(M66:O68) -> 24488.45
C71: Precio Unitario Total Aproximado al peso $ | O71: =O69+O61 -> 103483.45
D74: Elaborado por: | H74: Aprobado por:
D77: LAURA CAMILA ORDOÑEZ TEJADA | H77: MILTON STIVEN HOYOS HERMIDA
D78: ING. CIVIL APOYO PROFESIONAL | H78: SECRETARIO DE INFRAESTRUCTURA
D79: M.P 091037-0639549 CND | H79: M.P 161037-0560021 TLM

Sheet 8.1
C3: Código | D3: CCE-EICP-FM-32 | E3: Versión | F3: 1
C5: OBJETO: MANTENIMIENTO DE LA INFRAESTRUCTURA DE LAS SEDES ADMINISTRATIVAS DEL MUNICIPIO DE PITALITO
D8: ALCALDIA DE PITALITO
L9: VERSIÓN
D10: [NÚMERO DEL PROCESO]
L11: PÁGINA | M11: 1 | N11: DE | O11: 1
D13: ANALISIS DE PRECIOS UNITARIOS
L15: FECHA | M15: DD | N15: MM | O15: AA
M16: 3 | N16: 9 | O16: 2026
C21: DATOS ESPECÍFICOS
C23: ÍTEM | D23: DESCRIPCIÓN | M23: UNIDAD | O23: CANTIDAD
C24: =+'PRESUPUESTO OFICIAL'!D47 -> 8.1 | D24: =+'PRESUPUESTO OFICIAL'!G47 -> Construcción de placa maciza elevada de concreto reforzado f'c=3000 psi y e=0.10 m, incluye impermeabilización integral, formaleta, apuntalamiento, vaciado, vibrado, nivelación, curado, mano de obra y todo lo necesario para su correcta ejecución. No incluye acero. | M24: =+'PRESUPUESTO OFICIAL'!H47 -> m² | O24: =+'PRESUPUESTO OFICIAL'!I47 -> 5.76
C25: I. EQUIPO
C28: DESCRIPCIÓN | H28: MARCA | J28: UNIDAD | L28: TARIFA | M28: RENDIMIENTO | O28: Vr. UNITARIO
C29: HERRAMIENTA MENOR (M.O. 10%) | H29: N/A | J29: =INSUMOS!B26 -> Un | L29: =+O62 -> 78937 | M29: 0.1 | O29: =ROUND(M29*L29,0) -> 7894
C30: =+'EQ. Y TRANSP.'!C6 -> Alquiler vibrador a gasolina | H30: N/A | J30: =+'EQ. Y TRANSP.'!D6 -> h | L30: =+'EQ. Y TRANSP.'!E6 -> 10000 | M30: 1 | O30: =ROUND(M30*L30,0) -> 10000
C31: Alquiler Formaleta enrepiso (camilla+cercha+parales) | H31: N/A | J31: m2 | L31: 9000 | M31: 1 | O31: =ROUND(M31*L31,0) -> 9000
C33: SUBTOTAL $ | O33: =SUM(O29:O32) -> 26894
C34: II. MATERIALES
C37: DESCRIPCIÓN | K37: UNIDAD | L37: CANTIDAD | M37: PRECIO UNIT. | O37: Vr. UNITARIO
C38: =+CONCRETOS!B54 -> Concreto 3.000 psi | K38: =+INSUMOS!B127 -> m3 | L38: 0.095 | M38: =+CONCRETOS!E110 -> 470100 | O38: =+L38*M38 -> 44659.5
C39: =+INSUMOS!A146 -> PUNTILLA CON CABEZA 2" | K39: =+INSUMOS!B146 -> LB | L39: 0.6 | M39: =+INSUMOS!C146 -> 9900 | O39: =+L39*M39 -> 5940
C40: =+INSUMOS!A149 -> DESENCOFRANTE | K40: =+INSUMOS!B149 -> KG | L40: 0.1 | M40: =+INSUMOS!C149 -> 12604 | O40: =+L40*M40 -> 1260.4
C41: =+INSUMOS!A150 -> MADERA SUPER T | K41: =+INSUMOS!B150 -> m2 | L41: 2 | M41: =+INSUMOS!C150 -> 3583 | O41: =+L41*M41 -> 7166
C42: =+INSUMOS!A151 -> TRIPLEX FORMALETA 1.22X1.44 DE 18 MM | K42: =+INSUMOS!B151 -> UND | L42: 0.05 | M42: =+INSUMOS!C151 -> 95000 | O42: =+L42*M42 -> 4750
C43: =+INSUMOS!A152 -> IMPERMEABILIZANTE PARA CONCRETO | K43: =+INSUMOS!B152 -> LT | L43: 0.01 | M43: =+INSUMOS!C152 -> 35000 | O43: =+L43*M43 -> 350
C46: SUBTOTAL $ | O46: =ROUND(SUM(O38:O45),0) -> 64126
C47: III. TRANSPORTES
C50: TIPO | J50: VOL. o PESO | K50: UNIDAD | L50: TARIFA | M50: CANT / REND | O50: Vr. UNITARIO
C53: SUBTOTAL $ | O53: =ROUND(SUM(O51:O52),0) -> 0
C54: IV. MANO DE OBRA
C57: TRABAJADOR | J57: CANTIDAD | K57: UNIDAD | L57: TARIFA | M57: RENDIMIENTO | O57: Vr. UNITARIO
C58: =+'CUADRILLAS '!D28 -> Cuadrilla OAA (Albañilería) 1Of y 2Ay | J58: 1 | K58: =SUBPRODUCTOS!B27 -> Día | L58: =+'CUADRILLAS '!H34 -> 139205 | M58: 0.3 | O58: =ROUND(L58*M58,0) -> 41762
C59: =+'CUADRILLAS '!D52 -> Cuadrilla AAA (Albañilería) 3Ay | J59: 1 | K59: =SUBPRODUCTOS!B28 -> Día | L59: =+'CUADRILLAS '!H58 -> 123915 | M59: 0.3 | O59: =ROUND(L59*M59,0) -> 37175
C62: SUBTOTAL $ | O62: =SUM(O58:O61) -> 78937
C64: TOTAL COSTO DIRECTO $ | O64: =ROUND(O33+O46+O53+O62,0) -> 169957
C65: V. COSTOS INDIRECTOS
C68: Descripción | L68: Porcentaje | M68: Valor Total
C69: ADMINISTRACION | L69: =AIU!F29 -> 0.25 | M69: =L69*$O$64 -> 42489.25
C70: IMPREVISTOS | L70: =AIU!F30 -> 0.01 | M70: =L70*$O$64 -> 1699.57
C71: UTILIDAD | L71: =AIU!F31 -> 0.05 | M71: =L71*$O$64 -> 8497.85
C72: SUBTOTAL $ | O72: =SUM(M69:O71) -> 52686.67
C74: Precio Unitario Total Aproximado al peso $ | O74: =O72+O64 -> 222643.67
D77: Elaborado por: | H77: Aprobado por:
D80: LAURA CAMILA ORDOÑEZ TEJADA | H80: MILTON STIVEN HOYOS HERMIDA
D81: ING. CIVIL APOYO PROFESIONAL | H81: SECRETARIO DE INFRAESTRUCTURA
D82: M.P 091037-0639549 CND | H82: M.P 161037-0560021 TLM

Sheet 8.2
C3: Código | D3: CCE-EICP-FM-32 | E3: Versión | F3: 1
C5: OBJETO: MANTENIMIENTO DE LA INFRAESTRUCTURA DE LAS SEDES ADMINISTRATIVAS DEL MUNICIPIO DE PITALITO
D8: ALCALDIA DE PITALITO
L9: VERSIÓN
D10: [NÚMERO DEL PROCESO]
L11: PÁGINA | M11: 1 | N11: DE | O11: 1
D13: ANALISIS DE PRECIOS UNITARIOS
L15: FECHA | M15: DD | N15: MM | O15: AA
M16: 3 | N16: 9 | O16: 2026
C21: DATOS ESPECÍFICOS
C23: ÍTEM | D23: DESCRIPCIÓN | M23: UNIDAD | O23: CANTIDAD
C24: =+'PRESUPUESTO OFICIAL'!D48 -> 8.2 | D24: =+'PRESUPUESTO OFICIAL'!G48 -> Construcción de columnas en concreto reforzado f'c=3000 psi, incluye formaleta, acero de refuerzo, vaciado, vibrado, desencofrado, curado, mano de obra, equipos y todos los elementos necesarios para su correcta ejecución. No incluye acero. | M24: =+'PRESUPUESTO OFICIAL'!H48 -> ML | O24: =+'PRESUPUESTO OFICIAL'!I48 -> 3
C25: I. EQUIPO
C28: DESCRIPCIÓN | H28: MARCA | J28: UNIDAD | L28: TARIFA | M28: RENDIMIENTO | O28: Vr. UNITARIO
C29: HERRAMIENTA MENOR (M.O. 10%) | H29: N/A | J29: =INSUMOS!B26 -> Un | L29: =+O59 -> 105248 | M29: 0.1 | O29: =ROUND(M29*L29,0) -> 10525
C30: =+SUBPRODUCTOS!A4 -> ALQUILER DE ANDAMIO TUBULAR CON TIJERA 1.50x1.50 m | H30: N/A | J30: Día | L30: =+SUBPRODUCTOS!E12 -> 4827 | M30: 0.25 | O30: =ROUND(M30*L30,0) -> 1207
C33: SUBTOTAL $ | O33: =SUM(O29:O32) -> 11732
C34: II. MATERIALES
C37: DESCRIPCIÓN | K37: UNIDAD | L37: CANTIDAD | M37: PRECIO UNIT. | O37: Vr. UNITARIO
C38: =+CONCRETOS!B54 -> Concreto 3.000 psi | K38: =+INSUMOS!B127 -> m3 | L38: 0.09 | M38: =+CONCRETOS!E110 -> 470100 | O38: =+L38*M38 -> 42309
C39: =+INSUMOS!A146 -> PUNTILLA CON CABEZA 2" | K39: =+INSUMOS!B146 -> LB | L39: 0.03 | M39: =+INSUMOS!C146 -> 9900 | O39: =+L39*M39 -> 297
C40: =+INSUMOS!A147 -> TABLA BURRA 30CMX2.2CMX2.7M | K40: =+INSUMOS!B147 -> UND | L40: 0.5 | M40: =+INSUMOS!C147 -> 18200 | O40: =+L40*M40 -> 9100
C43: SUBTOTAL $ | O43: =ROUND(SUM(O38:O42),0) -> 51706
C44: III. TRANSPORTES
C47: TIPO | J47: VOL. o PESO | K47: UNIDAD | L47: TARIFA | M47: CANT / REND | O47: Vr. UNITARIO
C48: Transporte (% Vr. Materiales) | L48: =+O43 -> 51706 | M48: 0.1 | O48: =+ROUND(L48*M48,0) -> 5171
C50: SUBTOTAL $ | O50: =ROUND(SUM(O48:O49),0) -> 5171
C51: IV. MANO DE OBRA
C54: TRABAJADOR | J54: CANTIDAD | K54: UNIDAD | L54: TARIFA | M54: RENDIMIENTO | O54: Vr. UNITARIO
C55: =+'CUADRILLAS '!D28 -> Cuadrilla OAA (Albañilería) 1Of y 2Ay | J55: 1 | K55: =SUBPRODUCTOS!B27 -> Día | L55: =+'CUADRILLAS '!H34 -> 139205 | M55: 0.4 | O55: =ROUND(L55*M55,0) -> 55682
C56: =+'CUADRILLAS '!D52 -> Cuadrilla AAA (Albañilería) 3Ay | J56: 1 | K56: =+'CUADRILLAS '!E53 -> jor | L56: =+'CUADRILLAS '!H58 -> 123915 | M56: 0.4 | O56: =ROUND(L56*M56,0) -> 49566
C59: SUBTOTAL $ | O59: =SUM(O55:O58) -> 105248
C61: TOTAL COSTO DIRECTO $ | O61: =ROUND(O33+O43+O50+O59,0) -> 173857
C62: V. COSTOS INDIRECTOS
C65: Descripción | L65: Porcentaje | M65: Valor Total
C66: ADMINISTRACION | L66: =AIU!F29 -> 0.25 | M66: =L66*$O$61 -> 43464.25
C67: IMPREVISTOS | L67: =AIU!F30 -> 0.01 | M67: =L67*$O$61 -> 1738.57
C68: UTILIDAD | L68: =AIU!F31 -> 0.05 | M68: =L68*$O$61 -> 8692.85
C69: SUBTOTAL $ | O69: =SUM(M66:O68) -> 53895.67
C71: Precio Unitario Total Aproximado al peso $ | O71: =O69+O61 -> 227752.67
D74: Elaborado por: | H74: Aprobado por:
D77: LAURA CAMILA ORDOÑEZ TEJADA | H77: MILTON STIVEN HOYOS HERMIDA
D78: ING. CIVIL APOYO PROFESIONAL | H78: SECRETARIO DE INFRAESTRUCTURA
D79: M.P 091037-0639549 CND | H79: M.P 161037-0560021 TLM

Sheet 8.3
C3: Código | D3: CCE-EICP-FM-32 | E3: Versión | F3: 1
C5: OBJETO: MANTENIMIENTO DE LA INFRAESTRUCTURA DE LAS SEDES ADMINISTRATIVAS DEL MUNICIPIO DE PITALITO
D8: ALCALDIA DE PITALITO
L9: VERSIÓN
D10: [NÚMERO DEL PROCESO]
L11: PÁGINA | M11: 1 | N11: DE | O11: 1
D13: ANALISIS DE PRECIOS UNITARIOS
L15: FECHA | M15: DD | N15: MM | O15: AA
M16: 3 | N16: 9 | O16: 2026
C21: DATOS ESPECÍFICOS
C23: ÍTEM | D23: DESCRIPCIÓN | M23: UNIDAD | O23: CANTIDAD
C24: =+'PRESUPUESTO OFICIAL'!D49 -> 8.3 | D24: =+'PRESUPUESTO OFICIAL'!G49 -> Construcción de columneta de dimensiones 0.15x0.2 en concreto f'c=3000 psi, incluye formaleta, acero de refuerzo, vaciado, vibrado, desencofrado, curado, mano de obra, equipos y todos los elementos necesarios para su correcta ejecución. No incluye acero | M24: =+'PRESUPUESTO OFICIAL'!H49 -> ML | O24: =+'PRESUPUESTO OFICIAL'!I49 -> 8.1
C25: I. EQUIPO
C28: DESCRIPCIÓN | H28: MARCA | J28: UNIDAD | L28: TARIFA | M28: RENDIMIENTO | O28: Vr. UNITARIO
C29: HERRAMIENTA MENOR (M.O. 10%) | H29: N/A | J29: =INSUMOS!B26 -> Un | L29: =+O59 -> 65780 | M29: 0.1 | O29: =ROUND(M29*L29,0) -> 6578
C30: =+SUBPRODUCTOS!A4 -> ALQUILER DE ANDAMIO TUBULAR CON TIJERA 1.50x1.50 m | H30: N/A | J30: Día | L30: =+SUBPRODUCTOS!E12 -> 4827 | M30: 0.25 | O30: =ROUND(M30*L30,0) -> 1207
C33: SUBTOTAL $ | O33: =SUM(O29:O32) -> 7785
C34: II. MATERIALES
C37: DESCRIPCIÓN | K37: UNIDAD | L37: CANTIDAD | M37: PRECIO UNIT. | O37: Vr. UNITARIO
C38: =+CONCRETOS!B54 -> Concreto 3.000 psi | K38: =+INSUMOS!B127 -> m3 | L38: 0.07 | M38: =+CONCRETOS!E110 -> 470100 | O38: =+L38*M38 -> 32907
C39: =+INSUMOS!A146 -> PUNTILLA CON CABEZA 2" | K39: =+INSUMOS!B146 -> LB | L39: 0.03 | M39: =+INSUMOS!C146 -> 9900 | O39: =+L39*M39 -> 297
C40: =+INSUMOS!A147 -> TABLA BURRA 30CMX2.2CMX2.7M | K40: =+INSUMOS!B147 -> UND | L40: 0.5 | M40: =+INSUMOS!C147 -> 18200 | O40: =+L40*M40 -> 9100
C43: SUBTOTAL $ | O43: =ROUND(SUM(O38:O42),0) -> 42304
C44: III. TRANSPORTES
C47: TIPO | J47: VOL. o PESO | K47: UNIDAD | L47: TARIFA | M47: CANT / REND | O47: Vr. UNITARIO
C48: Transporte (% Vr. Materiales) | L48: =+O43 -> 42304 | M48: 0.1 | O48: =+ROUND(L48*M48,0) -> 4230
C50: SUBTOTAL $ | O50: =ROUND(SUM(O48:O49),0) -> 4230
C51: IV. MANO DE OBRA
C54: TRABAJADOR | J54: CANTIDAD | K54: UNIDAD | L54: TARIFA | M54: RENDIMIENTO | O54: Vr. UNITARIO
C55: =+'CUADRILLAS '!D28 -> Cuadrilla OAA (Albañilería) 1Of y 2Ay | J55: 1 | K55: =SUBPRODUCTOS!B27 -> Día | L55: =+'CUADRILLAS '!H34 -> 139205 | M55: 0.25 | O55: =ROUND(L55*M55,0) -> 34801
C56: =+'CUADRILLAS '!D52 -> Cuadrilla AAA (Albañilería) 3Ay | J56: 1 | K56: =+'CUADRILLAS '!E53 -> jor | L56: =+'CUADRILLAS '!H58 -> 123915 | M56: 0.25 | O56: =ROUND(L56*M56,0) -> 30979
C59: SUBTOTAL $ | O59: =SUM(O55:O58) -> 65780
C61: TOTAL COSTO DIRECTO $ | O61: =ROUND(O33+O43+O50+O59,0) -> 120099
C62: V. COSTOS INDIRECTOS
C65: Descripción | L65: Porcentaje | M65: Valor Total
C66: ADMINISTRACION | L66: =AIU!F29 -> 0.25 | M66: =L66*$O$61 -> 30024.75
C67: IMPREVISTOS | L67: =AIU!F30 -> 0.01 | M67: =L67*$O$61 -> 1200.99
C68: UTILIDAD | L68: =AIU!F31 -> 0.05 | M68: =L68*$O$61 -> 6004.95
C69: SUBTOTAL $ | O69: =SUM(M66:O68) -> 37230.69
C71: Precio Unitario Total Aproximado al peso $ | O71: =O69+O61 -> 157329.69
D74: Elaborado por: | H74: Aprobado por:
D77: LAURA CAMILA ORDOÑEZ TEJADA | H77: MILTON STIVEN HOYOS HERMIDA
D78: ING. CIVIL APOYO PROFESIONAL | H78: SECRETARIO DE INFRAESTRUCTURA
D79: M.P 091037-0639549 CND | H79: M.P 161037-0560021 TLM

Sheet 8.4
C3: Código | D3: CCE-EICP-FM-32 | E3: Versión | F3: 1
C5: OBJETO: MANTENIMIENTO DE LA INFRAESTRUCTURA DE LAS SEDES ADMINISTRATIVAS DEL MUNICIPIO DE PITALITO
D8: ALCALDIA DE PITALITO
L9: VERSIÓN
D10: [NÚMERO DEL PROCESO]
L11: PÁGINA | M11: 1 | N11: DE | O11: 1
D13: ANALISIS DE PRECIOS UNITARIOS
L15: FECHA | M15: DD | N15: MM | O15: AA
M16: 3 | N16: 9 | O16: 2026
C21: DATOS ESPECÍFICOS
C23: ÍTEM | D23: DESCRIPCIÓN | M23: UNIDAD | O23: CANTIDAD
C24: =+'PRESUPUESTO OFICIAL'!D50 -> 8.4 | D24: =+'PRESUPUESTO OFICIAL'!G50 -> Suministro y vaciado de vigas de de amarre 0.12x0.20 cm en concreto reforzado de f'c=3000 psi, incluye formaleta, colocación, vibrado, nivelación, curado, mano de obra, equipos y todo lo necesario para su correcta ejecución. No incluye acero | M24: =+'PRESUPUESTO OFICIAL'!H50 -> ML | O24: =+'PRESUPUESTO OFICIAL'!I50 -> 15.1
C25: I. EQUIPO
C28: DESCRIPCIÓN | H28: MARCA | J28: UNIDAD | L28: TARIFA | M28: RENDIMIENTO | O28: Vr. UNITARIO
C29: HERRAMIENTA MENOR (M.O. 10%) | H29: N/A | J29: =INSUMOS!B26 -> Un | L29: =+O59 -> 92092 | M29: 0.1 | O29: =ROUND(M29*L29,0) -> 9209
C30: =+SUBPRODUCTOS!A4 -> ALQUILER DE ANDAMIO TUBULAR CON TIJERA 1.50x1.50 m | H30: N/A | J30: Día | L30: =+SUBPRODUCTOS!E12 -> 4827 | M30: 0.25 | O30: =ROUND(M30*L30,0) -> 1207
C31: Alquiler formaleta enrepiso (camilla+cercha+parales) | H31: N/A | J31: m2 | L31: 9000 | M31: 1 | O31: =ROUND(M31*L31,0) -> 9000
C33: SUBTOTAL $ | O33: =SUM(O29:O32) -> 19416
C34: II. MATERIALES
C37: DESCRIPCIÓN | K37: UNIDAD | L37: CANTIDAD | M37: PRECIO UNIT. | O37: Vr. UNITARIO
C38: =+CONCRETOS!B54 -> Concreto 3.000 psi | K38: =+INSUMOS!B127 -> m3 | L38: =+(0.12*0.2*1)*1.05 -> 0.0252 | M38: =+CONCRETOS!E110 -> 470100 | O38: =+L38*M38 -> 11846.52
C39: =+INSUMOS!A146 -> PUNTILLA CON CABEZA 2" | K39: =+INSUMOS!B146 -> LB | L39: 0.03 | M39: =+INSUMOS!C146 -> 9900 | O39: =+L39*M39 -> 297
C40: =+INSUMOS!A147 -> TABLA BURRA 30CMX2.2CMX2.7M | K40: =+INSUMOS!B147 -> UND | L40: 0.5 | M40: =+INSUMOS!C147 -> 18200 | O40: =+L40*M40 -> 9100
C43: SUBTOTAL $ | O43: =ROUND(SUM(O38:O42),0) -> 21244
C44: III. TRANSPORTES
C47: TIPO | J47: VOL. o PESO | K47: UNIDAD | L47: TARIFA | M47: CANT / REND | O47: Vr. UNITARIO
C48: Transporte (% Vr. Materiales) | L48: =+O43 -> 21244 | M48: 0.1 | O48: =+ROUND(L48*M48,0) -> 2124
C50: SUBTOTAL $ | O50: =ROUND(SUM(O48:O49),0) -> 2124
C51: IV. MANO DE OBRA
C54: TRABAJADOR | J54: CANTIDAD | K54: UNIDAD | L54: TARIFA | M54: RENDIMIENTO | O54: Vr. UNITARIO
C55: =+'CUADRILLAS '!D28 -> Cuadrilla OAA (Albañilería) 1Of y 2Ay | J55: 1 | K55: =SUBPRODUCTOS!B27 -> Día | L55: =+'CUADRILLAS '!H34 -> 139205 | M55: 0.35 | O55: =ROUND(L55*M55,0) -> 48722
C56: =+'CUADRILLAS '!D52 -> Cuadrilla AAA (Albañilería) 3Ay | J56: 1 | K56: =+'CUADRILLAS '!E53 -> jor | L56: =+'CUADRILLAS '!H58 -> 123915 | M56: 0.35 | O56: =ROUND(L56*M56,0) -> 43370
C59: SUBTOTAL $ | O59: =SUM(O55:O58) -> 92092
C61: TOTAL COSTO DIRECTO $ | O61: =ROUND(O33+O43+O50+O59,0) -> 134876
C62: V. COSTOS INDIRECTOS
C65: Descripción | L65: Porcentaje | M65: Valor Total
C66: ADMINISTRACION | L66: =AIU!F29 -> 0.25 | M66: =L66*$O$61 -> 33719
C67: IMPREVISTOS | L67: =AIU!F30 -> 0.01 | M67: =L67*$O$61 -> 1348.76
C68: UTILIDAD | L68: =AIU!F31 -> 0.05 | M68: =L68*$O$61 -> 6743.8
C69: SUBTOTAL $ | O69: =SUM(M66:O68) -> 41811.56
C71: Precio Unitario Total Aproximado al peso $ | O71: =O69+O61 -> 176687.56
D74: Elaborado por: | H74: Aprobado por:
D77: LAURA CAMILA ORDOÑEZ TEJADA | H77: MILTON STIVEN HOYOS HERMIDA
D78: ING. CIVIL APOYO PROFESIONAL | H78: SECRETARIO DE INFRAESTRUCTURA
D79: M.P 091037-0639549 CND | H79: M.P 161037-0560021 TLM

Sheet 8.5
C3: Código | D3: CCE-EICP-FM-32 | E3: Versión | F3: 1
C5: OBJETO: MANTENIMIENTO DE LA INFRAESTRUCTURA DE LAS SEDES ADMINISTRATIVAS DEL MUNICIPIO DE PITALITO
D8: ALCALDIA DE PITALITO
L9: VERSIÓN
D10: [NÚMERO DEL PROCESO]
L11: PÁGINA | M11: 1 | N11: DE | O11: 1
D13: ANALISIS DE PRECIOS UNITARIOS
L15: FECHA | M15: DD | N15: MM | O15: AA
M16: 3 | N16: 9 | O16: 2026
C21: DATOS ESPECÍFICOS
C23: ÍTEM | D23: DESCRIPCIÓN | M23: UNIDAD | O23: CANTIDAD
C24: =+'PRESUPUESTO OFICIAL'!D51 -> 8.5 | D24: =+'PRESUPUESTO OFICIAL'!G51 -> Suministro, corte, figurado, doblado y colocación de acero de refuerzo fy=60.000 psi (4200 kg/cm²), incluye alambre de amarre, separadores, desperdicios, mano de obra y todo lo necesario para su correcta ejecución. | M24: =+'PRESUPUESTO OFICIAL'!H51 -> KG | O24: =+'PRESUPUESTO OFICIAL'!I51 -> 205.88
C25: I. EQUIPO
C28: DESCRIPCIÓN | H28: MARCA | J28: UNIDAD | L28: TARIFA | M28: RENDIMIENTO | O28: Vr. UNITARIO
C29: HERRAMIENTA MENOR (M.O. 10%) | H29: N/A | J29: =INSUMOS!B26 -> Un | L29: =+O59 -> 1392 | M29: 0.1 | O29: =ROUND(M29*L29,0) -> 139
C33: SUBTOTAL $ | O33: =SUM(O29:O32) -> 139
C34: II. MATERIALES
C37: DESCRIPCIÓN | K37: UNIDAD | L37: CANTIDAD | M37: PRECIO UNIT. | O37: Vr. UNITARIO
C38: Hierro figurado de 60000 psi fy= 420 mpa | K38: kg | L38: 1.05 | M38: 7500 | O38: =+L38*M38 -> 7875
C39: =+INSUMOS!A143 -> ALAMBRE NEGRO NO. 18 | K39: =+INSUMOS!B143 -> KG | L39: 0.03 | M39: =+INSUMOS!C143 -> 6790 | O39: =+L39*M39 -> 203.7
C43: SUBTOTAL $ | O43: =ROUND(SUM(O38:O42),0) -> 8079
C44: III. TRANSPORTES
C47: TIPO | J47: VOL. o PESO | K47: UNIDAD | L47: TARIFA | M47: CANT / REND | O47: Vr. UNITARIO
C48: Transporte (% Vr. Materiales) | L48: =+O43 -> 8079 | M48: 0.1 | O48: =+ROUND(L48*M48,0) -> 808
C50: SUBTOTAL $ | O50: =ROUND(SUM(O48:O49),0) -> 808
C51: IV. MANO DE OBRA
C54: TRABAJADOR | J54: CANTIDAD | K54: UNIDAD | L54: TARIFA | M54: RENDIMIENTO | O54: Vr. UNITARIO
C55: =+'CUADRILLAS '!D28 -> Cuadrilla OAA (Albañilería) 1Of y 2Ay | J55: 1 | K55: =SUBPRODUCTOS!B27 -> Día | L55: =+'CUADRILLAS '!H34 -> 139205 | M55: 0.01 | O55: =ROUND(L55*M55,0) -> 1392
C59: SUBTOTAL $ | O59: =SUM(O55:O58) -> 1392
C61: TOTAL COSTO DIRECTO $ | O61: =ROUND(O33+O43+O50+O59,0) -> 10418
C62: V. COSTOS INDIRECTOS
C65: Descripción | L65: Porcentaje | M65: Valor Total
C66: ADMINISTRACION | L66: =AIU!F29 -> 0.25 | M66: =L66*$O$61 -> 2604.5
C67: IMPREVISTOS | L67: =AIU!F30 -> 0.01 | M67: =L67*$O$61 -> 104.18
C68: UTILIDAD | L68: =AIU!F31 -> 0.05 | M68: =L68*$O$61 -> 520.9
C69: SUBTOTAL $ | O69: =SUM(M66:O68) -> 3229.58
C71: Precio Unitario Total Aproximado al peso $ | O71: =O69+O61 -> 13647.58
D74: Elaborado por: | H74: Aprobado por:
D77: LAURA CAMILA ORDOÑEZ TEJADA | H77: MILTON STIVEN HOYOS HERMIDA
D78: ING. CIVIL APOYO PROFESIONAL | H78: SECRETARIO DE INFRAESTRUCTURA
D79: M.P 091037-0639549 CND | H79: M.P 161037-0560021 TLM

Sheet 9.1
C3: Código | D3: CCE-EICP-FM-32 | E3: Versión | F3: 1
C5: OBJETO: MANTENIMIENTO DE LA INFRAESTRUCTURA DE LAS SEDES ADMINISTRATIVAS DEL MUNICIPIO DE PITALITO
D8: ALCALDIA DE PITALITO
L9: VERSIÓN
D10: [NÚMERO DEL PROCESO]
L11: PÁGINA | M11: 1 | N11: DE | O11: 1
D13: ANALISIS DE PRECIOS UNITARIOS
L15: FECHA | M15: DD | N15: MM | O15: AA
M16: 3 | N16: 9 | O16: 2026
C21: DATOS ESPECÍFICOS
C23: ÍTEM | D23: DESCRIPCIÓN | M23: UNIDAD | O23: CANTIDAD
C24: =+'PRESUPUESTO OFICIAL'!D54 -> 9.1 | D24: =+'PRESUPUESTO OFICIAL'!G54 -> Suministro e instalación de alistado para piso en mortero impermeabilizado 1:4 e=0.03 m, incluye preparación de la superficie, nivelación, afinado, formación de pendientes, mano de obra, herramientas y todo lo necesario para su correcta ejecución. | M24: =+'PRESUPUESTO OFICIAL'!H54 -> m² | O24: =+'PRESUPUESTO OFICIAL'!I54 -> 6.4
C25: I. EQUIPO
C28: DESCRIPCIÓN | H28: MARCA | J28: UNIDAD | L28: TARIFA | M28: RENDIMIENTO | O28: Vr. UNITARIO
C29: HERRAMIENTA MENOR (M.O. 10%) | H29: N/A | J29: =INSUMOS!B26 -> Un | L29: =+O59 -> 13921 | M29: 0.1 | O29: =ROUND(M29*L29,0) -> 1392
C33: SUBTOTAL $ | O33: =SUM(O29:O32) -> 1392
C34: II. MATERIALES
C37: DESCRIPCIÓN | K37: UNIDAD | L37: CANTIDAD | M37: PRECIO UNIT. | O37: Vr. UNITARIO
C38: Mortero 1:4 | K38: m³ | L38: 0.04 | M38: =+CONCRETOS!F25 -> 460360 | O38: =+L38*M38 -> 18414.4
C39: =+INSUMOS!A153 -> SIKA-1 impermeabilizante integral morteros | K39: =+INSUMOS!B153 -> KG | L39: 0.75 | M39: =+INSUMOS!C153 -> 28000 | O39: =+L39*M39 -> 21000
C43: SUBTOTAL $ | O43: =ROUND(SUM(O38:O42),0) -> 39414
C44: III. TRANSPORTES
C47: TIPO | J47: VOL. o PESO | K47: UNIDAD | L47: TARIFA | M47: CANT / REND | O47: Vr. UNITARIO
C48: Transporte (% Vr. Materiales) | L48: =+O43 -> 39414 | M48: 0.1 | O48: =+ROUND(L48*M48,0) -> 3941
C50: SUBTOTAL $ | O50: =ROUND(SUM(O48:O49),0) -> 3941
C51: IV. MANO DE OBRA
C54: TRABAJADOR | J54: CANTIDAD | K54: UNIDAD | L54: TARIFA | M54: RENDIMIENTO | O54: Vr. UNITARIO
C55: =+'CUADRILLAS '!D28 -> Cuadrilla OAA (Albañilería) 1Of y 2Ay | J55: 1 | K55: =SUBPRODUCTOS!B27 -> Día | L55: =+'CUADRILLAS '!H34 -> 139205 | M55: 0.1 | O55: =ROUND(L55*M55,0) -> 13921
C59: SUBTOTAL $ | O59: =SUM(O55:O58) -> 13921
C61: TOTAL COSTO DIRECTO $ | O61: =ROUND(O33+O43+O50+O59,0) -> 58668
C62: V. COSTOS INDIRECTOS
C65: Descripción | L65: Porcentaje | M65: Valor Total
C66: ADMINISTRACION | L66: =AIU!F29 -> 0.25 | M66: =L66*$O$61 -> 14667
C67: IMPREVISTOS | L67: =AIU!F30 -> 0.01 | M67: =L67*$O$61 -> 586.68
C68: UTILIDAD | L68: =AIU!F31 -> 0.05 | M68: =L68*$O$61 -> 2933.4
C69: SUBTOTAL $ | O69: =SUM(M66:O68) -> 18187.08
C71: Precio Unitario Total Aproximado al peso $ | O71: =O69+O61 -> 76855.08
D74: Elaborado por: | H74: Aprobado por:
D77: LAURA CAMILA ORDOÑEZ TEJADA | H77: MILTON STIVEN HOYOS HERMIDA
D78: ING. CIVIL APOYO PROFESIONAL | H78: SECRETARIO DE INFRAESTRUCTURA
D79: M.P 091037-0639549 CND | H79: M.P 161037-0560021 TLM

Sheet 10.1
C3: Código | D3: CCE-EICP-FM-32 | E3: Versión | F3: 1
C5: OBJETO: MANTENIMIENTO DE LA INFRAESTRUCTURA DE LAS SEDES ADMINISTRATIVAS DEL MUNICIPIO DE PITALITO
D8: ALCALDIA DE PITALITO
L9: VERSIÓN
D10: [NÚMERO DEL PROCESO]
L11: PÁGINA | M11: 1 | N11: DE | O11: 1
D13: ANALISIS DE PRECIOS UNITARIOS
L15: FECHA | M15: DD | N15: MM | O15: AA
M16: 3 | N16: 9 | O16: 2026
C21: DATOS ESPECÍFICOS
C23: ÍTEM | D23: DESCRIPCIÓN | M23: UNIDAD | O23: CANTIDAD
C24: =+'PRESUPUESTO OFICIAL'!D57 -> 10.1 | D24: =+'PRESUPUESTO OFICIAL'!G57 -> Suministro e instalación de salida para tomacorriente doble en tubería conduit PVC de 1/2”, incluye caja metálica galvanizada rectangular, tomacorriente doble línea GFCI, conductores de cobre THHN #12, conectores, accesorios, soldadura y limpiador PVC, cinta aislante, mano de obra, herramientas y todo lo necesario para su correcta instalación y funcionamiento. | M24: =+'PRESUPUESTO OFICIAL'!H57 -> UND. | O24: =+'PRESUPUESTO OFICIAL'!I57 -> 1
C25: I. EQUIPO
C28: DESCRIPCIÓN | H28: MARCA | J28: UNIDAD | L28: TARIFA | M28: RENDIMIENTO | O28: Vr. UNITARIO
C29: HERRAMIENTA MENOR (M.O. 10%) | H29: N/A | J29: =INSUMOS!B26 -> Un | L29: =+O64 -> 69603 | M29: 0.1 | O29: =ROUND(M29*L29,0) -> 6960
C33: SUBTOTAL $ | O33: =SUM(O29:O32) -> 6960
C34: II. MATERIALES
C37: DESCRIPCIÓN | K37: UNIDAD | L37: CANTIDAD | M37: PRECIO UNIT. | O37: Vr. UNITARIO
C38: =+INSUMOS!A154 -> Tubo conduit PVC de 1/2" | K38: =+INSUMOS!B154 -> M | L38: 3 | M38: =+INSUMOS!C154 -> 2500 | O38: =+L38*M38 -> 7500
C39: =+INSUMOS!A155 -> Adaptador terminal conduit PVC de 1/2" | K39: =+INSUMOS!B155 -> UND | L39: 2 | M39: =+INSUMOS!C155 -> 500 | O39: =+L39*M39 -> 1000
C40: =+INSUMOS!A156 -> Caja metálica galvanizada rectangular | K40: =+INSUMOS!B156 -> UND | L40: 1 | M40: =+INSUMOS!C156 -> 1600 | O40: =+L40*M40 -> 1600
C41: Tomacorriente doble línea GFCI | K41: =+INSUMOS!B157 -> UND | L41: 1 | M41: =+INSUMOS!C157 -> 50000 | O41: =+L41*M41 -> 50000
C42: =+INSUMOS!A158 -> Limpiador removedor PVC 760 grMs. (1/4) | K42: =+INSUMOS!B158 -> GAL | L42: 0.02 | M42: =+INSUMOS!C158 -> 42900 | O42: =+L42*M42 -> 858
C43: =+INSUMOS!A159 -> Soldadura PVCx1/4 galón. | K43: =+INSUMOS!B159 -> UND | L43: 0.01 | M43: =+INSUMOS!C159 -> 96900 | O43: =+L43*M43 -> 969
C44: =+INSUMOS!A160 -> Alambre de cobre aislado THRN #12 | K44: =+INSUMOS!B160 -> UND | L44: 9 | M44: =+INSUMOS!C160 -> 2800 | O44: =+L44*M44 -> 25200
C45: =+INSUMOS!A161 -> Conector resorte | K45: =+INSUMOS!B161 -> UND | L45: 3 | M45: =+INSUMOS!C161 -> 850 | O45: =+L45*M45 -> 2550
C46: =+INSUMOS!A162 -> Cinta aislante | K46: =+INSUMOS!B162 -> ML | L46: 0.15 | M46: =+INSUMOS!C162 -> 2500 | O46: =+L46*M46 -> 375
C48: SUBTOTAL $ | O48: =ROUND(SUM(O38:O47),0) -> 90052
C49: III. TRANSPORTES
C52: TIPO | J52: VOL. o PESO | K52: UNIDAD | L52: TARIFA | M52: CANT / REND | O52: Vr. UNITARIO
C53: Transporte (% Vr. Materiales) | L53: =+O48 -> 90052 | M53: 0.1 | O53: =+ROUND(L53*M53,0) -> 9005
C55: SUBTOTAL $ | O55: =ROUND(SUM(O53:O54),0) -> 9005
C56: IV. MANO DE OBRA
C59: TRABAJADOR | J59: CANTIDAD | K59: UNIDAD | L59: TARIFA | M59: RENDIMIENTO | O59: Vr. UNITARIO
C60: =+'CUADRILLAS '!D28 -> Cuadrilla OAA (Albañilería) 1Of y 2Ay | J60: 1 | K60: =SUBPRODUCTOS!B27 -> Día | L60: =+'CUADRILLAS '!H34 -> 139205 | M60: 0.5 | O60: =ROUND(L60*M60,0) -> 69603
C64: SUBTOTAL $ | O64: =SUM(O60:O63) -> 69603
C66: TOTAL COSTO DIRECTO $ | O66: =ROUND(O33+O48+O55+O64,0) -> 175620
C67: V. COSTOS INDIRECTOS
C70: Descripción | L70: Porcentaje | M70: Valor Total
C71: ADMINISTRACION | L71: =AIU!F29 -> 0.25 | M71: =L71*$O$66 -> 43905
C72: IMPREVISTOS | L72: =AIU!F30 -> 0.01 | M72: =L72*$O$66 -> 1756.2
C73: UTILIDAD | L73: =AIU!F31 -> 0.05 | M73: =L73*$O$66 -> 8781
C74: SUBTOTAL $ | O74: =SUM(M71:O73) -> 54442.2
C76: Precio Unitario Total Aproximado al peso $ | O76: =O74+O66 -> 230062.2
D79: Elaborado por: | H79: Aprobado por:
D82: LAURA CAMILA ORDOÑEZ TEJADA | H82: MILTON STIVEN HOYOS HERMIDA
D83: ING. CIVIL APOYO PROFESIONAL | H83: SECRETARIO DE INFRAESTRUCTURA
D84: M.P 091037-0639549 CND | H84: M.P 161037-0560021 TLM

Sheet 10.2
C3: Código | D3: CCE-EICP-FM-32 | E3: Versión | F3: 1
C5: OBJETO: MANTENIMIENTO DE LA INFRAESTRUCTURA DE LAS SEDES ADMINISTRATIVAS DEL MUNICIPIO DE PITALITO
D8: ALCALDIA DE PITALITO
L9: VERSIÓN
D10: [NÚMERO DEL PROCESO]
L11: PÁGINA | M11: 1 | N11: DE | O11: 1
D13: ANALISIS DE PRECIOS UNITARIOS
L15: FECHA | M15: DD | N15: MM | O15: AA
M16: 3 | N16: 9 | O16: 2026
C21: DATOS ESPECÍFICOS
C23: ÍTEM | D23: DESCRIPCIÓN | M23: UNIDAD | O23: CANTIDAD
C24: =+'PRESUPUESTO OFICIAL'!D58 -> 10.2 | D24: =+'PRESUPUESTO OFICIAL'!G58 -> Suministro e instalación de salida para luminaria en tubería conduit PVC, incluye caja octagonal o de porcelana, conductores de cobre THHN, portalámpara, bombillo ahorrador o LED, accesorios, conexiones, mano de obra, herramientas y todo lo necesario para su correcta construcción y funcionamiento, a todo costo. | M24: =+'PRESUPUESTO OFICIAL'!H58 -> UND. | O24: =+'PRESUPUESTO OFICIAL'!I58 -> 3
C25: I. EQUIPO
C28: DESCRIPCIÓN | H28: MARCA | J28: UNIDAD | L28: TARIFA | M28: RENDIMIENTO | O28: Vr. UNITARIO
C29: HERRAMIENTA MENOR (M.O. 10%) | H29: N/A | J29: =INSUMOS!B26 -> Un | L29: =+O67 -> 69603 | M29: 0.1 | O29: =ROUND(M29*L29,0) -> 6960
C33: SUBTOTAL $ | O33: =SUM(O29:O32) -> 6960
C34: II. MATERIALES
C37: DESCRIPCIÓN | K37: UNIDAD | L37: CANTIDAD | M37: PRECIO UNIT. | O37: Vr. UNITARIO
C38: =+INSUMOS!A154 -> Tubo conduit PVC de 1/2" | K38: =+INSUMOS!B154 -> M | L38: 3 | M38: =+INSUMOS!C154 -> 2500 | O38: =+L38*M38 -> 7500
C39: =+INSUMOS!A155 -> Adaptador terminal conduit PVC de 1/2" | K39: =+INSUMOS!B155 -> UND | L39: 2 | M39: =+INSUMOS!C155 -> 500 | O39: =+L39*M39 -> 1000
C40: =+INSUMOS!A156 -> Caja metálica galvanizada rectangular | K40: =+INSUMOS!B156 -> UND | L40: 1 | M40: =+INSUMOS!C156 -> 1600 | O40: =+L40*M40 -> 1600
C41: =+INSUMOS!A166 -> Plafon Roseta o plafón de Porcelana | K41: =+INSUMOS!B166 -> UND | L41: 1 | M41: =+INSUMOS!C166 -> 4500 | O41: =+L41*M41 -> 4500
C42: =+INSUMOS!A158 -> Limpiador removedor PVC 760 grMs. (1/4) | K42: =+INSUMOS!B158 -> GAL | L42: 0.02 | M42: =+INSUMOS!C158 -> 42900 | O42: =+L42*M42 -> 858
C43: =+INSUMOS!A159 -> Soldadura PVCx1/4 galón. | K43: =+INSUMOS!B159 -> UND | L43: 0.01 | M43: =+INSUMOS!C159 -> 96900 | O43: =+L43*M43 -> 969
C44: =+INSUMOS!A160 -> Alambre de cobre aislado THRN #12 | K44: =+INSUMOS!B160 -> UND | L44: 9 | M44: =+INSUMOS!C160 -> 2800 | O44: =+L44*M44 -> 25200
C45: =+INSUMOS!A161 -> Conector resorte | K45: =+INSUMOS!B161 -> UND | L45: 2 | M45: =+INSUMOS!C161 -> 850 | O45: =+L45*M45 -> 1700
C46: =+INSUMOS!A162 -> Cinta aislante | K46: =+INSUMOS!B162 -> ML | L46: 0.15 | M46: =+INSUMOS!C162 -> 2500 | O46: =+L46*M46 -> 375
C47: =+INSUMOS!A163 -> Caja Metálica galvanizada octagonal para roseta | K47: =+INSUMOS!B163 -> UND | L47: 1 | M47: =+INSUMOS!C163 -> 2100 | O47: =+L47*M47 -> 2100
C48: =+INSUMOS!A164 -> Bombillo ahorrador | K48: =+INSUMOS!B164 -> UND | L48: 1 | M48: =+INSUMOS!C164 -> 13900 | O48: =+L48*M48 -> 13900
C51: SUBTOTAL $ | O51: =ROUND(SUM(O38:O50),0) -> 59702
C52: III. TRANSPORTES
C55: TIPO | J55: VOL. o PESO | K55: UNIDAD | L55: TARIFA | M55: CANT / REND | O55: Vr. UNITARIO
C56: Transporte (% Vr. Materiales) | L56: =+O51 -> 59702 | M56: 0.1 | O56: =+ROUND(L56*M56,0) -> 5970
C58: SUBTOTAL $ | O58: =ROUND(SUM(O56:O57),0) -> 5970
C59: IV. MANO DE OBRA
C62: TRABAJADOR | J62: CANTIDAD | K62: UNIDAD | L62: TARIFA | M62: RENDIMIENTO | O62: Vr. UNITARIO
C63: =+'CUADRILLAS '!D28 -> Cuadrilla OAA (Albañilería) 1Of y 2Ay | J63: 1 | K63: =SUBPRODUCTOS!B27 -> Día | L63: =+'CUADRILLAS '!H34 -> 139205 | M63: 0.5 | O63: =ROUND(L63*M63,0) -> 69603
C67: SUBTOTAL $ | O67: =SUM(O63:O66) -> 69603
C69: TOTAL COSTO DIRECTO $ | O69: =ROUND(O33+O51+O58+O67,0) -> 142235
C70: V. COSTOS INDIRECTOS
C73: Descripción | L73: Porcentaje | M73: Valor Total
C74: ADMINISTRACION | L74: =AIU!F29 -> 0.25 | M74: =L74*$O$69 -> 35558.75
C75: IMPREVISTOS | L75: =AIU!F30 -> 0.01 | M75: =L75*$O$69 -> 1422.35
C76: UTILIDAD | L76: =AIU!F31 -> 0.05 | M76: =L76*$O$69 -> 7111.75
C77: SUBTOTAL $ | O77: =SUM(M74:O76) -> 44092.85
C79: Precio Unitario Total Aproximado al peso $ | O79: =O77+O69 -> 186327.85
D82: Elaborado por: | H82: Aprobado por:
D85: LAURA CAMILA ORDOÑEZ TEJADA | H85: MILTON STIVEN HOYOS HERMIDA
D86: ING. CIVIL APOYO PROFESIONAL | H86: SECRETARIO DE INFRAESTRUCTURA
D87: M.P 091037-0639549 CND | H87: M.P 161037-0560021 TLM

Sheet 10.3
C3: Código | D3: CCE-EICP-FM-32 | E3: Versión | F3: 1
C5: OBJETO: MANTENIMIENTO DE LA INFRAESTRUCTURA DE LAS SEDES ADMINISTRATIVAS DEL MUNICIPIO DE PITALITO
D8: ALCALDIA DE PITALITO
L9: VERSIÓN
D10: [NÚMERO DEL PROCESO]
L11: PÁGINA | M11: 1 | N11: DE | O11: 1
D13: ANALISIS DE PRECIOS UNITARIOS
L15: FECHA | M15: DD | N15: MM | O15: AA
M16: 3 | N16: 9 | O16: 2026
C21: DATOS ESPECÍFICOS
C23: ÍTEM | D23: DESCRIPCIÓN | M23: UNIDAD | O23: CANTIDAD
C24: =+'PRESUPUESTO OFICIAL'!D59 -> 10.3 | D24: =+'PRESUPUESTO OFICIAL'!G59 -> Suministro e instalación de salida para interruptor sencillo y/o doble en tubería conduit PVC, incluye caja metálica, interruptor, conductores THHN, accesorios, conexiones, mano de obra, herramientas y todo lo necesario para su correcta instalación y funcionamiento | M24: =+'PRESUPUESTO OFICIAL'!H59 -> UND. | O24: =+'PRESUPUESTO OFICIAL'!I59 -> 2
C25: I. EQUIPO
C28: DESCRIPCIÓN | H28: MARCA | J28: UNIDAD | L28: TARIFA | M28: RENDIMIENTO | O28: Vr. UNITARIO
C29: HERRAMIENTA MENOR (M.O. 10%) | H29: N/A | J29: =INSUMOS!B26 -> Un | L29: =+O67 -> 34801 | M29: 0.1 | O29: =ROUND(M29*L29,0) -> 3480
C33: SUBTOTAL $ | O33: =SUM(O29:O32) -> 3480
C34: II. MATERIALES
C37: DESCRIPCIÓN | K37: UNIDAD | L37: CANTIDAD | M37: PRECIO UNIT. | O37: Vr. UNITARIO
C38: =+INSUMOS!A154 -> Tubo conduit PVC de 1/2" | K38: =+INSUMOS!B154 -> M | L38: 3 | M38: =+INSUMOS!C154 -> 2500 | O38: =+L38*M38 -> 7500
C39: =+INSUMOS!A155 -> Adaptador terminal conduit PVC de 1/2" | K39: =+INSUMOS!B155 -> UND | L39: 2 | M39: =+INSUMOS!C155 -> 500 | O39: =+L39*M39 -> 1000
C40: =+INSUMOS!A156 -> Caja metálica galvanizada rectangular | K40: =+INSUMOS!B156 -> UND | L40: 1 | M40: =+INSUMOS!C156 -> 1600 | O40: =+L40*M40 -> 1600
C41: =+INSUMOS!A157 -> Tomacorriente doble linea | K41: =+INSUMOS!B157 -> UND | L41: 1 | M41: =+INSUMOS!C157 -> 50000 | O41: =+L41*M41 -> 50000
C42: =+INSUMOS!A158 -> Limpiador removedor PVC 760 grMs. (1/4) | K42: =+INSUMOS!B158 -> GAL | L42: 0.01 | M42: =+INSUMOS!C158 -> 42900 | O42: =+L42*M42 -> 429
C43: =+INSUMOS!A159 -> Soldadura PVCx1/4 galón. | K43: =+INSUMOS!B159 -> UND | L43: 0.01 | M43: =+INSUMOS!C159 -> 96900 | O43: =+L43*M43 -> 969
C44: =+INSUMOS!A160 -> Alambre de cobre aislado THRN #12 | K44: =+INSUMOS!B160 -> UND | L44: 9 | M44: =+INSUMOS!C160 -> 2800 | O44: =+L44*M44 -> 25200
C45: =+INSUMOS!A161 -> Conector resorte | K45: =+INSUMOS!B161 -> UND | L45: 2 | M45: =+INSUMOS!C161 -> 850 | O45: =+L45*M45 -> 1700
C46: =+INSUMOS!A162 -> Cinta aislante | K46: =+INSUMOS!B162 -> ML | L46: 0.15 | M46: =+INSUMOS!C162 -> 2500 | O46: =+L46*M46 -> 375
C51: SUBTOTAL $ | O51: =ROUND(SUM(O38:O50),0) -> 88773
C52: III. TRANSPORTES
C55: TIPO | J55: VOL. o PESO | K55: UNIDAD | L55: TARIFA | M55: CANT / REND | O55: Vr. UNITARIO
C56: Transporte (% Vr. Materiales) | L56: =+O51 -> 88773 | M56: 0.1 | O56: =+ROUND(L56*M56,0) -> 8877
C58: SUBTOTAL $ | O58: =ROUND(SUM(O56:O57),0) -> 8877
C59: IV. MANO DE OBRA
C62: TRABAJADOR | J62: CANTIDAD | K62: UNIDAD | L62: TARIFA | M62: RENDIMIENTO | O62: Vr. UNITARIO
C63: =+'CUADRILLAS '!D28 -> Cuadrilla OAA (Albañilería) 1Of y 2Ay | J63: 1 | K63: =SUBPRODUCTOS!B27 -> Día | L63: =+'CUADRILLAS '!H34 -> 139205 | M63: 0.25 | O63: =ROUND(L63*M63,0) -> 34801
C67: SUBTOTAL $ | O67: =SUM(O63:O66) -> 34801
C69: TOTAL COSTO DIRECTO $ | O69: =ROUND(O33+O51+O58+O67,0) -> 135931
C70: V. COSTOS INDIRECTOS
C73: Descripción | L73: Porcentaje | M73: Valor Total
C74: ADMINISTRACION | L74: =AIU!F29 -> 0.25 | M74: =L74*$O$69 -> 33982.75
C75: IMPREVISTOS | L75: =AIU!F30 -> 0.01 | M75: =L75*$O$69 -> 1359.31
C76: UTILIDAD | L76: =AIU!F31 -> 0.05 | M76: =L76*$O$69 -> 6796.55
C77: SUBTOTAL $ | O77: =SUM(M74:O76) -> 42138.61
C79: Precio Unitario Total Aproximado al peso $ | O79: =O77+O69 -> 178069.61
D82: Elaborado por: | H82: Aprobado por:
D85: LAURA CAMILA ORDOÑEZ TEJADA | H85: MILTON STIVEN HOYOS HERMIDA
D86: ING. CIVIL APOYO PROFESIONAL | H86: SECRETARIO DE INFRAESTRUCTURA
D87: M.P 091037-0639549 CND | H87: M.P 161037-0560021 TLM

Sheet 11.1
C3: Código | D3: CCE-EICP-FM-32 | E3: Versión | F3: 1
C5: OBJETO: MANTENIMIENTO DE LA INFRAESTRUCTURA DE LAS SEDES ADMINISTRATIVAS DEL MUNICIPIO DE PITALITO
D8: ALCALDIA DE PITALITO
L9: VERSIÓN
D10: [NÚMERO DEL PROCESO]
L11: PÁGINA | M11: 1 | N11: DE | O11: 1
D13: ANALISIS DE PRECIOS UNITARIOS
L15: FECHA | M15: DD | N15: MM | O15: AA
M16: 3 | N16: 9 | O16: 2026
C21: DATOS ESPECÍFICOS
C23: ÍTEM | D23: DESCRIPCIÓN | M23: UNIDAD | O23: CANTIDAD
C24: =+'PRESUPUESTO OFICIAL'!D62 -> 11.1 | D24: =+'PRESUPUESTO OFICIAL'!G62 -> Suministro e instalación de red hidráulica en tubería PVC presión de 1/2”, incluye accesorios, uniones, codos, tees, válvulas, pegante PVC, mano de obra, herramientas y todo lo necesario para su correcta instalación y funcionamiento. | M24: =+'PRESUPUESTO OFICIAL'!H62 -> ML | O24: =+'PRESUPUESTO OFICIAL'!I62 -> 6
C25: I. EQUIPO
C28: DESCRIPCIÓN | H28: MARCA | J28: UNIDAD | L28: TARIFA | M28: RENDIMIENTO | O28: Vr. UNITARIO
C29: HERRAMIENTA MENOR (M.O. 10%) | H29: N/A | J29: =INSUMOS!B26 -> Un | L29: =+O62 -> 6960 | M29: 0.1 | O29: =ROUND(M29*L29,0) -> 696
C33: SUBTOTAL $ | O33: =SUM(O29:O32) -> 696
C34: II. MATERIALES
C37: DESCRIPCIÓN | K37: UNIDAD | L37: CANTIDAD | M37: PRECIO UNIT. | O37: Vr. UNITARIO
C38: =+INSUMOS!A159 -> Soldadura PVCx1/4 galón. | K38: =+INSUMOS!B159 -> UND | L38: 0.02 | M38: =+INSUMOS!C159 -> 96900 | O38: =+L38*M38 -> 1938
C39: =+INSUMOS!A158 -> Limpiador removedor PVC 760 grMs. (1/4) | K39: =+INSUMOS!B158 -> GAL | L39: 0.02 | M39: =+INSUMOS!C158 -> 42900 | O39: =+L39*M39 -> 858
C40: =+INSUMOS!A174 -> TUBERÍA 1/2" | K40: =+INSUMOS!B172 -> ML | L40: 1.05 | M40: =+INSUMOS!C174 -> 11900 | O40: =+L40*M40 -> 12495
C41: ACCESORIOS 1/2" (CODO, UNIÓN, TAPÓN) | K41: =+INSUMOS!B171 -> UND | L41: 1.65 | M41: =+INSUMOS!C171 -> 3500 | O41: =+L41*M41 -> 5775
C46: SUBTOTAL $ | O46: =ROUND(SUM(O38:O45),0) -> 21066
C47: III. TRANSPORTES
C50: TIPO | J50: VOL. o PESO | K50: UNIDAD | L50: TARIFA | M50: CANT / REND | O50: Vr. UNITARIO
C51: Transporte (% Vr. Materiales) | L51: =+O46 -> 21066 | M51: 0.1 | O51: =+ROUND(L51*M51,0) -> 2107
C53: SUBTOTAL $ | O53: =ROUND(SUM(O51:O52),0) -> 2107
C54: IV. MANO DE OBRA
C57: TRABAJADOR | J57: CANTIDAD | K57: UNIDAD | L57: TARIFA | M57: RENDIMIENTO | O57: Vr. UNITARIO
C58: =+'CUADRILLAS '!D28 -> Cuadrilla OAA (Albañilería) 1Of y 2Ay | J58: 1 | K58: =SUBPRODUCTOS!B27 -> Día | L58: =+'CUADRILLAS '!H34 -> 139205 | M58: 0.05 | O58: =ROUND(L58*M58,0) -> 6960
C62: SUBTOTAL $ | O62: =SUM(O58:O61) -> 6960
C64: TOTAL COSTO DIRECTO $ | O64: =ROUND(O33+O46+O53+O62,0) -> 30829
C65: V. COSTOS INDIRECTOS
C68: Descripción | L68: Porcentaje | M68: Valor Total
C69: ADMINISTRACION | L69: =AIU!F29 -> 0.25 | M69: =L69*$O$64 -> 7707.25
C70: IMPREVISTOS | L70: =AIU!F30 -> 0.01 | M70: =L70*$O$64 -> 308.29
C71: UTILIDAD | L71: =AIU!F31 -> 0.05 | M71: =L71*$O$64 -> 1541.45
C72: SUBTOTAL $ | O72: =SUM(M69:O71) -> 9556.99
C74: Precio Unitario Total Aproximado al peso $ | O74: =O72+O64 -> 40385.99
D77: Elaborado por: | H77: Aprobado por:
D80: LAURA CAMILA ORDOÑEZ TEJADA | H80: MILTON STIVEN HOYOS HERMIDA
D81: ING. CIVIL APOYO PROFESIONAL | H81: SECRETARIO DE INFRAESTRUCTURA
D82: M.P 091037-0639549 CND | H82: M.P 161037-0560021 TLM

Sheet 11.2
C3: Código | D3: CCE-EICP-FM-32 | E3: Versión | F3: 1
C5: OBJETO: MANTENIMIENTO DE LA INFRAESTRUCTURA DE LAS SEDES ADMINISTRATIVAS DEL MUNICIPIO DE PITALITO
D8: ALCALDIA DE PITALITO
L9: VERSIÓN
D10: [NÚMERO DEL PROCESO]
L11: PÁGINA | M11: 1 | N11: DE | O11: 1
D13: ANALISIS DE PRECIOS UNITARIOS
L15: FECHA | M15: DD | N15: MM | O15: AA
M16: 3 | N16: 9 | O16: 2026
C21: DATOS ESPECÍFICOS
C23: ÍTEM | D23: DESCRIPCIÓN | M23: UNIDAD | O23: CANTIDAD
C24: =+'PRESUPUESTO OFICIAL'!D63 -> 11.2 | D24: =+'PRESUPUESTO OFICIAL'!G63 -> Suministro e instalación de punto hidráulico de 1/2” para ducha, incluye tubería PVC presión, accesorios, conexiones, salida roscada, pruebas hidráulicas, mano de obra y todo lo necesario para su correcta instalación y funcionamiento. | M24: =+'PRESUPUESTO OFICIAL'!H63 -> UND. | O24: =+'PRESUPUESTO OFICIAL'!I63 -> 1
C25: I. EQUIPO
C28: DESCRIPCIÓN | H28: MARCA | J28: UNIDAD | L28: TARIFA | M28: RENDIMIENTO | O28: Vr. UNITARIO
C29: HERRAMIENTA MENOR (M.O. 10%) | H29: N/A | J29: =INSUMOS!B26 -> Un | L29: =+O62 -> 20881 | M29: 0.1 | O29: =ROUND(M29*L29,0) -> 2088
C33: SUBTOTAL $ | O33: =SUM(O29:O32) -> 2088
C34: II. MATERIALES
C37: DESCRIPCIÓN | K37: UNIDAD | L37: CANTIDAD | M37: PRECIO UNIT. | O37: Vr. UNITARIO
C38: =+INSUMOS!A159 -> Soldadura PVCx1/4 galón. | K38: =+INSUMOS!B159 -> UND | L38: 0.02 | M38: =+INSUMOS!C159 -> 96900 | O38: =+L38*M38 -> 1938
C39: =+INSUMOS!A158 -> Limpiador removedor PVC 760 grMs. (1/4) | K39: =+INSUMOS!B158 -> GAL | L39: 0.02 | M39: =+INSUMOS!C158 -> 42900 | O39: =+L39*M39 -> 858
C40: =+INSUMOS!A174 -> TUBERÍA 1/2" | K40: =+INSUMOS!B174 -> ML | L40: 2.1 | M40: =+INSUMOS!C174 -> 11900 | O40: =+L40*M40 -> 24990
C41: =+INSUMOS!A175 -> ADAPTADOR MACHO 1/2" | K41: =+INSUMOS!B175 -> UND | L41: 1 | M41: =+INSUMOS!C175 -> 550 | O41: =+L41*M41 -> 550
C42: =+INSUMOS!A176 -> TAPON SOLDADO 1/2" | K42: =+INSUMOS!B176 -> UND | L42: 1 | M42: =+INSUMOS!C176 -> 420 | O42: =+L42*M42 -> 420
C43: =+INSUMOS!A177 -> CODO 1/2" | K43: =+INSUMOS!B177 -> UND | L43: 2 | M43: =+INSUMOS!C177 -> 750 | O43: =+L43*M43 -> 1500
C44: =+INSUMOS!A178 -> TEE 1/2" | K44: =+INSUMOS!B178 -> UND | L44: 1 | M44: =+INSUMOS!C178 -> 900 | O44: =+L44*M44 -> 900
C46: SUBTOTAL $ | O46: =ROUND(SUM(O38:O45),0) -> 31156
C47: III. TRANSPORTES
C50: TIPO | J50: VOL. o PESO | K50: UNIDAD | L50: TARIFA | M50: CANT / REND | O50: Vr. UNITARIO
C51: Transporte (% Vr. Materiales) | L51: =+O46 -> 31156 | M51: 0.1 | O51: =+ROUND(L51*M51,0) -> 3116
C53: SUBTOTAL $ | O53: =ROUND(SUM(O51:O52),0) -> 3116
C54: IV. MANO DE OBRA
C57: TRABAJADOR | J57: CANTIDAD | K57: UNIDAD | L57: TARIFA | M57: RENDIMIENTO | O57: Vr. UNITARIO
C58: =+'CUADRILLAS '!D28 -> Cuadrilla OAA (Albañilería) 1Of y 2Ay | J58: 1 | K58: =SUBPRODUCTOS!B27 -> Día | L58: =+'CUADRILLAS '!H34 -> 139205 | M58: 0.15 | O58: =ROUND(L58*M58,0) -> 20881
C62: SUBTOTAL $ | O62: =SUM(O58:O61) -> 20881
C64: TOTAL COSTO DIRECTO $ | O64: =ROUND(O33+O46+O53+O62,0) -> 57241
C65: V. COSTOS INDIRECTOS
C68: Descripción | L68: Porcentaje | M68: Valor Total
C69: ADMINISTRACION | L69: =AIU!F29 -> 0.25 | M69: =L69*$O$64 -> 14310.25
C70: IMPREVISTOS | L70: =AIU!F30 -> 0.01 | M70: =L70*$O$64 -> 572.41
C71: UTILIDAD | L71: =AIU!F31 -> 0.05 | M71: =L71*$O$64 -> 2862.05
C72: SUBTOTAL $ | O72: =SUM(M69:O71) -> 17744.71
C74: Precio Unitario Total Aproximado al peso $ | O74: =O72+O64 -> 74985.71
D77: Elaborado por: | H77: Aprobado por:
D80: LAURA CAMILA ORDOÑEZ TEJADA | H80: MILTON STIVEN HOYOS HERMIDA
D81: ING. CIVIL APOYO PROFESIONAL | H81: SECRETARIO DE INFRAESTRUCTURA
D82: M.P 091037-0639549 CND | H82: M.P 161037-0560021 TLM

Sheet 11.3
C3: Código | D3: CCE-EICP-FM-32 | E3: Versión | F3: 1
C5: OBJETO: MANTENIMIENTO DE LA INFRAESTRUCTURA DE LAS SEDES ADMINISTRATIVAS DEL MUNICIPIO DE PITALITO
D8: ALCALDIA DE PITALITO
L9: VERSIÓN
D10: [NÚMERO DEL PROCESO]
L11: PÁGINA | M11: 1 | N11: DE | O11: 1
D13: ANALISIS DE PRECIOS UNITARIOS
L15: FECHA | M15: DD | N15: MM | O15: AA
M16: 3 | N16: 9 | O16: 2026
C21: DATOS ESPECÍFICOS
C23: ÍTEM | D23: DESCRIPCIÓN | M23: UNIDAD | O23: CANTIDAD
C24: =+'PRESUPUESTO OFICIAL'!D64 -> 11.3 | D24: =+'PRESUPUESTO OFICIAL'!G64 -> Suministro e instalación de punto hidráulico de 1/2” para alimentación de sanitario con tanque, incluye tubería PVC presión, accesorios, válvula de corte, conexiones, pruebas hidráulicas, mano de obra y todo lo necesario para su correcta instalación y funcionamiento. | M24: =+'PRESUPUESTO OFICIAL'!H64 -> UND. | O24: =+'PRESUPUESTO OFICIAL'!I64 -> 1
C25: I. EQUIPO
C28: DESCRIPCIÓN | H28: MARCA | J28: UNIDAD | L28: TARIFA | M28: RENDIMIENTO | O28: Vr. UNITARIO
C29: HERRAMIENTA MENOR (M.O. 10%) | H29: N/A | J29: =INSUMOS!B26 -> Un | L29: =+O62 -> 20881 | M29: 0.1 | O29: =ROUND(M29*L29,0) -> 2088
C33: SUBTOTAL $ | O33: =SUM(O29:O32) -> 2088
C34: II. MATERIALES
C37: DESCRIPCIÓN | K37: UNIDAD | L37: CANTIDAD | M37: PRECIO UNIT. | O37: Vr. UNITARIO
C38: =+INSUMOS!A159 -> Soldadura PVCx1/4 galón. | K38: =+INSUMOS!B159 -> UND | L38: 0.02 | M38: =+INSUMOS!C159 -> 96900 | O38: =+L38*M38 -> 1938
C39: =+INSUMOS!A158 -> Limpiador removedor PVC 760 grMs. (1/4) | K39: =+INSUMOS!B158 -> GAL | L39: 0.02 | M39: =+INSUMOS!C158 -> 42900 | O39: =+L39*M39 -> 858
C40: =+INSUMOS!A174 -> TUBERÍA 1/2" | K40: =+INSUMOS!B174 -> ML | L40: 1.65 | M40: =+INSUMOS!C174 -> 11900 | O40: =+L40*M40 -> 19635
C41: =+INSUMOS!A175 -> ADAPTADOR MACHO 1/2" | K41: =+INSUMOS!B175 -> UND | L41: 1 | M41: =+INSUMOS!C175 -> 550 | O41: =+L41*M41 -> 550
C42: =+INSUMOS!A176 -> TAPON SOLDADO 1/2" | K42: =+INSUMOS!B176 -> UND | L42: 2 | M42: =+INSUMOS!C176 -> 420 | O42: =+L42*M42 -> 840
C43: =+INSUMOS!A177 -> CODO 1/2" | K43: =+INSUMOS!B177 -> UND | L43: 2 | M43: =+INSUMOS!C177 -> 750 | O43: =+L43*M43 -> 1500
C44: =+INSUMOS!A178 -> TEE 1/2" | K44: =+INSUMOS!B178 -> UND | L44: 1 | M44: =+INSUMOS!C178 -> 900 | O44: =+L44*M44 -> 900
C46: SUBTOTAL $ | O46: =ROUND(SUM(O38:O45),0) -> 26221
C47: III. TRANSPORTES
C50: TIPO | J50: VOL. o PESO | K50: UNIDAD | L50: TARIFA | M50: CANT / REND | O50: Vr. UNITARIO
C51: Transporte (% Vr. Materiales) | L51: =+O46 -> 26221 | M51: 0.1 | O51: =+ROUND(L51*M51,0) -> 2622
C53: SUBTOTAL $ | O53: =ROUND(SUM(O51:O52),0) -> 2622
C54: IV. MANO DE OBRA
C57: TRABAJADOR | J57: CANTIDAD | K57: UNIDAD | L57: TARIFA | M57: RENDIMIENTO | O57: Vr. UNITARIO
C58: =+'CUADRILLAS '!D28 -> Cuadrilla OAA (Albañilería) 1Of y 2Ay | J58: 1 | K58: =SUBPRODUCTOS!B27 -> Día | L58: =+'CUADRILLAS '!H34 -> 139205 | M58: 0.15 | O58: =ROUND(L58*M58,0) -> 20881
C62: SUBTOTAL $ | O62: =SUM(O58:O61) -> 20881
C64: TOTAL COSTO DIRECTO $ | O64: =ROUND(O33+O46+O53+O62,0) -> 51812
C65: V. COSTOS INDIRECTOS
C68: Descripción | L68: Porcentaje | M68: Valor Total
C69: ADMINISTRACION | L69: =AIU!F29 -> 0.25 | M69: =L69*$O$64 -> 12953
C70: IMPREVISTOS | L70: =AIU!F30 -> 0.01 | M70: =L70*$O$64 -> 518.12
C71: UTILIDAD | L71: =AIU!F31 -> 0.05 | M71: =L71*$O$64 -> 2590.6
C72: SUBTOTAL $ | O72: =SUM(M69:O71) -> 16061.72
C74: Precio Unitario Total Aproximado al peso $ | O74: =O72+O64 -> 67873.72
D77: Elaborado por: | H77: Aprobado por:
D80: LAURA CAMILA ORDOÑEZ TEJADA | H80: MILTON STIVEN HOYOS HERMIDA
D81: ING. CIVIL APOYO PROFESIONAL | H81: SECRETARIO DE INFRAESTRUCTURA
D82: M.P 091037-0639549 CND | H82: M.P 161037-0560021 TLM

Sheet 11.4
C3: Código | D3: CCE-EICP-FM-32 | E3: Versión | F3: 1
C5: OBJETO: MANTENIMIENTO DE LA INFRAESTRUCTURA DE LAS SEDES ADMINISTRATIVAS DEL MUNICIPIO DE PITALITO
D8: ALCALDIA DE PITALITO
L9: VERSIÓN
D10: [NÚMERO DEL PROCESO]
L11: PÁGINA | M11: 1 | N11: DE | O11: 1
D13: ANALISIS DE PRECIOS UNITARIOS
L15: FECHA | M15: DD | N15: MM | O15: AA
M16: 3 | N16: 9 | O16: 2026
C21: DATOS ESPECÍFICOS
C23: ÍTEM | D23: DESCRIPCIÓN | M23: UNIDAD | O23: CANTIDAD
C24: =+'PRESUPUESTO OFICIAL'!D65 -> 11.4 | D24: =+'PRESUPUESTO OFICIAL'!G65 -> Suministro e instalación de punto hidráulico de 1/2” para tanque elevado, incluye tubería PVC presión, accesorios, válvulas, conexiones, pruebas hidráulicas, mano de obra y todo lo necesario para su correcta instalación y funcionamiento. | M24: =+'PRESUPUESTO OFICIAL'!H65 -> UND. | O24: =+'PRESUPUESTO OFICIAL'!I65 -> 1
C25: I. EQUIPO
C28: DESCRIPCIÓN | H28: MARCA | J28: UNIDAD | L28: TARIFA | M28: RENDIMIENTO | O28: Vr. UNITARIO
C29: HERRAMIENTA MENOR (M.O. 10%) | H29: N/A | J29: =INSUMOS!B26 -> Un | L29: =+O61 -> 20881 | M29: 0.1 | O29: =ROUND(M29*L29,0) -> 2088
C33: SUBTOTAL $ | O33: =SUM(O29:O32) -> 2088
C34: II. MATERIALES
C37: DESCRIPCIÓN | K37: UNIDAD | L37: CANTIDAD | M37: PRECIO UNIT. | O37: Vr. UNITARIO
C38: =+INSUMOS!A159 -> Soldadura PVCx1/4 galón. | K38: =+INSUMOS!B159 -> UND | L38: 0.02 | M38: =+INSUMOS!C159 -> 96900 | O38: =+L38*M38 -> 1938
C39: =+INSUMOS!A158 -> Limpiador removedor PVC 760 grMs. (1/4) | K39: =+INSUMOS!B158 -> GAL | L39: 0.02 | M39: =+INSUMOS!C158 -> 42900 | O39: =+L39*M39 -> 858
C40: =+INSUMOS!A174 -> TUBERÍA 1/2" | K40: =+INSUMOS!B174 -> ML | L40: 5 | M40: =+INSUMOS!C174 -> 11900 | O40: =+L40*M40 -> 59500
C41: =+INSUMOS!A176 -> TAPON SOLDADO 1/2" | K41: =+INSUMOS!B176 -> UND | L41: 2 | M41: =+INSUMOS!C176 -> 420 | O41: =+L41*M41 -> 840
C42: =+INSUMOS!A177 -> CODO 1/2" | K42: =+INSUMOS!B177 -> UND | L42: 2 | M42: =+INSUMOS!C177 -> 750 | O42: =+L42*M42 -> 1500
C43: =+INSUMOS!A178 -> TEE 1/2" | K43: =+INSUMOS!B178 -> UND | L43: 1 | M43: =+INSUMOS!C178 -> 900 | O43: =+L43*M43 -> 900
C45: SUBTOTAL $ | O45: =ROUND(SUM(O38:O44),0) -> 65536
C46: III. TRANSPORTES
C49: TIPO | J49: VOL. o PESO | K49: UNIDAD | L49: TARIFA | M49: CANT / REND | O49: Vr. UNITARIO
C50: Transporte (% Vr. Materiales) | L50: =+O45 -> 65536 | M50: 0.1 | O50: =+ROUND(L50*M50,0) -> 6554
C52: SUBTOTAL $ | O52: =ROUND(SUM(O50:O51),0) -> 6554
C53: IV. MANO DE OBRA
C56: TRABAJADOR | J56: CANTIDAD | K56: UNIDAD | L56: TARIFA | M56: RENDIMIENTO | O56: Vr. UNITARIO
C57: =+'CUADRILLAS '!D28 -> Cuadrilla OAA (Albañilería) 1Of y 2Ay | J57: 1 | K57: =SUBPRODUCTOS!B27 -> Día | L57: =+'CUADRILLAS '!H34 -> 139205 | M57: 0.15 | O57: =ROUND(L57*M57,0) -> 20881
C61: SUBTOTAL $ | O61: =SUM(O57:O60) -> 20881
C63: TOTAL COSTO DIRECTO $ | O63: =ROUND(O33+O45+O52+O61,0) -> 95059
C64: V. COSTOS INDIRECTOS
C67: Descripción | L67: Porcentaje | M67: Valor Total
C68: ADMINISTRACION | L68: =AIU!F29 -> 0.25 | M68: =L68*$O$63 -> 23764.75
C69: IMPREVISTOS | L69: =AIU!F30 -> 0.01 | M69: =L69*$O$63 -> 950.59
C70: UTILIDAD | L70: =AIU!F31 -> 0.05 | M70: =L70*$O$63 -> 4752.95
C71: SUBTOTAL $ | O71: =SUM(M68:O70) -> 29468.29
C73: Precio Unitario Total Aproximado al peso $ | O73: =O71+O63 -> 124527.29
D76: Elaborado por: | H76: Aprobado por:
D79: LAURA CAMILA ORDOÑEZ TEJADA | H79: MILTON STIVEN HOYOS HERMIDA
D80: ING. CIVIL APOYO PROFESIONAL | H80: SECRETARIO DE INFRAESTRUCTURA
D81: M.P 091037-0639549 CND | H81: M.P 161037-0560021 TLM

Sheet 11.5
C3: Código | D3: CCE-EICP-FM-32 | E3: Versión | F3: 1
C5: OBJETO: MANTENIMIENTO DE LA INFRAESTRUCTURA DE LAS SEDES ADMINISTRATIVAS DEL MUNICIPIO DE PITALITO
D8: ALCALDIA DE PITALITO
L9: VERSIÓN
D10: [NÚMERO DEL PROCESO]
L11: PÁGINA | M11: 1 | N11: DE | O11: 1
D13: ANALISIS DE PRECIOS UNITARIOS
L15: FECHA | M15: DD | N15: MM | O15: AA
M16: 3 | N16: 9 | O16: 2026
C21: DATOS ESPECÍFICOS
C23: ÍTEM | D23: DESCRIPCIÓN | M23: UNIDAD | O23: CANTIDAD
C24: =+'PRESUPUESTO OFICIAL'!D66 -> 11.5 | D24: =+'PRESUPUESTO OFICIAL'!G66 -> Suministro e instalación de punto hidráulico de 1/2” para lavamanos, incluye tubería PVC presión, accesorios, salida roscada, conexiones, pruebas hidráulicas, mano de obra y todo lo necesario para su correcta instalación y funcionamiento. | M24: =+'PRESUPUESTO OFICIAL'!H66 -> UND. | O24: =+'PRESUPUESTO OFICIAL'!I66 -> 1
C25: I. EQUIPO
C28: DESCRIPCIÓN | H28: MARCA | J28: UNIDAD | L28: TARIFA | M28: RENDIMIENTO | O28: Vr. UNITARIO
C29: HERRAMIENTA MENOR (M.O. 10%) | H29: N/A | J29: =INSUMOS!B26 -> Un | L29: =+O61 -> 20881 | M29: 0.1 | O29: =ROUND(M29*L29,0) -> 2088
C33: SUBTOTAL $ | O33: =SUM(O29:O32) -> 2088
C34: II. MATERIALES
C37: DESCRIPCIÓN | K37: UNIDAD | L37: CANTIDAD | M37: PRECIO UNIT. | O37: Vr. UNITARIO
C38: =+INSUMOS!A159 -> Soldadura PVCx1/4 galón. | K38: =+INSUMOS!B159 -> UND | L38: 0.02 | M38: =+INSUMOS!C159 -> 96900 | O38: =+L38*M38 -> 1938
C39: =+INSUMOS!A158 -> Limpiador removedor PVC 760 grMs. (1/4) | K39: =+INSUMOS!B158 -> GAL | L39: 0.02 | M39: =+INSUMOS!C158 -> 42900 | O39: =+L39*M39 -> 858
C40: =+INSUMOS!A174 -> TUBERÍA 1/2" | K40: =+INSUMOS!B174 -> ML | L40: 2 | M40: =+INSUMOS!C174 -> 11900 | O40: =+L40*M40 -> 23800
C41: =+INSUMOS!A176 -> TAPON SOLDADO 1/2" | K41: =+INSUMOS!B176 -> UND | L41: 3 | M41: =+INSUMOS!C176 -> 420 | O41: =+L41*M41 -> 1260
C42: =+INSUMOS!A177 -> CODO 1/2" | K42: =+INSUMOS!B177 -> UND | L42: 2 | M42: =+INSUMOS!C177 -> 750 | O42: =+L42*M42 -> 1500
C43: =+INSUMOS!A178 -> TEE 1/2" | K43: =+INSUMOS!B178 -> UND | L43: 1 | M43: =+INSUMOS!C178 -> 900 | O43: =+L43*M43 -> 900
C45: SUBTOTAL $ | O45: =ROUND(SUM(O38:O44),0) -> 30256
C46: III. TRANSPORTES
C49: TIPO | J49: VOL. o PESO | K49: UNIDAD | L49: TARIFA | M49: CANT / REND | O49: Vr. UNITARIO
C50: Transporte (% Vr. Materiales) | L50: =+O45 -> 30256 | M50: 0.1 | O50: =+ROUND(L50*M50,0) -> 3026
C52: SUBTOTAL $ | O52: =ROUND(SUM(O50:O51),0) -> 3026
C53: IV. MANO DE OBRA
C56: TRABAJADOR | J56: CANTIDAD | K56: UNIDAD | L56: TARIFA | M56: RENDIMIENTO | O56: Vr. UNITARIO
C57: =+'CUADRILLAS '!D28 -> Cuadrilla OAA (Albañilería) 1Of y 2Ay | J57: 1 | K57: =SUBPRODUCTOS!B27 -> Día | L57: =+'CUADRILLAS '!H34 -> 139205 | M57: 0.15 | O57: =ROUND(L57*M57,0) -> 20881
C61: SUBTOTAL $ | O61: =SUM(O57:O60) -> 20881
C63: TOTAL COSTO DIRECTO $ | O63: =ROUND(O33+O45+O52+O61,0) -> 56251
C64: V. COSTOS INDIRECTOS
C67: Descripción | L67: Porcentaje | M67: Valor Total
C68: ADMINISTRACION | L68: =AIU!F29 -> 0.25 | M68: =L68*$O$63 -> 14062.75
C69: IMPREVISTOS | L69: =AIU!F30 -> 0.01 | M69: =L69*$O$63 -> 562.51
C70: UTILIDAD | L70: =AIU!F31 -> 0.05 | M70: =L70*$O$63 -> 2812.55
C71: SUBTOTAL $ | O71: =SUM(M68:O70) -> 17437.81
C73: Precio Unitario Total Aproximado al peso $ | O73: =O71+O63 -> 73688.81
D76: Elaborado por: | H76: Aprobado por:
D79: LAURA CAMILA ORDOÑEZ TEJADA | H79: MILTON STIVEN HOYOS HERMIDA
D80: ING. CIVIL APOYO PROFESIONAL | H80: SECRETARIO DE INFRAESTRUCTURA
D81: M.P 091037-0639549 CND | H81: M.P 161037-0560021 TLM

Sheet 11.6
C3: Código | D3: CCE-EICP-FM-32 | E3: Versión | F3: 1
C5: OBJETO: MANTENIMIENTO DE LA INFRAESTRUCTURA DE LAS SEDES ADMINISTRATIVAS DEL MUNICIPIO DE PITALITO
D8: ALCALDIA DE PITALITO
L9: VERSIÓN
D10: [NÚMERO DEL PROCESO]
L11: PÁGINA | M11: 1 | N11: DE | O11: 1
D13: ANALISIS DE PRECIOS UNITARIOS
L15: FECHA | M15: DD | N15: MM | O15: AA
M16: 3 | N16: 9 | O16: 2026
C21: DATOS ESPECÍFICOS
C23: ÍTEM | D23: DESCRIPCIÓN | M23: UNIDAD | O23: CANTIDAD
C24: =+'PRESUPUESTO OFICIAL'!D67 -> 11.6 | D24: =+'PRESUPUESTO OFICIAL'!G67 -> Suministro e instalación de punto hidráulico de 1/2” para lavadero, incluye tubería PVC presión, accesorios, conexiones, pruebas hidráulicas, mano de obray todo lo necesario para su correcta instalación y funcionamiento. | M24: =+'PRESUPUESTO OFICIAL'!H67 -> UND. | O24: =+'PRESUPUESTO OFICIAL'!I67 -> 1
C25: I. EQUIPO
C28: DESCRIPCIÓN | H28: MARCA | J28: UNIDAD | L28: TARIFA | M28: RENDIMIENTO | O28: Vr. UNITARIO
C29: HERRAMIENTA MENOR (M.O. 10%) | H29: N/A | J29: =INSUMOS!B26 -> Un | L29: =+O61 -> 20881 | M29: 0.1 | O29: =ROUND(M29*L29,0) -> 2088
C33: SUBTOTAL $ | O33: =SUM(O29:O32) -> 2088
C34: II. MATERIALES
C37: DESCRIPCIÓN | K37: UNIDAD | L37: CANTIDAD | M37: PRECIO UNIT. | O37: Vr. UNITARIO
C38: =+INSUMOS!A159 -> Soldadura PVCx1/4 galón. | K38: =+INSUMOS!B159 -> UND | L38: 0.02 | M38: =+INSUMOS!C159 -> 96900 | O38: =+L38*M38 -> 1938
C39: =+INSUMOS!A158 -> Limpiador removedor PVC 760 grMs. (1/4) | K39: =+INSUMOS!B158 -> GAL | L39: 0.02 | M39: =+INSUMOS!C158 -> 42900 | O39: =+L39*M39 -> 858
C40: =+INSUMOS!A174 -> TUBERÍA 1/2" | K40: =+INSUMOS!B174 -> ML | L40: 2 | M40: =+INSUMOS!C174 -> 11900 | O40: =+L40*M40 -> 23800
C41: =+INSUMOS!A176 -> TAPON SOLDADO 1/2" | K41: =+INSUMOS!B176 -> UND | L41: 3 | M41: =+INSUMOS!C176 -> 420 | O41: =+L41*M41 -> 1260
C42: =+INSUMOS!A177 -> CODO 1/2" | K42: =+INSUMOS!B177 -> UND | L42: 2 | M42: =+INSUMOS!C177 -> 750 | O42: =+L42*M42 -> 1500
C43: =+INSUMOS!A178 -> TEE 1/2" | K43: =+INSUMOS!B178 -> UND | L43: 1 | M43: =+INSUMOS!C178 -> 900 | O43: =+L43*M43 -> 900
C45: SUBTOTAL $ | O45: =ROUND(SUM(O38:O44),0) -> 30256
C46: III. TRANSPORTES
C49: TIPO | J49: VOL. o PESO | K49: UNIDAD | L49: TARIFA | M49: CANT / REND | O49: Vr. UNITARIO
C50: Transporte (% Vr. Materiales) | L50: =+O45 -> 30256 | M50: 0.1 | O50: =+ROUND(L50*M50,0) -> 3026
C52: SUBTOTAL $ | O52: =ROUND(SUM(O50:O51),0) -> 3026
C53: IV. MANO DE OBRA
C56: TRABAJADOR | J56: CANTIDAD | K56: UNIDAD | L56: TARIFA | M56: RENDIMIENTO | O56: Vr. UNITARIO
C57: =+'CUADRILLAS '!D28 -> Cuadrilla OAA (Albañilería) 1Of y 2Ay | J57: 1 | K57: =SUBPRODUCTOS!B27 -> Día | L57: =+'CUADRILLAS '!H34 -> 139205 | M57: 0.15 | O57: =ROUND(L57*M57,0) -> 20881
C61: SUBTOTAL $ | O61: =SUM(O57:O60) -> 20881
C63: TOTAL COSTO DIRECTO $ | O63: =ROUND(O33+O45+O52+O61,0) -> 56251
C64: V. COSTOS INDIRECTOS
C67: Descripción | L67: Porcentaje | M67: Valor Total
C68: ADMINISTRACION | L68: =AIU!F29 -> 0.25 | M68: =L68*$O$63 -> 14062.75
C69: IMPREVISTOS | L69: =AIU!F30 -> 0.01 | M69: =L69*$O$63 -> 562.51
C70: UTILIDAD | L70: =AIU!F31 -> 0.05 | M70: =L70*$O$63 -> 2812.55
C71: SUBTOTAL $ | O71: =SUM(M68:O70) -> 17437.81
C73: Precio Unitario Total Aproximado al peso $ | O73: =O71+O63 -> 73688.81
D76: Elaborado por: | H76: Aprobado por:
D79: LAURA CAMILA ORDOÑEZ TEJADA | H79: MILTON STIVEN HOYOS HERMIDA
D80: ING. CIVIL APOYO PROFESIONAL | H80: SECRETARIO DE INFRAESTRUCTURA
D81: M.P 091037-0639549 CND | H81: M.P 161037-0560021 TLM

Sheet 11.7
C3: Código | D3: CCE-EICP-FM-32 | E3: Versión | F3: 1
C5: OBJETO: MANTENIMIENTO DE LA INFRAESTRUCTURA DE LAS SEDES ADMINISTRATIVAS DEL MUNICIPIO DE PITALITO
D8: ALCALDIA DE PITALITO
L9: VERSIÓN
D10: [NÚMERO DEL PROCESO]
L11: PÁGINA | M11: 1 | N11: DE | O11: 1
D13: ANALISIS DE PRECIOS UNITARIOS
L15: FECHA | M15: DD | N15: MM | O15: AA
M16: 3 | N16: 9 | O16: 2026
C21: DATOS ESPECÍFICOS
C23: ÍTEM | D23: DESCRIPCIÓN | M23: UNIDAD | O23: CANTIDAD
C24: =+'PRESUPUESTO OFICIAL'!D68 -> 11.7 | D24: =+'PRESUPUESTO OFICIAL'!G68 -> Suministro e instalación de salida sanitaria de 2” para lavamanos, incluye tubería PVC sanitaria, accesorios, sifón, conexiones, pruebas de estanqueidad, mano de obra y todo lo necesario para su correcta instalación y funcionamiento. | M24: =+'PRESUPUESTO OFICIAL'!H68 -> UND. | O24: =+'PRESUPUESTO OFICIAL'!I68 -> 1
C25: I. EQUIPO
C28: DESCRIPCIÓN | H28: MARCA | J28: UNIDAD | L28: TARIFA | M28: RENDIMIENTO | O28: Vr. UNITARIO
C29: HERRAMIENTA MENOR (M.O. 10%) | H29: N/A | J29: =INSUMOS!B26 -> Un | L29: =+O61 -> 20881 | M29: 0.1 | O29: =ROUND(M29*L29,0) -> 2088
C33: SUBTOTAL $ | O33: =SUM(O29:O32) -> 2088
C34: II. MATERIALES
C37: DESCRIPCIÓN | K37: UNIDAD | L37: CANTIDAD | M37: PRECIO UNIT. | O37: Vr. UNITARIO
C38: =+INSUMOS!A159 -> Soldadura PVCx1/4 galón. | K38: =+INSUMOS!B159 -> UND | L38: 0.02 | M38: =+INSUMOS!C159 -> 96900 | O38: =+L38*M38 -> 1938
C39: =+INSUMOS!A158 -> Limpiador removedor PVC 760 grMs. (1/4) | K39: =+INSUMOS!B158 -> GAL | L39: 0.02 | M39: =+INSUMOS!C158 -> 42900 | O39: =+L39*M39 -> 858
C40: =+INSUMOS!A180 -> TUBERÍA 2" | K40: =+INSUMOS!B180 -> ML | L40: 2 | M40: =+INSUMOS!C180 -> 11500 | O40: =+L40*M40 -> 23000
C41: =+INSUMOS!A181 -> CODO 2" | K41: =+INSUMOS!B181 -> UND | L41: 2 | M41: =+INSUMOS!C181 -> 3100 | O41: =+L41*M41 -> 6200
C42: =+INSUMOS!A182 -> TAPON 2" | K42: =+INSUMOS!B182 -> UND | L42: 1 | M42: =+INSUMOS!C182 -> 1000 | O42: =+L42*M42 -> 1000
C43: =+INSUMOS!A183 -> BUJE DE CAUCHO 2" | K43: =+INSUMOS!B183 -> UND | L43: 1 | M43: =+INSUMOS!C183 -> 3000 | O43: =+L43*M43 -> 3000
C45: SUBTOTAL $ | O45: =ROUND(SUM(O38:O44),0) -> 35996
C46: III. TRANSPORTES
C49: TIPO | J49: VOL. o PESO | K49: UNIDAD | L49: TARIFA | M49: CANT / REND | O49: Vr. UNITARIO
C50: Transporte (% Vr. Materiales) | L50: =+O45 -> 35996 | M50: 0.1 | O50: =+ROUND(L50*M50,0) -> 3600
C52: SUBTOTAL $ | O52: =ROUND(SUM(O50:O51),0) -> 3600
C53: IV. MANO DE OBRA
C56: TRABAJADOR | J56: CANTIDAD | K56: UNIDAD | L56: TARIFA | M56: RENDIMIENTO | O56: Vr. UNITARIO
C57: =+'CUADRILLAS '!D28 -> Cuadrilla OAA (Albañilería) 1Of y 2Ay | J57: 1 | K57: =SUBPRODUCTOS!B27 -> Día | L57: =+'CUADRILLAS '!H34 -> 139205 | M57: 0.15 | O57: =ROUND(L57*M57,0) -> 20881
C61: SUBTOTAL $ | O61: =SUM(O57:O60) -> 20881
C63: TOTAL COSTO DIRECTO $ | O63: =ROUND(O33+O45+O52+O61,0) -> 62565
C64: V. COSTOS INDIRECTOS
C67: Descripción | L67: Porcentaje | M67: Valor Total
C68: ADMINISTRACION | L68: =AIU!F29 -> 0.25 | M68: =L68*$O$63 -> 15641.25
C69: IMPREVISTOS | L69: =AIU!F30 -> 0.01 | M69: =L69*$O$63 -> 625.65
C70: UTILIDAD | L70: =AIU!F31 -> 0.05 | M70: =L70*$O$63 -> 3128.25
C71: SUBTOTAL $ | O71: =SUM(M68:O70) -> 19395.15
C73: Precio Unitario Total Aproximado al peso $ | O73: =O71+O63 -> 81960.15
D76: Elaborado por: | H76: Aprobado por:
D79: LAURA CAMILA ORDOÑEZ TEJADA | H79: MILTON STIVEN HOYOS HERMIDA
D80: ING. CIVIL APOYO PROFESIONAL | H80: SECRETARIO DE INFRAESTRUCTURA
D81: M.P 091037-0639549 CND | H81: M.P 161037-0560021 TLM

Sheet 11.8
C3: Código | D3: CCE-EICP-FM-32 | E3: Versión | F3: 1
C5: OBJETO: MANTENIMIENTO DE LA INFRAESTRUCTURA DE LAS SEDES ADMINISTRATIVAS DEL MUNICIPIO DE PITALITO
D8: ALCALDIA DE PITALITO
L9: VERSIÓN
D10: [NÚMERO DEL PROCESO]
L11: PÁGINA | M11: 1 | N11: DE | O11: 1
D13: ANALISIS DE PRECIOS UNITARIOS
L15: FECHA | M15: DD | N15: MM | O15: AA
M16: 3 | N16: 9 | O16: 2026
C21: DATOS ESPECÍFICOS
C23: ÍTEM | D23: DESCRIPCIÓN | M23: UNIDAD | O23: CANTIDAD
C24: =+'PRESUPUESTO OFICIAL'!D69 -> 11.8 | D24: =+'PRESUPUESTO OFICIAL'!G69 -> Suministro e instalación de salida sanitaria de 6” para sanitario con tanque, incluye tubería PVC sanitaria, brida, accesorios, conexiones, pruebas de estanqueidad, mano de obra y todo lo necesario para su correcta instalación y funcionamiento. | M24: =+'PRESUPUESTO OFICIAL'!H69 -> UND. | O24: =+'PRESUPUESTO OFICIAL'!I69 -> 1
C25: I. EQUIPO
C28: DESCRIPCIÓN | H28: MARCA | J28: UNIDAD | L28: TARIFA | M28: RENDIMIENTO | O28: Vr. UNITARIO
C29: HERRAMIENTA MENOR (M.O. 10%) | H29: N/A | J29: =INSUMOS!B26 -> Un | L29: =+O61 -> 20881 | M29: 0.1 | O29: =ROUND(M29*L29,0) -> 2088
C33: SUBTOTAL $ | O33: =SUM(O29:O32) -> 2088
C34: II. MATERIALES
C37: DESCRIPCIÓN | K37: UNIDAD | L37: CANTIDAD | M37: PRECIO UNIT. | O37: Vr. UNITARIO
C38: =+INSUMOS!A159 -> Soldadura PVCx1/4 galón. | K38: =+INSUMOS!B159 -> UND | L38: 0.02 | M38: =+INSUMOS!C159 -> 96900 | O38: =+L38*M38 -> 1938
C39: =+INSUMOS!A158 -> Limpiador removedor PVC 760 grMs. (1/4) | K39: =+INSUMOS!B158 -> GAL | L39: 0.02 | M39: =+INSUMOS!C158 -> 42900 | O39: =+L39*M39 -> 858
C40: =+INSUMOS!A184 -> TUBERÍA 6" | K40: =+INSUMOS!B184 -> ML | L40: 2 | M40: =+INSUMOS!C184 -> 36900 | O40: =+L40*M40 -> 73800
C41: =+INSUMOS!A185 -> CODO 6" | K41: =+INSUMOS!B185 -> UND | L41: 1 | M41: =+INSUMOS!C185 -> 15900 | O41: =+L41*M41 -> 15900
C42: =+INSUMOS!A186 -> TAPON 6" | K42: =+INSUMOS!B186 -> UND | L42: 1 | M42: =+INSUMOS!C186 -> 14900 | O42: =+L42*M42 -> 14900
C43: =+INSUMOS!A187 -> BRIDA SANITARIA 6" | K43: =+INSUMOS!B187 -> UND | L43: 1 | M43: =+INSUMOS!C187 -> 34000 | O43: =+L43*M43 -> 34000
C45: SUBTOTAL $ | O45: =ROUND(SUM(O38:O44),0) -> 141396
C46: III. TRANSPORTES
C49: TIPO | J49: VOL. o PESO | K49: UNIDAD | L49: TARIFA | M49: CANT / REND | O49: Vr. UNITARIO
C50: Transporte (% Vr. Materiales) | L50: =+O45 -> 141396 | M50: 0.1 | O50: =+ROUND(L50*M50,0) -> 14140
C52: SUBTOTAL $ | O52: =ROUND(SUM(O50:O51),0) -> 14140
C53: IV. MANO DE OBRA
C56: TRABAJADOR | J56: CANTIDAD | K56: UNIDAD | L56: TARIFA | M56: RENDIMIENTO | O56: Vr. UNITARIO
C57: =+'CUADRILLAS '!D28 -> Cuadrilla OAA (Albañilería) 1Of y 2Ay | J57: 1 | K57: =SUBPRODUCTOS!B27 -> Día | L57: =+'CUADRILLAS '!H34 -> 139205 | M57: 0.15 | O57: =ROUND(L57*M57,0) -> 20881
C61: SUBTOTAL $ | O61: =SUM(O57:O60) -> 20881
C63: TOTAL COSTO DIRECTO $ | O63: =ROUND(O33+O45+O52+O61,0) -> 178505
C64: V. COSTOS INDIRECTOS
C67: Descripción | L67: Porcentaje | M67: Valor Total
C68: ADMINISTRACION | L68: =AIU!F29 -> 0.25 | M68: =L68*$O$63 -> 44626.25
C69: IMPREVISTOS | L69: =AIU!F30 -> 0.01 | M69: =L69*$O$63 -> 1785.05
C70: UTILIDAD | L70: =AIU!F31 -> 0.05 | M70: =L70*$O$63 -> 8925.25
C71: SUBTOTAL $ | O71: =SUM(M68:O70) -> 55336.55
C73: Precio Unitario Total Aproximado al peso $ | O73: =O71+O63 -> 233841.55
D76: Elaborado por: | H76: Aprobado por:
D79: LAURA CAMILA ORDOÑEZ TEJADA | H79: MILTON STIVEN HOYOS HERMIDA
D80: ING. CIVIL APOYO PROFESIONAL | H80: SECRETARIO DE INFRAESTRUCTURA
D81: M.P 091037-0639549 CND | H81: M.P 161037-0560021 TLM

Sheet 11.9
C3: Código | D3: CCE-EICP-FM-32 | E3: Versión | F3: 1
C5: OBJETO: MANTENIMIENTO DE LA INFRAESTRUCTURA DE LAS SEDES ADMINISTRATIVAS DEL MUNICIPIO DE PITALITO
D8: ALCALDIA DE PITALITO
L9: VERSIÓN
D10: [NÚMERO DEL PROCESO]
L11: PÁGINA | M11: 1 | N11: DE | O11: 1
D13: ANALISIS DE PRECIOS UNITARIOS
L15: FECHA | M15: DD | N15: MM | O15: AA
M16: 3 | N16: 9 | O16: 2026
C21: DATOS ESPECÍFICOS
C23: ÍTEM | D23: DESCRIPCIÓN | M23: UNIDAD | O23: CANTIDAD
C24: =+'PRESUPUESTO OFICIAL'!D70 -> 11.9 | D24: =+'PRESUPUESTO OFICIAL'!G70 -> Suministro e instalación de salida sanitaria de 3” para ducha, incluye tubería PVC sanitaria, rejilla, sifón, accesorios, conexiones, pruebas de estanqueidad, mano de obraa y todo lo necesario para su correcta instalación y funcionamiento. | M24: =+'PRESUPUESTO OFICIAL'!H70 -> UND. | O24: =+'PRESUPUESTO OFICIAL'!I70 -> 1
C25: I. EQUIPO
C28: DESCRIPCIÓN | H28: MARCA | J28: UNIDAD | L28: TARIFA | M28: RENDIMIENTO | O28: Vr. UNITARIO
C29: HERRAMIENTA MENOR (M.O. 10%) | H29: N/A | J29: =INSUMOS!B26 -> Un | L29: =+O61 -> 27841 | M29: 0.1 | O29: =ROUND(M29*L29,0) -> 2784
C33: SUBTOTAL $ | O33: =SUM(O29:O32) -> 2784
C34: II. MATERIALES
C37: DESCRIPCIÓN | K37: UNIDAD | L37: CANTIDAD | M37: PRECIO UNIT. | O37: Vr. UNITARIO
C38: =+INSUMOS!A159 -> Soldadura PVCx1/4 galón. | K38: =+INSUMOS!B159 -> UND | L38: 0.01 | M38: =+INSUMOS!C159 -> 96900 | O38: =+L38*M38 -> 969
C39: =+INSUMOS!A158 -> Limpiador removedor PVC 760 grMs. (1/4) | K39: =+INSUMOS!B158 -> GAL | L39: 0.01 | M39: =+INSUMOS!C158 -> 42900 | O39: =+L39*M39 -> 429
C40: =+INSUMOS!A188 -> TUBERÍA 3" | K40: =+INSUMOS!B188 -> ML | L40: 1.5 | M40: =+INSUMOS!C188 -> 17000 | O40: =+L40*M40 -> 25500
C41: =+INSUMOS!A189 -> CODO 3" | K41: =+INSUMOS!B189 -> UND | L41: 1 | M41: =+INSUMOS!C189 -> 5025 | O41: =+L41*M41 -> 5025
C42: =+INSUMOS!A190 -> TAPON 3" | K42: =+INSUMOS!B190 -> UND | L42: 1 | M42: =+INSUMOS!C190 -> 2000 | O42: =+L42*M42 -> 2000
C43: =+INSUMOS!A191 -> SIFÓN 3" CON REJILLA | K43: =+INSUMOS!B191 -> UND | L43: 1 | M43: =+INSUMOS!C191 -> 16000 | O43: =+L43*M43 -> 16000
C45: SUBTOTAL $ | O45: =ROUND(SUM(O38:O44),0) -> 49923
C46: III. TRANSPORTES
C49: TIPO | J49: VOL. o PESO | K49: UNIDAD | L49: TARIFA | M49: CANT / REND | O49: Vr. UNITARIO
C50: Transporte (% Vr. Materiales) | L50: =+O45 -> 49923 | M50: 0.1 | O50: =+ROUND(L50*M50,0) -> 4992
C52: SUBTOTAL $ | O52: =ROUND(SUM(O50:O51),0) -> 4992
C53: IV. MANO DE OBRA
C56: TRABAJADOR | J56: CANTIDAD | K56: UNIDAD | L56: TARIFA | M56: RENDIMIENTO | O56: Vr. UNITARIO
C57: =+'CUADRILLAS '!D28 -> Cuadrilla OAA (Albañilería) 1Of y 2Ay | J57: 1 | K57: =SUBPRODUCTOS!B27 -> Día | L57: =+'CUADRILLAS '!H34 -> 139205 | M57: 0.2 | O57: =ROUND(L57*M57,0) -> 27841
C61: SUBTOTAL $ | O61: =SUM(O57:O60) -> 27841
C63: TOTAL COSTO DIRECTO $ | O63: =ROUND(O33+O45+O52+O61,0) -> 85540
C64: V. COSTOS INDIRECTOS
C67: Descripción | L67: Porcentaje | M67: Valor Total
C68: ADMINISTRACION | L68: =AIU!F29 -> 0.25 | M68: =L68*$O$63 -> 21385
C69: IMPREVISTOS | L69: =AIU!F30 -> 0.01 | M69: =L69*$O$63 -> 855.4
C70: UTILIDAD | L70: =AIU!F31 -> 0.05 | M70: =L70*$O$63 -> 4277
C71: SUBTOTAL $ | O71: =SUM(M68:O70) -> 26517.4
C73: Precio Unitario Total Aproximado al peso $ | O73: =O71+O63 -> 112057.4
D76: Elaborado por: | H76: Aprobado por:
D79: LAURA CAMILA ORDOÑEZ TEJADA | H79: MILTON STIVEN HOYOS HERMIDA
D80: ING. CIVIL APOYO PROFESIONAL | H80: SECRETARIO DE INFRAESTRUCTURA
D81: M.P 091037-0639549 CND | H81: M.P 161037-0560021 TLM

Sheet 11.10
C3: Código | D3: CCE-EICP-FM-32 | E3: Versión | F3: 1
C5: OBJETO: MANTENIMIENTO DE LA INFRAESTRUCTURA DE LAS SEDES ADMINISTRATIVAS DEL MUNICIPIO DE PITALITO
D8: ALCALDIA DE PITALITO
L9: VERSIÓN
D10: [NÚMERO DEL PROCESO]
L11: PÁGINA | M11: 1 | N11: DE | O11: 1
D13: ANALISIS DE PRECIOS UNITARIOS
L15: FECHA | M15: DD | N15: MM | O15: AA
M16: 3 | N16: 9 | O16: 2026
C21: DATOS ESPECÍFICOS
C23: ÍTEM | D23: DESCRIPCIÓN | M23: UNIDAD | O23: CANTIDAD
C24: =+'PRESUPUESTO OFICIAL'!D71 -> 11.1 | D24: =+'PRESUPUESTO OFICIAL'!G71 -> Suministro e instalación de salida sanitaria de 3” para lavadero, incluye tubería PVC sanitaria, sifón, accesorios, conexiones, pruebas de estanqueidad, mano de obra y todo lo necesario para su correcta instalación y funcionamiento. | M24: =+'PRESUPUESTO OFICIAL'!H71 -> UND. | O24: =+'PRESUPUESTO OFICIAL'!I71 -> 2
C25: I. EQUIPO
C28: DESCRIPCIÓN | H28: MARCA | J28: UNIDAD | L28: TARIFA | M28: RENDIMIENTO | O28: Vr. UNITARIO
C29: HERRAMIENTA MENOR (M.O. 10%) | H29: N/A | J29: =INSUMOS!B26 -> Un | L29: =+O61 -> 27841 | M29: 0.1 | O29: =ROUND(M29*L29,0) -> 2784
C33: SUBTOTAL $ | O33: =SUM(O29:O32) -> 2784
C34: II. MATERIALES
C37: DESCRIPCIÓN | K37: UNIDAD | L37: CANTIDAD | M37: PRECIO UNIT. | O37: Vr. UNITARIO
C38: =+INSUMOS!A159 -> Soldadura PVCx1/4 galón. | K38: =+INSUMOS!B159 -> UND | L38: 0.01 | M38: =+INSUMOS!C159 -> 96900 | O38: =+L38*M38 -> 969
C39: =+INSUMOS!A158 -> Limpiador removedor PVC 760 grMs. (1/4) | K39: =+INSUMOS!B158 -> GAL | L39: 0.01 | M39: =+INSUMOS!C158 -> 42900 | O39: =+L39*M39 -> 429
C40: =+INSUMOS!A188 -> TUBERÍA 3" | K40: =+INSUMOS!B188 -> ML | L40: 1.5 | M40: =+INSUMOS!C188 -> 17000 | O40: =+L40*M40 -> 25500
C41: =+INSUMOS!A189 -> CODO 3" | K41: =+INSUMOS!B189 -> UND | L41: 1 | M41: =+INSUMOS!C189 -> 5025 | O41: =+L41*M41 -> 5025
C42: =+INSUMOS!A190 -> TAPON 3" | K42: =+INSUMOS!B190 -> UND | L42: 1 | M42: =+INSUMOS!C190 -> 2000 | O42: =+L42*M42 -> 2000
C43: =+INSUMOS!A191 -> SIFÓN 3" CON REJILLA | K43: =+INSUMOS!B191 -> UND | L43: 1 | M43: =+INSUMOS!C191 -> 16000 | O43: =+L43*M43 -> 16000
C45: SUBTOTAL $ | O45: =ROUND(SUM(O38:O44),0) -> 49923
C46: III. TRANSPORTES
C49: TIPO | J49: VOL. o PESO | K49: UNIDAD | L49: TARIFA | M49: CANT / REND | O49: Vr. UNITARIO
C50: Transporte (% Vr. Materiales) | L50: =+O45 -> 49923 | M50: 0.1 | O50: =+ROUND(L50*M50,0) -> 4992
C52: SUBTOTAL $ | O52: =ROUND(SUM(O50:O51),0) -> 4992
C53: IV. MANO DE OBRA
C56: TRABAJADOR | J56: CANTIDAD | K56: UNIDAD | L56: TARIFA | M56: RENDIMIENTO | O56: Vr. UNITARIO
C57: =+'CUADRILLAS '!D28 -> Cuadrilla OAA (Albañilería) 1Of y 2Ay | J57: 1 | K57: =SUBPRODUCTOS!B27 -> Día | L57: =+'CUADRILLAS '!H34 -> 139205 | M57: 0.2 | O57: =ROUND(L57*M57,0) -> 27841
C61: SUBTOTAL $ | O61: =SUM(O57:O60) -> 27841
C63: TOTAL COSTO DIRECTO $ | O63: =ROUND(O33+O45+O52+O61,0) -> 85540
C64: V. COSTOS INDIRECTOS
C67: Descripción | L67: Porcentaje | M67: Valor Total
C68: ADMINISTRACION | L68: =AIU!F29 -> 0.25 | M68: =L68*$O$63 -> 21385
C69: IMPREVISTOS | L69: =AIU!F30 -> 0.01 | M69: =L69*$O$63 -> 855.4
C70: UTILIDAD | L70: =AIU!F31 -> 0.05 | M70: =L70*$O$63 -> 4277
C71: SUBTOTAL $ | O71: =SUM(M68:O70) -> 26517.4
C73: Precio Unitario Total Aproximado al peso $ | O73: =O71+O63 -> 112057.4
D76: Elaborado por: | H76: Aprobado por:
D79: LAURA CAMILA ORDOÑEZ TEJADA | H79: MILTON STIVEN HOYOS HERMIDA
D80: ING. CIVIL APOYO PROFESIONAL | H80: SECRETARIO DE INFRAESTRUCTURA
D81: M.P 091037-0639549 CND | H81: M.P 161037-0560021 TLM

Sheet 11.11
C3: Código | D3: CCE-EICP-FM-32 | E3: Versión | F3: 1
C5: OBJETO: MANTENIMIENTO DE LA INFRAESTRUCTURA DE LAS SEDES ADMINISTRATIVAS DEL MUNICIPIO DE PITALITO
D8: ALCALDIA DE PITALITO
L9: VERSIÓN
D10: [NÚMERO DEL PROCESO]
L11: PÁGINA | M11: 1 | N11: DE | O11: 1
D13: ANALISIS DE PRECIOS UNITARIOS
L15: FECHA | M15: DD | N15: MM | O15: AA
M16: 3 | N16: 9 | O16: 2026
C21: DATOS ESPECÍFICOS
C23: ÍTEM | D23: DESCRIPCIÓN | M23: UNIDAD | O23: CANTIDAD
C24: =+'PRESUPUESTO OFICIAL'!D72 -> 11.11 | D24: =+'PRESUPUESTO OFICIAL'!G72 -> Suministro e instalación de tubería PVC sanitaria de 6” para conducción de aguas negras y lluvias, incluye excavación, cama de apoyo, accesorios, uniones, relleno, compactación, mano de obra y todo lo necesario para su correcta instalación y funcionamiento. | M24: =+'PRESUPUESTO OFICIAL'!H72 -> ML | O24: =+'PRESUPUESTO OFICIAL'!I72 -> 3
C25: I. EQUIPO
C28: DESCRIPCIÓN | H28: MARCA | J28: UNIDAD | L28: TARIFA | M28: RENDIMIENTO | O28: Vr. UNITARIO
C29: HERRAMIENTA MENOR (M.O. 10%) | H29: N/A | J29: =INSUMOS!B26 -> Un | L29: =+O62 -> 27841 | M29: 0.1 | O29: =ROUND(M29*L29,0) -> 2784
C33: SUBTOTAL $ | O33: =SUM(O29:O32) -> 2784
C34: II. MATERIALES
C37: DESCRIPCIÓN | K37: UNIDAD | L37: CANTIDAD | M37: PRECIO UNIT. | O37: Vr. UNITARIO
C38: =+INSUMOS!A159 -> Soldadura PVCx1/4 galón. | K38: =+INSUMOS!B159 -> UND | L38: 0.01 | M38: =+INSUMOS!C159 -> 96900 | O38: =+L38*M38 -> 969
C39: =+INSUMOS!A158 -> Limpiador removedor PVC 760 grMs. (1/4) | K39: =+INSUMOS!B158 -> GAL | L39: 0.01 | M39: =+INSUMOS!C158 -> 42900 | O39: =+L39*M39 -> 429
C40: =+INSUMOS!A184 -> TUBERÍA 6" | K40: =+INSUMOS!B184 -> ML | L40: 3 | M40: =+INSUMOS!C184 -> 36900 | O40: =+L40*M40 -> 110700
C41: ACCESORIO SANITARIO 4" | K41: =+INSUMOS!B189 -> UND | L41: 0.1 | M41: =+INSUMOS!C185 -> 15900 | O41: =+L41*M41 -> 1590
C42: Excavación a mano en terreno común | K42: m³ | L42: 0.1 | M42: =+'PRESUPUESTO OFICIAL'!J33 -> 41625 | O42: =+L42*M42 -> 4162.5
C43: =+INSUMOS!A127 -> RECEBO COMÚN | K43: =+INSUMOS!B127 -> m3 | L43: 0.02 | M43: =+INSUMOS!C127 -> 35000 | O43: =+L43*M43 -> 700
C46: SUBTOTAL $ | O46: =ROUND(SUM(O38:O45),0) -> 118551
C47: III. TRANSPORTES
C50: TIPO | J50: VOL. o PESO | K50: UNIDAD | L50: TARIFA | M50: CANT / REND | O50: Vr. UNITARIO
C51: Transporte (% Vr. Materiales) | L51: =+O46 -> 118551 | M51: 0.1 | O51: =+ROUND(L51*M51,0) -> 11855
C53: SUBTOTAL $ | O53: =ROUND(SUM(O51:O52),0) -> 11855
C54: IV. MANO DE OBRA
C57: TRABAJADOR | J57: CANTIDAD | K57: UNIDAD | L57: TARIFA | M57: RENDIMIENTO | O57: Vr. UNITARIO
C58: =+'CUADRILLAS '!D28 -> Cuadrilla OAA (Albañilería) 1Of y 2Ay | J58: 1 | K58: =SUBPRODUCTOS!B27 -> Día | L58: =+'CUADRILLAS '!H34 -> 139205 | M58: 0.2 | O58: =ROUND(L58*M58,0) -> 27841
C62: SUBTOTAL $ | O62: =SUM(O58:O61) -> 27841
C64: TOTAL COSTO DIRECTO $ | O64: =ROUND(O33+O46+O53+O62,0) -> 161031
C65: V. COSTOS INDIRECTOS
C68: Descripción | L68: Porcentaje | M68: Valor Total
C69: ADMINISTRACION | L69: =AIU!F29 -> 0.25 | M69: =L69*$O$64 -> 40257.75
C70: IMPREVISTOS | L70: =AIU!F30 -> 0.01 | M70: =L70*$O$64 -> 1610.31
C71: UTILIDAD | L71: =AIU!F31 -> 0.05 | M71: =L71*$O$64 -> 8051.55
C72: SUBTOTAL $ | O72: =SUM(M69:O71) -> 49919.61
C74: Precio Unitario Total Aproximado al peso $ | O74: =O72+O64 -> 210950.61
D77: Elaborado por: | H77: Aprobado por:
D80: LAURA CAMILA ORDOÑEZ TEJADA | H80: MILTON STIVEN HOYOS HERMIDA
D81: ING. CIVIL APOYO PROFESIONAL | H81: SECRETARIO DE INFRAESTRUCTURA
D82: M.P 091037-0639549 CND | H82: M.P 161037-0560021 TLM

Sheet 11.12
C3: Código | D3: CCE-EICP-FM-32 | E3: Versión | F3: 1
C5: OBJETO: MANTENIMIENTO DE LA INFRAESTRUCTURA DE LAS SEDES ADMINISTRATIVAS DEL MUNICIPIO DE PITALITO
D8: ALCALDIA DE PITALITO
L9: VERSIÓN
D10: [NÚMERO DEL PROCESO]
L11: PÁGINA | M11: 1 | N11: DE | O11: 1
D13: ANALISIS DE PRECIOS UNITARIOS
L15: FECHA | M15: DD | N15: MM | O15: AA
M16: 3 | N16: 9 | O16: 2026
C21: DATOS ESPECÍFICOS
C23: ÍTEM | D23: DESCRIPCIÓN | M23: UNIDAD | O23: CANTIDAD
C24: =+'PRESUPUESTO OFICIAL'!D73 -> 11.12 | D24: =+'PRESUPUESTO OFICIAL'!G73 -> Suministro e instalación de tubería PVC sanitaria de 3” para conducción de aguas negras y lluvias, incluye excavación, cama de apoyo, accesorios, uniones, relleno, compactación, mano de obra y todo lo necesario para su correcta instalación y funcionamiento. | M24: =+'PRESUPUESTO OFICIAL'!H73 -> ML | O24: =+'PRESUPUESTO OFICIAL'!I73 -> 6
C25: I. EQUIPO
C28: DESCRIPCIÓN | H28: MARCA | J28: UNIDAD | L28: TARIFA | M28: RENDIMIENTO | O28: Vr. UNITARIO
C29: HERRAMIENTA MENOR (M.O. 10%) | H29: N/A | J29: =INSUMOS!B26 -> Un | L29: =+O62 -> 27841 | M29: 0.1 | O29: =ROUND(M29*L29,0) -> 2784
C33: SUBTOTAL $ | O33: =SUM(O29:O32) -> 2784
C34: II. MATERIALES
C37: DESCRIPCIÓN | K37: UNIDAD | L37: CANTIDAD | M37: PRECIO UNIT. | O37: Vr. UNITARIO
C38: =+INSUMOS!A159 -> Soldadura PVCx1/4 galón. | K38: =+INSUMOS!B159 -> UND | L38: 0.01 | M38: =+INSUMOS!C159 -> 96900 | O38: =+L38*M38 -> 969
C39: =+INSUMOS!A158 -> Limpiador removedor PVC 760 grMs. (1/4) | K39: =+INSUMOS!B158 -> GAL | L39: 0.01 | M39: =+INSUMOS!C158 -> 42900 | O39: =+L39*M39 -> 429
C40: =+INSUMOS!A188 -> TUBERÍA 3" | K40: =+INSUMOS!B188 -> ML | L40: 1.1 | M40: =+INSUMOS!C188 -> 17000 | O40: =+L40*M40 -> 18700
C41: ACCESORIO SANITARIO 3" | K41: =+INSUMOS!B189 -> UND | L41: 0.25 | M41: =+INSUMOS!C189+INSUMOS!C190 -> 7025 | O41: =+L41*M41 -> 1756.25
C42: Excavación a mano en terreno común | K42: m³ | L42: =1*0.2*0.5*1.1 -> 0.11 | M42: =+'PRESUPUESTO OFICIAL'!J33 -> 41625 | O42: =+L42*M42 -> 4578.75
C43: =+INSUMOS!A127 -> RECEBO COMÚN | K43: =+INSUMOS!B127 -> m3 | L43: =1*0.1*0.2*1.3 -> 0.026 | M43: =+INSUMOS!C127 -> 35000 | O43: =+L43*M43 -> 910
C46: SUBTOTAL $ | O46: =ROUND(SUM(O38:O45),0) -> 27343
C47: III. TRANSPORTES
C50: TIPO | J50: VOL. o PESO | K50: UNIDAD | L50: TARIFA | M50: CANT / REND | O50: Vr. UNITARIO
C51: Transporte (% Vr. Materiales) | L51: =+O46 -> 27343 | M51: 0.1 | O51: =+ROUND(L51*M51,0) -> 2734
C53: SUBTOTAL $ | O53: =ROUND(SUM(O51:O52),0) -> 2734
C54: IV. MANO DE OBRA
C57: TRABAJADOR | J57: CANTIDAD | K57: UNIDAD | L57: TARIFA | M57: RENDIMIENTO | O57: Vr. UNITARIO
C58: =+'CUADRILLAS '!D28 -> Cuadrilla OAA (Albañilería) 1Of y 2Ay | J58: 1 | K58: =SUBPRODUCTOS!B27 -> Día | L58: =+'CUADRILLAS '!H34 -> 139205 | M58: 0.2 | O58: =ROUND(L58*M58,0) -> 27841
C62: SUBTOTAL $ | O62: =SUM(O58:O61) -> 27841
C64: TOTAL COSTO DIRECTO $ | O64: =ROUND(O33+O46+O53+O62,0) -> 60702
C65: V. COSTOS INDIRECTOS
C68: Descripción | L68: Porcentaje | M68: Valor Total
C69: ADMINISTRACION | L69: =AIU!F29 -> 0.25 | M69: =L69*$O$64 -> 15175.5
C70: IMPREVISTOS | L70: =AIU!F30 -> 0.01 | M70: =L70*$O$64 -> 607.02
C71: UTILIDAD | L71: =AIU!F31 -> 0.05 | M71: =L71*$O$64 -> 3035.1
C72: SUBTOTAL $ | O72: =SUM(M69:O71) -> 18817.62
C74: Precio Unitario Total Aproximado al peso $ | O74: =O72+O64 -> 79519.62
D77: Elaborado por: | H77: Aprobado por:
D80: LAURA CAMILA ORDOÑEZ TEJADA | H80: MILTON STIVEN HOYOS HERMIDA
D81: ING. CIVIL APOYO PROFESIONAL | H81: SECRETARIO DE INFRAESTRUCTURA
D82: M.P 091037-0639549 CND | H82: M.P 161037-0560021 TLM

Sheet 11.13
C3: Código | D3: CCE-EICP-FM-32 | E3: Versión | F3: 1
C5: OBJETO: MANTENIMIENTO DE LA INFRAESTRUCTURA DE LAS SEDES ADMINISTRATIVAS DEL MUNICIPIO DE PITALITO
D8: ALCALDIA DE PITALITO
L9: VERSIÓN
D10: [NÚMERO DEL PROCESO]
L11: PÁGINA | M11: 1 | N11: DE | O11: 1
D13: ANALISIS DE PRECIOS UNITARIOS
L15: FECHA | M15: DD | N15: MM | O15: AA
M16: 3 | N16: 9 | O16: 2026
C21: DATOS ESPECÍFICOS
C23: ÍTEM | D23: DESCRIPCIÓN | M23: UNIDAD | O23: CANTIDAD
C24: =+'PRESUPUESTO OFICIAL'!D74 -> 11.13 | D24: =+'PRESUPUESTO OFICIAL'!G74 -> Suministro e instalación de tubería PVC sanitaria de 2” para conducción de aguas residuales, incluye excavación, cama de apoyo, accesorios, uniones, relleno, compactación, mano de obra y todo lo necesario para su correcta instalación y funcionamiento. | M24: =+'PRESUPUESTO OFICIAL'!H74 -> ML | O24: =+'PRESUPUESTO OFICIAL'!I74 -> 2
C25: I. EQUIPO
C28: DESCRIPCIÓN | H28: MARCA | J28: UNIDAD | L28: TARIFA | M28: RENDIMIENTO | O28: Vr. UNITARIO
C29: HERRAMIENTA MENOR (M.O. 10%) | H29: N/A | J29: =INSUMOS!B26 -> Un | L29: =+O62 -> 27841 | M29: 0.1 | O29: =ROUND(M29*L29,0) -> 2784
C33: SUBTOTAL $ | O33: =SUM(O29:O32) -> 2784
C34: II. MATERIALES
C37: DESCRIPCIÓN | K37: UNIDAD | L37: CANTIDAD | M37: PRECIO UNIT. | O37: Vr. UNITARIO
C38: =+INSUMOS!A159 -> Soldadura PVCx1/4 galón. | K38: =+INSUMOS!B159 -> UND | L38: 0.01 | M38: =+INSUMOS!C159 -> 96900 | O38: =+L38*M38 -> 969
C39: =+INSUMOS!A158 -> Limpiador removedor PVC 760 grMs. (1/4) | K39: =+INSUMOS!B158 -> GAL | L39: 0.01 | M39: =+INSUMOS!C158 -> 42900 | O39: =+L39*M39 -> 429
C40: =+INSUMOS!A180 -> TUBERÍA 2" | K40: =+INSUMOS!B180 -> ML | L40: 1.1 | M40: =+INSUMOS!C180 -> 11500 | O40: =+L40*M40 -> 12650
C41: ACCESORIO SANITARIO 2" | K41: =+INSUMOS!B189 -> UND | L41: 0.25 | M41: =+INSUMOS!C181+INSUMOS!C183 -> 6100 | O41: =+L41*M41 -> 1525
C42: Excavación a mano en terreno común | K42: m³ | L42: =1*0.2*0.5*1.1 -> 0.11 | M42: =+'PRESUPUESTO OFICIAL'!J33 -> 41625 | O42: =+L42*M42 -> 4578.75
C43: =+INSUMOS!A127 -> RECEBO COMÚN | K43: =+INSUMOS!B127 -> m3 | L43: =1*0.1*0.2*1.3 -> 0.026 | M43: =+INSUMOS!C127 -> 35000 | O43: =+L43*M43 -> 910
C46: SUBTOTAL $ | O46: =ROUND(SUM(O38:O45),0) -> 21062
C47: III. TRANSPORTES
C50: TIPO | J50: VOL. o PESO | K50: UNIDAD | L50: TARIFA | M50: CANT / REND | O50: Vr. UNITARIO
C51: Transporte (% Vr. Materiales) | L51: =+O46 -> 21062 | M51: 0.1 | O51: =+ROUND(L51*M51,0) -> 2106
C53: SUBTOTAL $ | O53: =ROUND(SUM(O51:O52),0) -> 2106
C54: IV. MANO DE OBRA
C57: TRABAJADOR | J57: CANTIDAD | K57: UNIDAD | L57: TARIFA | M57: RENDIMIENTO | O57: Vr. UNITARIO
C58: =+'CUADRILLAS '!D28 -> Cuadrilla OAA (Albañilería) 1Of y 2Ay | J58: 1 | K58: =SUBPRODUCTOS!B27 -> Día | L58: =+'CUADRILLAS '!H34 -> 139205 | M58: 0.2 | O58: =ROUND(L58*M58,0) -> 27841
C62: SUBTOTAL $ | O62: =SUM(O58:O61) -> 27841
C64: TOTAL COSTO DIRECTO $ | O64: =ROUND(O33+O46+O53+O62,0) -> 53793
C65: V. COSTOS INDIRECTOS
C68: Descripción | L68: Porcentaje | M68: Valor Total
C69: ADMINISTRACION | L69: =AIU!F29 -> 0.25 | M69: =L69*$O$64 -> 13448.25
C70: IMPREVISTOS | L70: =AIU!F30 -> 0.01 | M70: =L70*$O$64 -> 537.93
C71: UTILIDAD | L71: =AIU!F31 -> 0.05 | M71: =L71*$O$64 -> 2689.65
C72: SUBTOTAL $ | O72: =SUM(M69:O71) -> 16675.83
C74: Precio Unitario Total Aproximado al peso $ | O74: =O72+O64 -> 70468.83
D77: Elaborado por: | H77: Aprobado por:
D80: LAURA CAMILA ORDOÑEZ TEJADA | H80: MILTON STIVEN HOYOS HERMIDA
D81: ING. CIVIL APOYO PROFESIONAL | H81: SECRETARIO DE INFRAESTRUCTURA
D82: M.P 091037-0639549 CND | H82: M.P 161037-0560021 TLM

Sheet 11.14
C3: Código | D3: CCE-EICP-FM-32 | E3: Versión | F3: 1
C5: OBJETO: MANTENIMIENTO DE LA INFRAESTRUCTURA DE LAS SEDES ADMINISTRATIVAS DEL MUNICIPIO DE PITALITO
D8: ALCALDIA DE PITALITO
L9: VERSIÓN
D10: [NÚMERO DEL PROCESO]
L11: PÁGINA | M11: 1 | N11: DE | O11: 1
D13: ANALISIS DE PRECIOS UNITARIOS
L15: FECHA | M15: DD | N15: MM | O15: AA
M16: 3 | N16: 9 | O16: 2026
C21: DATOS ESPECÍFICOS
C23: ÍTEM | D23: DESCRIPCIÓN | M23: UNIDAD | O23: CANTIDAD
C24: =+'PRESUPUESTO OFICIAL'!D75 -> 11.14 | D24: =+'PRESUPUESTO OFICIAL'!G75 -> Suministro e instalación de tanque de almacenamiento en PVC o plástico de 500 litros, incluye base de apoyo, accesorios hidráulicos, válvulas, flotador, conexiones, pruebas de funcionamiento, mano de obra y todo lo necesario para su correcta instalación y funcionamiento. | M24: =+'PRESUPUESTO OFICIAL'!H75 -> UND. | O24: =+'PRESUPUESTO OFICIAL'!I75 -> 1
C25: I. EQUIPO
C28: DESCRIPCIÓN | H28: MARCA | J28: UNIDAD | L28: TARIFA | M28: RENDIMIENTO | O28: Vr. UNITARIO
C29: HERRAMIENTA MENOR (M.O. 10%) | H29: N/A | J29: =INSUMOS!B26 -> Un | L29: =+O73 -> 69603 | M29: 0.1 | O29: =ROUND(M29*L29,0) -> 6960
C30: =+SUBPRODUCTOS!A4 -> ALQUILER DE ANDAMIO TUBULAR CON TIJERA 1.50x1.50 m | H30: N/A | J30: Día | L30: =+SUBPRODUCTOS!E12 -> 4827 | M30: 1 | O30: =ROUND(M30*L30,0) -> 4827
C33: SUBTOTAL $ | O33: =SUM(O29:O32) -> 11787
C34: II. MATERIALES
C37: DESCRIPCIÓN | K37: UNIDAD | L37: CANTIDAD | M37: PRECIO UNIT. | O37: Vr. UNITARIO
C38: =+INSUMOS!A159 -> Soldadura PVCx1/4 galón. | K38: =+INSUMOS!B159 -> UND | L38: 0.01 | M38: =+INSUMOS!C159 -> 96900 | O38: =+L38*M38 -> 969
C39: =+INSUMOS!A158 -> Limpiador removedor PVC 760 grMs. (1/4) | K39: =+INSUMOS!B158 -> GAL | L39: 0.01 | M39: =+INSUMOS!C158 -> 42900 | O39: =+L39*M39 -> 429
C40: =+INSUMOS!A192 -> TANQUE 300 LITROS INCLUYE FLOTADOR Y ACCESORIOS | K40: =+INSUMOS!B192 -> UND | L40: 1 | M40: =+INSUMOS!C192 -> 370000 | O40: =+L40*M40 -> 370000
C41: =+INSUMOS!A193 -> TUBERÍA 1" | K41: =+INSUMOS!B193 -> ML | L41: 4 | M41: =+INSUMOS!C193 -> 35900 | O41: =+L41*M41 -> 143600
C42: =+INSUMOS!A174 -> TUBERÍA 1/2" | K42: =+INSUMOS!B174 -> ML | L42: 6 | M42: =+INSUMOS!C174 -> 11900 | O42: =+L42*M42 -> 71400
C43: =+INSUMOS!A172 -> TUBERÍA 3/4" | K43: =+INSUMOS!B172 -> ML | L43: 4 | M43: =+INSUMOS!C172 -> 16900 | O43: =+L43*M43 -> 67600
C44: =+INSUMOS!A179 -> CHEQUE 1/2" | K44: =+INSUMOS!B179 -> UND | L44: 1 | M44: =+INSUMOS!C179 -> 35100 | O44: =+L44*M44 -> 35100
C45: =+INSUMOS!A194 -> CODO 1" | K45: =+INSUMOS!B194 -> UND | L45: 4 | M45: =+INSUMOS!C194 -> 3100 | O45: =+L45*M45 -> 12400
C46: =+INSUMOS!A177 -> CODO 1/2" | K46: =+INSUMOS!B177 -> UND | L46: 1 | M46: =+INSUMOS!C177 -> 750 | O46: =+L46*M46 -> 750
C47: =+INSUMOS!A195 -> TEE 1" | K47: =+INSUMOS!B178 -> UND | L47: 3 | M47: =+INSUMOS!C195 -> 4900 | O47: =+L47*M47 -> 14700
C48: =+INSUMOS!A178 -> TEE 1/2" | K48: =+INSUMOS!B196 -> UND | L48: 1 | M48: =+INSUMOS!C178 -> 900 | O48: =+L48*M48 -> 900
C49: =+INSUMOS!A196 -> ADAPTADOR MACHO 1" | K49: =+INSUMOS!B196 -> UND | L49: 2 | M49: =+INSUMOS!C196 -> 1800 | O49: =+L49*M49 -> 3600
C50: =+INSUMOS!A175 -> ADAPTADOR MACHO 1/2" | K50: =+INSUMOS!B175 -> UND | L50: 6 | M50: =+INSUMOS!C175 -> 550 | O50: =+L50*M50 -> 3300
C51: =+INSUMOS!A173 -> ADAPTADOR MACHO 3/4" | K51: =+INSUMOS!B173 -> UND | L51: 2 | M51: =+INSUMOS!C173 -> 2200 | O51: =+L51*M51 -> 4400
C52: =+INSUMOS!A197 -> BUJE SOLDADO 1" A 1/2" | K52: =+INSUMOS!B197 -> UND | L52: 1 | M52: =+INSUMOS!C197 -> 2100 | O52: =+L52*M52 -> 2100
C53: =+INSUMOS!A198 -> BUJE SOLDADO 1" A 3/4" | K53: =+INSUMOS!B198 -> UND | L53: 1 | M53: =+INSUMOS!C198 -> 2100 | O53: =+L53*M53 -> 2100
C54: =+INSUMOS!A199 -> REGISTRO CORTINA DE COBRE 1/2" TIPO RW | K54: =+INSUMOS!B199 -> UND | L54: 1 | M54: =+INSUMOS!C199 -> 45000 | O54: =+L54*M54 -> 45000
C55: =+INSUMOS!A200 -> REGISTRO CORTINA DE COBRE 3/4" TIPO RW | K55: =+INSUMOS!B200 -> UND | L55: 1 | M55: =+INSUMOS!C200 -> 55000 | O55: =+L55*M55 -> 55000
C56: =+INSUMOS!A201 -> REGISTRO CORTINA DE COBRE 1" TIPO RW | K56: =+INSUMOS!B201 -> UND | L56: 1 | M56: =+INSUMOS!C201 -> 75000 | O56: =+L56*M56 -> 75000
C57: SUBTOTAL $ | O57: =ROUND(SUM(O38:O56),0) -> 908348
C58: III. TRANSPORTES
C61: TIPO | J61: VOL. o PESO | K61: UNIDAD | L61: TARIFA | M61: CANT / REND | O61: Vr. UNITARIO
C62: Transporte (% Vr. Materiales) | L62: =+O57 -> 908348 | M62: 0.1 | O62: =+ROUND(L62*M62,0) -> 90835
C64: SUBTOTAL $ | O64: =ROUND(SUM(O62:O63),0) -> 90835
C65: IV. MANO DE OBRA
C68: TRABAJADOR | J68: CANTIDAD | K68: UNIDAD | L68: TARIFA | M68: RENDIMIENTO | O68: Vr. UNITARIO
C69: =+'CUADRILLAS '!D28 -> Cuadrilla OAA (Albañilería) 1Of y 2Ay | J69: 1 | K69: =SUBPRODUCTOS!B27 -> Día | L69: =+'CUADRILLAS '!H34 -> 139205 | M69: 0.5 | O69: =ROUND(L69*M69,0) -> 69603
C73: SUBTOTAL $ | O73: =SUM(O69:O72) -> 69603
C75: TOTAL COSTO DIRECTO $ | O75: =ROUND(O33+O57+O64+O73,0) -> 1080573
C76: V. COSTOS INDIRECTOS
C79: Descripción | L79: Porcentaje | M79: Valor Total
C80: ADMINISTRACION | L80: =AIU!F29 -> 0.25 | M80: =L80*$O$75 -> 270143.25
C81: IMPREVISTOS | L81: =AIU!F30 -> 0.01 | M81: =L81*$O$75 -> 10805.73
C82: UTILIDAD | L82: =AIU!F31 -> 0.05 | M82: =L82*$O$75 -> 54028.65
C83: SUBTOTAL $ | O83: =SUM(M80:O82) -> 334977.63
C85: Precio Unitario Total Aproximado al peso $ | O85: =O83+O75 -> 1415550.6
D88: Elaborado por: | H88: Aprobado por:
D91: LAURA CAMILA ORDOÑEZ TEJADA | H91: MILTON STIVEN HOYOS HERMIDA
D92: ING. CIVIL APOYO PROFESIONAL | H92: SECRETARIO DE INFRAESTRUCTURA
D93: M.P 091037-0639549 CND | H93: M.P 161037-0560021 TLM

Sheet 11.15
C3: Código | D3: CCE-EICP-FM-32 | E3: Versión | F3: 1
C5: OBJETO: MANTENIMIENTO DE LA INFRAESTRUCTURA DE LAS SEDES ADMINISTRATIVAS DEL MUNICIPIO DE PITALITO
D8: ALCALDIA DE PITALITO
L9: VERSIÓN
D10: [NÚMERO DEL PROCESO]
L11: PÁGINA | M11: 1 | N11: DE | O11: 1
D13: ANALISIS DE PRECIOS UNITARIOS
L15: FECHA | M15: DD | N15: MM | O15: AA
M16: 3 | N16: 9 | O16: 2026
C21: DATOS ESPECÍFICOS
C23: ÍTEM | D23: DESCRIPCIÓN | M23: UNIDAD | O23: CANTIDAD
